Workbook
Name \a: #N/A
Name \b: #N/A
Name \C: #REF!
Name \d: #N/A
Name \e: #N/A
Name \i: #N/A
Name \p: #REF!
Name \Q: #REF!
Name \S: #REF!
Name \t: #N/A
Name \X: #REF!
Name __SAN2: #REF!
Name __SAN3: #REF!
Name _1900_Minority_Interest: #REF!
Name _1995_Asset_Sales: #REF!
Name _1995_Capex: #REF!
Name _1995_Capitalized_Interest: #REF!
Name _1995_Cash_Flow: #REF!
Name _1995_Current_Income_Tax: #REF!
Name _1995_DD_A: #REF!
Name _1995_Deferred_Income_Tax: #REF!
Name _1995_EBIT: #REF!
Name _1995_EBITDAX: #REF!
Name _1995_Exploration_Expense: #REF!
Name _1995_Interest_Expense: #REF!
Name _1995_Net_Income: #REF!
Name _1995_Other_Income: #REF!
Name _1995_Other_Non_Cash_Items: #REF!
Name _1995_Revenue: #REF!
Name _1995_Weighted_Average_Shares_Outstanding: #REF!
Name _1997E_Asset_Sales: #REF!
Name _1997E_Capex: #REF!
Name _1997E_Capitalized_Interest: #REF!
Name _1997E_Cash_Flow: #REF!
Name _1997E_Current_Income_Tax: #REF!
Name _1997E_DD_A: #REF!
Name _1997E_Deferred_Income_Tax: #REF!
Name _1997E_EBIT: #REF!
Name _1997E_EBITDAX: #REF!
Name _1997E_Exploration_Expense: #REF!
Name _1997E_Interest_Expense: #REF!
Name _1997E_Minority_Interest: #REF!
Name _1997E_Net_Income: #REF!
Name _1997E_Other_Income: #REF!
Name _1997E_Other_Non_Cash_Items: #REF!
Name _1997E_Revenue: #REF!
Name _1997E_Weighted_Average_Shares_Outstanding: #REF!
Name _1998E_Asset_Sales: #REF!
Name _1998E_Capex: #REF!
Name _1998E_Capitalized_Interest: #REF!
Name _1998E_Cash_Flow: #REF!
Name _1998E_Current_Income_Tax: #REF!
Name _1998E_DD_A: #REF!
Name _1998E_Deferred_Income_Tax: #REF!
Name _1998E_EBIT: #REF!
Name _1998E_EBITDAX: #REF!
Name _1998E_Exploration_Expense: #REF!
Name _1998E_Interest_Expense: #REF!
Name _1998E_Minority_Interest: #REF!
Name _1998E_Net_Income: #REF!

Sheet BP_BS
B2: Balanço Patrimonial | C2: Balance Sheet | D2: 1T20 | E2: 2T20 | F2: 3T20 | G2: 4T20 | H2: 1T21 | I2: 2T21 | J2: 3T21 | K2: 4T21 | L2: 1T22 | M2: 2T22 | N2: 3T22 | O2: 4T22 | P2: 1T23 | Q2: 2T23 | R2: 3T23 | S2: 4T23 | T2: 1T24 | U2: 2T24 | V2: 3T24 | W2: 4T24 | X2: 1T25 | Y2: 2T25 | Z2: 3T25 | AA2: 4T25 | AB2: 1T26 | AC2: 2T26
B4: Ativo Circulante | C4: Current Assets | D4: 1738826 | E4: 2088555 | F4: 2000763 | G4: 2143790 | H4: 2145837 | I4: 2819671 | J4: 2932105 | K4: 3434659 | L4: 3588380.3 | M4: 3650924 | N4: 3720966 | O4: 5198747 | P4: 5389396 | Q4: 5363785 | R4: 5490477 | S4: 5475713 | T4: 5519770 | U4: 7082147 | V4: =SUM(V5:V15) -> 7724295 | W4: =SUM(W5:W15) -> 7563555 | X4: =SUM(X5:X15) -> 7669136.9 | Y4: =SUM(Y5:Y15) -> 7341599.6 | Z4: =SUM(Z5:Z15) -> 7582262.7 | AA4: =SUM(AA5:AA15) -> 8728936.3 | AB4: =SUM(AB5:AB15) -> 8813059 | AC4: =SUM(AC5:AC15) -> 9101123
B5: Caixa e Aplicações | C5: Cash and cash equivalents | D5: 440705 | E5: 726763 | F5: 713378 | G5: 731669 | H5: 720033 | I5: 551225 | J5: 579944 | K5: 652433.99 | L5: 694400.86 | M5: 787366 | N5: 846176 | O5: 889159 | P5: 904215 | Q5: 928316 | R5: 943976 | S5: 989728 | T5: 1072674 | U5: 1182084 | V5: 1364345 | W5: 1468264 | X5: 1473387 | Y5: 2699316 | Z5: 2777146 | AA5: 3892614 | AB5: 3766023 | AC5: 4077675
B6: Aplicações Financeiras | C6: Financial investments | D6: 216300 | E6: 200300 | F6: 175554 | G6: 102300 | H6: 46700 | I6: 860181 | J6: 779977 | K6: 987526 | L6: 895197 | M6: 631277 | N6: 449414 | O6: 1810414 | P6: 1979200 | Q6: 1670008 | R6: 1654096 | S6: 1266682 | T6: 902480 | U6: 1215486 | V6: 1839575 | W6: 1558258 | X6: 1614198 | Y6: 0 | Z6: 0 | AA6: 0 | AB6: 0 | AC6: 0
B7: Derivativos CP | C7: Derivatives | D7: 17687 | E7: 28019 | F7: 33807 | G7: 20571 | H7: 26052 | I7: 8769 | J7: 6331 | K7: 5178.1047 | L7: 0 | M7: 0 | N7: 7950 | O7: 7519 | P7: 4928 | Q7: 2609 | R7: 1602 | S7: 0 | T7: 0 | U7: 0 | V7: 0 | W7: 0 | X7: 0 | Y7: 0 | Z7: 0 | AA7: 0 | AB7: 0 | AC7: 0
B8: Contas a Receber | C8: Trade receivables | D8: 827673 | E8: 798480 | F8: 776395 | G8: 976057 | H8: 1031053 | I8: 1109480 | J8: 1212534 | K8: 1381044.9 | L8: 1555245.3 | M8: 1748107 | N8: 1880475 | O8: 1948832 | P8: 1931245 | Q8: 2074559 | R8: 2150699 | S8: 2458492 | T8: 2744487 | U8: 3684073 | V8: 3553676 | W8: 3559218 | X8: 3600255.9 | Y8: 3737768.6 | Z8: 3947307.7 | AA8: 3895214.3 | AB8: 4050735 | AC8: 4022958
B9: Tributos a Recuperar | C9: Recoverable taxes | D9: 115524 | E9: 205957 | F9: 184662 | G9: 152498 | H9: 158303 | I9: 143593 | J9: 188826 | K9: 236440.37 | L9: 239787.9 | M9: 239028 | N9: 283960 | O9: 301974 | P9: 320173 | Q9: 344169 | R9: 356566 | S9: 343391 | T9: 385325 | U9: 452395 | V9: 486657 | W9: 508495 | X9: 483342 | Y9: 423925 | Z9: 388331 | AA9: 416782 | AB9: 401594 | AC9: 410878
B10: IR/CS a Recuperar | C10: Recoverable income tax and social contribution | D10: 82885 | E10: 79678 | F10: 76818 | G10: 119765 | H10: 122668 | I10: 109200 | J10: 114112 | K10: 124949.88 | L10: 151371.78 | M10: 188825 | N10: 197965 | O10: 196291 | P10: 203519 | Q10: 242019 | R10: 220364 | S10: 235446 | T10: 227036 | U10: 214744 | V10: 151049 | W10: 146373 | X10: 158747 | Y10: 176312 | Z10: 138990 | AA10: 158485 | AB10: 227515 | AC10: 256034
B11: Outros Créditos | C11: Other assets | D11: 7985 | E11: 7076 | F11: 1862 | G11: 3067 | H11: 2359 | I11: 2533 | J11: 8770 | K11: 4330 | L11: 11999.482 | M11: 10400 | N11: 5741 | O11: 4262 | P11: 4807 | Q11: 4753 | R11: 4789 | S11: 169721 | T11: 176275 | U11: 232549 | V11: 216327 | W11: 207281 | X11: 222223 | Y11: 164516 | Z11: 178527 | AA11: 207731 | AB11: 179599 | AC11: 146452
B12: Adiantamentos | C12: Advanced payments | D12: 4890 | E12: 19491 | F12: 15170 | G12: 9616 | H12: 6288 | I12: 7043 | J12: 13646 | K12: 17112.737 | L12: 17350.002 | M12: 18523 | N12: 19468 | O12: 12661 | P12: 16288 | Q12: 70580 | R12: 134241 | S12: 0 | T12: 0 | U12: 0 | V12: 0 | W12: 0 | X12: 0 | Y12: 0 | Z12: 0 | AA12: 0 | AB12: 0 | AC12: 0
B13: Despesas antecipadas | C13: Prepaid expenses | D13: 21170 | E13: 18874 | F13: 17923 | G13: 21463 | H13: 26567 | I13: 20819 | J13: 21241 | K13: 18723 | L13: 16209.799 | M13: 20257 | N13: 17599 | O13: 15588 | P13: 13404 | Q13: 14859 | R13: 13146 | S13: 0 | T13: 0 | U13: 0 | V13: 0 | W13: 0 | X13: 0 | Y13: 0 | Z13: 0 | AA13: 0 | AB13: 0 | AC13: 0
B14: Estoques | C14: Inventories | D14: 4007 | E14: 3917 | F14: 5194 | G14: 6784 | H14: 5814 | I14: 6828 | J14: 6724 | K14: 6920 | L14: 6818.2042 | M14: 7141 | N14: 12218 | O14: 12047 | P14: 11617 | Q14: 11913 | R14: 10998 | S14: 12253 | T14: 11493 | U14: 100816 | V14: 107646 | W14: 110546 | X14: 112445 | Y14: 135195 | Z14: 147343 | AA14: 153729 | AB14: 182324 | AC14: 181781
B15: Empréstimos a Receber | C15: Loans receivables | H15: 0 | I15: 0 | J15: 0 | K15: 0 | L15: 0 | M15: 0 | N15: 0 | O15: 0 | P15: 0 | Q15: 0 | R15: 0 | S15: 0 | T15: 0 | U15: 0 | V15: 5020 | W15: 5120 | X15: 4539 | Y15: 4567 | Z15: 4618 | AA15: 4381 | AB15: 5269 | AC15: 5345
B16: Realizável a Longo Prazo | C16: Long-term receivables | D16: 431901 | E16: 466083 | F16: 501372 | G16: 629338 | H16: 643455 | I16: 632229 | J16: 646411 | K16: 786559.27 | L16: 815675.39 | M16: 895844 | N16: 961596 | O16: 967111 | P16: 1030516 | Q16: 1074258 | R16: 1104864 | S16: 1081334 | T16: 1135946 | U16: 1696265 | V16: =SUM(V17:V23) -> 2017094 | W16: =SUM(W17:W23) -> 2029910 | X16: =SUM(X17:X23) -> 2052927 | Y16: =SUM(Y17:Y23) -> 2133446 | Z16: =SUM(Z17:Z23) -> 2207896 | AA16: =SUM(AA17:AA23) -> 2229513 | AB16: =SUM(AB17:AB23) -> 2191318 | AC16: =SUM(AC17:AC23) -> 2237726
B17: Aplicações financeiras | C17: Financial investments | D17: 249 | E17: 249 | F17: 249 | G17: 249 | H17: 1499 | I17: 249 | J17: 249 | K17: 252.26614 | L17: 272.99792 | M17: 366 | N17: 366 | O17: 366 | P17: 366 | Q17: 366 | R17: 0 | S17: 0 | T17: 0 | U17: 8 | V17: 0 | W17: 0 | X17: 0 | Y17: 0 | Z17: 0 | AA17: 0 | AB17: 12368 | AC17: 13992
B18: Derivativos LP | C18: Derivative financial instruments | D18: 36077 | E18: 36620 | F18: 33250 | G18: 22805 | H18: 22172 | I18: 1623 | J18: 18626 | K18: 23740 | L18: 0 | M18: 6856 | N18: 6952 | O18: 2684 | P18: 0 | Q18: 0 | R18: 0 | S18: 0 | T18: 0 | U18: 10087 | V18: 37277 | W18: 119701 | X18: 86899 | Y18: 51439 | Z18: 31477 | AA18: 50765 | AB18: 4630 | AC18: 0
B19: Contas a Receber de Clientes | C19: Trade receivables | D19: 44008 | E19: 53362 | F19: 61068 | G19: 64512 | H19: 62000 | I19: 65685 | J19: 62038 | K19: 57642 | L19: 57816.853 | M19: 69575 | N19: 72806 | O19: 73294 | P19: 75006 | Q19: 79383 | R19: 87438 | S19: 101088 | T19: 104459 | U19: 111386 | V19: 118624 | W19: 113904 | X19: 108913 | Y19: 115068 | Z19: 122663 | AA19: 124180 | AB19: 110696 | AC19: 126996
B20: Depósitos Judiciais | C20: Judicial deposits | D20: 93035 | E20: 88367 | F20: 89549 | G20: 116216 | H20: 119972 | I20: 123015 | J20: 128354 | K20: 136702 | L20: 156686.41 | M20: 164610 | N20: 180977 | O20: 191885 | P20: 206162 | Q20: 205784 | R20: 206907 | S20: 185503 | T20: 185839 | U20: 438340 | V20: 447110 | W20: 437917 | X20: 461536 | Y20: 465435 | Z20: 487720 | AA20: 487527 | AB20: 490805 | AC20: 505155
B21: Ativo Indenizatório | C21: Indemnity assets | D21: 47734 | E21: 61085 | F21: 77054 | G21: 103508 | H21: 100836 | I21: 95446 | J21: 88534 | K21: 126966 | L21: 123226.23 | M21: 129465 | N21: 129699 | O21: 135983 | P21: 163039 | Q21: 164838 | R21: 163065 | S21: 159076 | T21: 178800 | U21: 173238 | V21: 389505 | W21: 397577 | X21: 398706 | Y21: 400471 | Z21: 405208 | AA21: 379922 | AB21: 384665 | AC21: 462012
B22: IR e CSLL Diferidos + Impostos a recuperar | C22: Recoverable income tax and social contribution | D22: 199743 | E22: 212445 | F22: 226073 | G22: 308479 | H22: 313607 | I22: 322237 | J22: 327510 | K22: 419516 | L22: 455253.55 | M22: 499786 | N22: 544966 | O22: 536041 | P22: 565050 | Q22: 603329 | R22: 626497 | S22: 614288 | T22: 639142 | U22: 935943 | V22: 996930 | W22: 932635 | X22: 974264 | Y22: 1078272 | Z22: 1137831 | AA22: 1165292 | AB22: 1157434 | AC22: 1098528
B23: Empréstimos a Receber | C23: Loans receivables | D23: 11055 | E23: 13955 | F23: 14129 | G23: 13569 | H23: 23369 | I23: 23974 | J23: 21100 | K23: 21741 | L23: 22419.349 | M23: 25186 | N23: 25830 | O23: 26858 | P23: 20893 | Q23: 20558 | R23: 20957 | S23: 21379 | T23: 27706 | U23: 27263 | V23: 27648 | W23: 28176 | X23: 22609 | Y23: 22761 | Z23: 22997 | AA23: 21827 | AB23: 30720 | AC23: 31043
B24: Permanente | C24: Long-term assets | D24: 1358592 | E24: 1349608 | F24: 1335847 | G24: 1709239 | H24: 1719554 | I24: 1696782 | J24: 1975602 | K24: 2381695 | L24: 2354814.1 | M24: 2587576 | N24: 2815164 | O24: 2830641 | P24: 2917980 | Q24: 2900109 | R24: 3075372 | S24: 3462015 | T24: 3870379 | U24: 4811495 | V24: =SUM(V25:V28) -> 4735229 | W24: =SUM(W25:W28) -> 4776948 | X24: =SUM(X25:X28) -> 4760098 | Y24: =SUM(Y25:Y28) -> 4742026 | Z24: =SUM(Z25:Z28) -> 4582026 | AA24: =SUM(AA25:AA28) -> 4662795 | AB24: =SUM(AB25:AB28) -> 4627037 | AC24: =SUM(AC25:AC28) -> 4591046
B25: Investimentos | C25: Investments | D25: 216 | E25: 216 | F25: 7107 | G25: 0 | H25: 0 | I25: 4376 | J25: 4500 | K25: 105537 | L25: 31609.578 | M25: 104873 | N25: 0 | O25: 2500 | P25: 0 | Q25: 6829 | R25: 79135 | S25: 8263 | T25: 0 | U25: 0 | V25: 0 | W25: 0 | X25: 4000 | Y25: 0 | Z25: 0 | AA25: 0 | AB25: 0 | AC25: 4350
B26: Imobilizado | C26: Property and equipment | D26: 144896 | E26: 147270 | F26: 150507 | G26: 213388 | H26: 226557 | I26: 229561 | J26: 257189 | K26: 272633 | L26: 270920.35 | M26: 317545 | N26: 400508 | O26: 407474 | P26: 430730 | Q26: 438771 | R26: 459895 | S26: 476734 | T26: 583051 | U26: 688821 | V26: 727847 | W26: 738098 | X26: 757811 | Y26: 773183 | Z26: 786649 | AA26: 801809 | AB26: 807442 | AC26: 824831
B27: Direito de Uso - IFRS16 | C27: Right-of-use assets | D27: 40177 | E27: 39215 | F27: 33174 | G27: 45321 | H27: 57411 | I27: 39331 | J27: 43373 | K27: 39866 | L27: 51205.916 | M27: 62909 | N27: 66687 | O27: 68846 | P27: 63918 | Q27: 57518 | R27: 156241 | S27: 289702 | T27: 286853 | U27: 292123 | V27: 279442 | W27: 282830 | X27: 275762 | Y27: 212745 | Z27: 85001 | AA27: 99200 | AB27: 108391 | AC27: 97131
B28: Intangível | C28: Intangible assets | D28: 1173303 | E28: 1162907 | F28: 1145059 | G28: 1450530 | H28: 1435586 | I28: 1423514 | J28: 1670540 | K28: 1963659 | L28: 2001078.3 | M28: 2102249 | N28: 2347969 | O28: 2351821 | P28: 2423332 | Q28: 2396991 | R28: 2380101 | S28: 2687316 | T28: 3000475 | U28: 3830551 | V28: 3727940 | W28: 3756020 | X28: 3722525 | Y28: 3756098 | Z28: 3710376 | AA28: 3761786 | AB28: 3711204 | AC28: 3664734
B29: Ativo Total | C29: Total Assets | D29: 3529319 | E29: 3904246 | F29: 3837982 | G29: 4482367 | H29: 4508846 | I29: 5148682 | J29: 5554118 | K29: 6602913.3 | L29: 6758869.8 | M29: 7134344 | N29: 7497726 | O29: 8996499 | P29: 9337892 | Q29: 9338152 | R29: 9670713 | S29: 10019062 | T29: 10526095 | U29: 13589907 | V29: =V4+V16+V24 -> 14476618 | W29: =W4+W16+W24 -> 14370413 | X29: =X4+X16+X24 -> 14482162 | Y29: =Y4+Y16+Y24 -> 14217072 | Z29: =Z4+Z16+Z24 -> 14372185 | AA29: =AA4+AA16+AA24 -> 15621244 | AB29: =AB4+AB16+AB24 -> 15631414 | AC29: =AC4+AC16+AC24 -> 15929895
B31: Passivo Circulante | C31: Current Liabilities | D31: 1036338 | E31: 1354828 | F31: 1251210 | G31: 1755140 | H31: 1596797 | I31: 1163116 | J31: 1487018 | K31: 1516012 | L31: 1584968.8 | M31: 1799595 | N31: 1963837 | O31: 1960993 | P31: 2070554 | Q31: 2043049 | R31: 2238884 | S31: 2450842 | T31: 2522643 | U31: 3138785 | V31: =SUM(V32:V43) -> 3312012 | W31: =SUM(W32:W43) -> 3162289 | X31: =SUM(X32:X43) -> 3278529.9 | Y31: =SUM(Y32:Y43) -> 3153728.6 | Z31: =SUM(Z32:Z43) -> 3567097.7 | AA31: =SUM(AA32:AA43) -> 2931380.3 | AB31: =SUM(AB32:AB43) -> 2722959 | AC31: =SUM(AC32:AC43) -> 3170771
B32: Empréstimos e Financiamentos | C32: Loans | D32: 205134 | E32: 348107 | F32: 341189 | G32: 327552 | H32: 317250 | I32: 176137 | J32: 218414 | K32: 199405 | L32: 175419.08 | M32: 184751 | N32: 192391 | O32: 199243 | P32: 187946 | Q32: 177165 | R32: 175053 | S32: 169079 | T32: 156990 | U32: 148430 | V32: 146132 | W32: 86532 | X32: 122604 | Y32: 124602 | Z32: 115736 | AA32: 33085 | AB32: 41930 | AC32: 45015
B33: Debentures | C33: Debentures | D33: 5025 | E33: 3956 | F33: 3285 | G33: 3246 | H33: 25166 | I33: 50465 | J33: 75944 | K33: 107734 | L33: 125972.11 | M33: 130653 | N33: 132068 | O33: 129568 | P33: 209039 | Q33: 246507 | R33: 283577 | S33: 309447 | T33: 302515 | U33: 297929 | V33: 338178 | W33: 339054 | X33: 440129 | Y33: 541979 | Z33: 645811 | AA33: 177633 | AB33: 138970 | AC33: 134308
B34: Arrendamento Mercantil - IFRS 16 | C34: Leases payable | D34: 14845 | E34: 12790 | F34: 13051 | G34: 16880 | H34: 19339 | I34: 15527 | J34: 18637 | K34: 17131 | L34: 17842.732 | M34: 24048 | N34: 30961 | O34: 28081 | P34: 27155 | Q34: 24711 | R34: 41126 | S34: 63316 | T34: 62516 | U34: 72572 | V34: 69304 | W34: 76406 | X34: 73377 | Y34: 64658 | Z34: 33366 | AA34: 36083 | AB34: 36185 | AC34: 28647
B35: Derivativos CP | C35: Derivative financial instruments | D35: 0 | E35: 0 | F35: 0 | G35: 0 | H35: 0 | I35: 0 | J35: 0 | K35: 0 | L35: 9968.9335 | M35: 5631 | N35: 11219 | O35: 10344 | P35: 10573 | Q35: 11910 | R35: 9234 | S35: 10764 | T35: 7657 | U35: 11916 | V35: 45150 | W35: 54648 | X35: 64976 | Y35: 68924 | Z35: 65571 | AA35: 62450 | AB35: 64312 | AC35: 62353
B36: Fornecedores | C36: Trade payables | D36: 80264 | E36: 123269 | F36: 74112 | G36: 77581 | H36: 73778 | I36: 71952 | J36: 77704 | K36: 100877 | L36: 94056.821 | M36: 100600 | N36: 102931 | O36: 124732 | P36: 110746 | Q36: 79199 | R36: 134171 | S36: 173197 | T36: 171810 | U36: 545815 | V36: 503510 | W36: 528693 | X36: 455179.85 | Y36: 390131.65 | Z36: 421490.68 | AA36: 455084.27 | AB36: 464556 | AC36: 443948
B37: Salários e Encargos sociais | C37: Payroll and social charges | D37: 556195 | E37: 702291 | F37: 676861 | G37: 597904 | H37: 603781 | I37: 691825 | J37: 849520 | K37: 802100 | L37: 890463.64 | M37: 1027126 | N37: 1154984 | O37: 967540 | P37: 1016588 | Q37: 1114296 | R37: 1216646 | S37: 1124275 | T37: 1216020 | U37: 1563107 | V37: 1665493 | W37: 1398019 | X37: 1430203 | Y37: 1601829 | Z37: 1789796 | AA37: 1456253 | AB37: 1527589 | AC37: 1954301
B38: IR e CSLL a Recolher | C38: Income tax and social contribution payable | D38: 7621 | E38: 25193 | F38: 19157 | G38: 20515 | H38: 16152 | I38: 28684 | J38: 36227 | K38: 42561 | L38: 29989.379 | M38: 45115 | N38: 40687 | O38: 65896 | P38: 44913 | Q38: 104954 | R38: 57116 | S38: 32796 | T38: 35524 | U38: 58567 | V38: 43906 | W38: 26933 | X38: 33299 | Y38: 33566 | Z38: 34909 | AA38: 12997 | AB38: 10197 | AC38: 11875
B39: Obrigações Tributárias | C39: Tax obligations | D39: 44302 | E39: 60383 | F39: 65901 | G39: 72865 | H39: 71011 | I39: 39363 | J39: 75290 | K39: 110322 | L39: 101356.06 | M39: 136118 | N39: 159873 | O39: 154702 | P39: 153752 | Q39: 107227 | R39: 110432 | S39: 121689 | T39: 136747 | U39: 174013 | V39: 175013 | W39: 169783 | X39: 177212 | Y39: 185202 | Z39: 190909 | AA39: 191830 | AB39: 196252 | AC39: 199335
B40: Parcelamento de Tributos | C40: Tax installments | D40: 4531 | E40: 4893 | F40: 6018 | G40: 5151 | H40: 4999 | I40: 10186 | J40: 9593 | K40: 14908 | L40: 19231.961 | M40: 18670 | N40: 20883 | O40: 21862 | P40: 22452 | Q40: 22011 | R40: 21852 | S40: 21882 | T40: 23197 | U40: 39713 | V40: 26560 | W40: 25431 | X40: 29218 | Y40: 29797 | Z40: 25290 | AA40: 28450 | AB40: 23003 | AC40: 27058
B41: Aquisição de controladas | C41: Acquisition of subsidiaries | D41: 52709 | E41: 30705 | F41: 30927 | G41: 206064 | H41: 90680 | I41: 59162 | J41: 99518 | K41: 85295 | L41: 90107.525 | M41: 103969 | N41: 91055 | O41: 96749 | P41: 130376 | Q41: 113903 | R41: 149677 | S41: 151349 | T41: 152980 | U41: 155791 | V41: 251064 | W41: 246458 | X41: 248400 | Y41: 61255 | Z41: 202190 | AA41: 177086 | AB41: 149191 | AC41: 137412
B42: Dividendos a Pagar | C42: Dividends payable | D42: 49070 | E42: 26240 | F42: 2415 | G42: 400000 | H42: 352500 | I42: 0 | J42: 0 | K42: 0.04451 | L42: 0 | M42: 0 | N42: 0 | O42: 122712 | P42: 122712 | Q42: 146 | R42: 1568 | S42: 215094 | T42: 215094 | U42: 1114 | V42: 1056 | W42: 161515 | X42: 158515 | Y42: 1057 | Z42: 1057 | AA42: 223306 | AB42: 3315 | AC42: 2258
B43: Outras Contas a Pagar | C43: Other liabilities | D43: 16642 | E43: 17001 | F43: 18294 | G43: 27382 | H43: 22141 | I43: 19815 | J43: 26171 | K43: 35679 | L43: 30560.522 | M43: 22914 | N43: 26785 | O43: 39564 | P43: 34302 | Q43: 41020 | R43: 38432 | S43: 57954 | T43: 41593 | U43: 69818 | V43: 46646 | W43: 48817 | X43: 45417 | Y43: 50728 | Z43: 40972 | AA43: 77123 | AB43: 67459 | AC43: 124261
B44: Exigível de Longo Prazo | C44: Non-current liabilities | D44: 1589341 | E44: 1566773 | F44: 1541282 | G44: 1988520 | H44: 2028881 | I44: 1978924 | J44: 1898731 | K44: 2890296.2 | L44: 2888282.4 | M44: 2917929 | N44: 3021164 | O44: 4443241 | P44: 4528544 | Q44: 4480538 | R44: 4477517 | S44: 4579939 | T44: 4830108 | U44: 7163421 | V44: =SUM(V45:V53) -> 7718066 | W44: =SUM(W45:W53) -> 7717775 | X44: =SUM(X45:X53) -> 7518249 | Y44: =SUM(Y45:Y53) -> 7309457 | Z44: =SUM(Z45:Z53) -> 6891494 | AA44: =SUM(AA45:AA53) -> 8713923 | AB44: =SUM(AB45:AB53) -> 8757708 | AC44: =SUM(AC45:AC53) -> 8233999
B45: Empréstimos e Financiamentos | C45: Loans | D45: 552891 | E45: 505706 | F45: 474485 | G45: 616629 | H45: 648076 | I45: 650363 | J45: 627301.44 | K45: 613293 | L45: 542690.64 | M45: 517543 | N45: 475933 | O45: 435681 | P45: 388937 | Q45: 337729 | R45: 299716 | S45: 267663 | T45: 233335 | U45: 408513 | V45: 860906 | W45: 1005675 | X45: 882399 | Y45: 819309 | Z45: 786101 | AA45: 753386 | AB45: 703480 | AC45: 681901
B46: Debentures | C46: Debentures | D46: 500000 | E46: 500000 | F46: 500000 | G46: 500000 | H46: 478157 | I46: 454183 | J46: 430351 | K46: 1144473 | L46: 1118265.6 | M46: 1093646 | N46: 1069741 | O46: 2531632 | P46: 2470284 | Q46: 2409069 | R46: 2347896 | S46: 2284302 | T46: 2223384 | U46: 3896429 | V46: 3836037 | W46: 3776031 | X46: 3621978 | Y46: 3467856 | Z46: 3313783 | AA46: 5256885 | AB46: 5259481 | AC46: 5262220
B47: Arrendamento Mercantil - IFRS 16 | C47: Leases payable | D47: 26522 | E47: 27749 | F47: 21748 | G47: 30262 | H47: 39943 | I47: 24720 | J47: 26234 | K47: 24814 | L47: 33762.727 | M47: 39610 | N47: 36662 | O47: 41814 | P47: 37873 | Q47: 34749 | R47: 118663 | S47: 239259 | T47: 238362 | U47: 237424 | V47: 229895 | W47: 228305 | X47: 227164 | Y47: 172507 | Z47: 62967 | AA47: 74757 | AB47: 85244 | AC47: 81988
B48: Derivativos LP | C48: Derivative financial instruments | D48: 0 | E48: 0 | F48: 0 | G48: 0 | H48: 0 | I48: 0 | J48: 0 | K48: 0 | L48: 2322.213 | M48: 0 | N48: 0 | O48: 0 | P48: 2089 | Q48: 7073 | R48: 3254 | S48: 4824 | T48: 2591 | U48: 0 | V48: 0 | W48: 0 | X48: 0 | Y48: 0 | Z48: 1533 | AA48: 0 | AB48: 3679 | AC48: 12752
B49: Parcelamento de Tributos | C49: Tax installments | D49: 18580 | E49: 17552 | F49: 16692 | G49: 17206 | H49: 15822 | I49: 24090 | J49: 28980 | K49: 47603 | L49: 39665.876 | M49: 42188 | N49: 45864 | O49: 46008 | P49: 43242 | Q49: 40670 | R49: 36895 | S49: 36798 | T49: 44245 | U49: 49727 | V49: 53340 | W49: 49305 | X49: 46704 | Y49: 46387 | Z49: 46151 | AA49: 45474 | AB49: 44682 | AC49: 35070
B50: Provisão para Contingências | C50: Provision for contingencies and sub judice taxes | D50: 113345 | E50: 129999 | F50: 149652 | G50: 322432 | H50: 337150 | I50: 346104 | J50: 403184.07 | K50: 564058.7 | L50: 604711.56 | M50: 654656.25 | N50: 1209347 | O50: 1197720 | P50: 1385835 | Q50: 1451266 | R50: 1500467 | S50: 1491898 | T50: 1650301 | U50: 2239561 | V50: 2492094 | W50: 2415173 | X50: 2490890 | Y50: 2585001 | Z50: 2612527 | AA50: 2520395 | AB50: 2596846 | AC50: 2092315
B51: Aquisição de controladas | C51: Acquisition of subsidiaries | D51: 265921 | E51: 272583 | F51: 264660 | G51: 261027 | H51: 265888 | I51: 234832 | J51: 80374 | K51: 91606 | L51: 122776.48 | M51: 103539 | N51: 175577 | O51: 184336 | P51: 191379 | Q51: 185168 | R51: 156438 | S51: 241610 | T51: 434870 | U51: 278536 | V51: 190414 | W51: 195352 | X51: 200628 | Y51: 174611 | Z51: 32745 | AA51: 40039 | AB51: 41303 | AC51: 42651
B52: Tributos sob júdice | C52: Sub judice taxes | D52: 112082 | E52: 113184 | F52: 114045 | G52: 235713 | H52: 243845 | I52: 244632 | J52: 293595.49 | K52: 396225.51 | L52: 417980.07 | M52: 459838.75 | N52: 0 | O52: 0 | P52: 0 | Q52: 0 | R52: 0 | S52: 0 | T52: 0 | U52: 0 | V52: 0 | W52: 0 | X52: 0 | Y52: 0 | Z52: 0 | AA52: 0 | AB52: 0 | AC52: =0 -> 0
B53: Outras contas a pagar | C53: Other liabilities | D53: 0 | E53: 0 | F53: 0 | G53: 5251 | H53: 0 | I53: 0 | J53: 8711 | K53: 8223 | L53: 6107.2901 | M53: 6908 | N53: 8040 | O53: 6050 | P53: 8905 | Q53: 14814 | R53: 14188 | S53: 13585 | T53: 3020 | U53: 53231 | V53: 55380 | W53: 47934 | X53: 48486 | Y53: 43786 | Z53: 35687 | AA53: 22987 | AB53: 22993 | AC53: 25102
B54: Patrimônio Líquido | C54: Shareholders Equity | D54: 903640 | E54: 982645 | F54: 1045490 | G54: 738707 | H54: 883168 | I54: 2006642 | J54: 2168369 | K54: 2196605 | L54: 2285618.6 | M54: 2416820 | N54: 2512725 | O54: 2592265 | P54: 2738794 | Q54: 2814565 | R54: 2954312 | S54: 2988281 | T54: 3173344 | U54: 3287701 | V54: =SUM(V55:V60) -> 3446540 | W54: =SUM(W55:W60) -> 3490349 | X54: =SUM(X55:X60) -> 3685383 | Y54: =SUM(Y55:Y60) -> 3753886 | Z54: =SUM(Z55:Z60) -> 3913593 | AA54: =SUM(AA55:AA60) -> 3975941 | AB54: =SUM(AB55:AB60) -> 4150747 | AC54: =SUM(AC55:AC60) -> 4525125
B55: Capital Social | C55: Share capital | D55: 403992 | E55: 491345 | F55: 491345 | G55: 499044.69 | H55: 591599 | I55: 1673850 | J55: 1615382 | K55: 1615382 | L55: 1673849.6 | M55: 1648808 | N55: 1648808 | O55: 1648808 | P55: 1679699 | Q55: 1679699 | R55: 1679699 | S55: 1679699 | T55: 1728341 | U55: 1928341 | V55: 1928341 | W55: 1928341 | X55: 1961116 | Y55: 1961116 | Z55: 1961116 | AA55: 3332791 | AB55: 3372181 | AC55: 3372181
B56: Reserva de Lucros | C56: Earnings reserve | D56: 549539 | E56: 542076 | F56: 607533 | G56: 269655 | H56: 340591 | I56: 371287 | J56: 519737 | K56: 537878 | L56: 631242.16 | M56: 733069 | N56: 851778 | O56: 931849 | P56: 1052709 | Q56: 1128885 | R56: 1270946 | S56: 1306947 | T56: 1444614 | U56: 1373005 | V56: 1518758 | W56: 1528501 | X56: 1673899 | Y56: 1793176 | Z56: 1947437 | AA56: 615579 | AB56: 738171 | AC56: 1114885
B57: Dividendos adicionais propostos | C57: Additional dividends proposed | D57: -809 | E57: -809 | F57: -809 | G57: -808.68784 | H57: 0 | I57: 0 | J57: 0 | K57: 0 | L57: -58467.556 | M57: 0 | N57: 0 | O57: 0 | P57: 0 | Q57: 0 | R57: 0 | S57: 0 | T57: 0 | U57: 0 | V57: 0 | W57: 63042 | X57: 63042 | Y57: 0 | Z57: 0 | AA57: 0 | AB57: 0 | AC57: 0
B58: Outros Resultados Abrangentes | C58: Other comprehensive income | D58: 0 | E58: 0 | F58: 0 | G58: 0 | H58: 0 | I58: 0 | J58: 8285 | K58: 8294 | L58: 5188.6641 | M58: 4073 | N58: 3868 | O58: 6461 | P58: 3006 | Q58: 4172 | R58: 5257 | S58: 5920 | T58: 6325 | U58: 1914 | V58: 9830 | W58: -17422 | X58: 905 | Y58: -2035 | Z58: 1301 | AA58: -218 | AB58: -9248 | AC58: -11646
B59: Ajustes de Avaliação Patrimonial | C59: Equity valuation adjustments | D59: -62619 | E59: -57985 | F59: -60595 | G59: -71400 | H59: -49025 | I59: -38495 | J59: 23315 | K59: 33558 | L59: 32287.919 | M59: 29252 | N59: 6468 | O59: 3266 | P59: 1176 | Q59: -989 | R59: -7238 | S59: -10301 | T59: -13473 | U59: -24781 | V59: -21353 | W59: -25232 | X59: -28465 | Y59: -14773 | Z59: -13175 | AA59: 2486 | AB59: 21074 | AC59: 21074
B60: Participação não controladores | C60: Non-controlling interest | D60: 4 | E60: 4 | F60: 2 | G60: -1 | H60: 3 | I60: 0 | J60: 1650 | K60: 1493 | L60: 1517.8176 | M60: 1618 | N60: 1803 | O60: 1881 | P60: 2204 | Q60: 2798 | R60: 5648 | S60: 6016 | T60: 7537 | U60: 9222 | V60: 10964 | W60: 13119 | X60: 14886 | Y60: 16402 | Z60: 16914 | AA60: 25303 | AB60: 28569 | AC60: 28631
B61: Passivo Total | C61: Total liabilities and equity | D61: 3529319 | E61: 3904246 | F61: 3837982 | G61: 4482367 | H61: 4508846 | I61: 5148682 | J61: 5554118 | K61: 6602913.3 | L61: 6758869.8 | M61: 7134344 | N61: 7497726 | O61: 8996499 | P61: 9337892 | Q61: 9338152 | R61: 9670713 | S61: 10019062 | T61: 10526095 | U61: 13589907 | V61: =V54+V44+V31 -> 14476618 | W61: =W54+W44+W31 -> 14370413 | X61: =X54+X44+X31 -> 14482162 | Y61: =Y54+Y44+Y31 -> 14217072 | Z61: =Z54+Z44+Z31 -> 14372185 | AA61: =AA54+AA44+AA31 -> 15621244 | AB61: =AB54+AB44+AB31 -> 15631414 | AC61: =AC54+AC44+AC31 -> 15929895

Sheet DRE ABERTO old (DF)_Income St
B2: DRE | C2: Income Statement | E2: 1T22 | F2: 2T22 | G2: 3T22 | H2: 4T22 | I2: 2022 | J2: 1T23 | K2: 2T23 | L2: 3T23 | M2: 4T23 | N2: 2023 | O2: 1T24 | P2: 2T24 | Q2: 3T24 | R2: 4T24 | S2: 2024 | T2: 1T25 | U2: 2T25 | V2: 3T25 | W2: 4T25 | X2: 2025 | Y2: 1T26 | Z2: 2T26 | AA2: 1S26
B3: Receita bruta | C3: Net Revenue | E3: 2278579.3 | F3: 2435125.9 | G3: 2641906.8 | H3: 2693045.6 | I3: =SUM(E3:H3) -> 10048658 | J3: 2732887.2 | K3: 2837028.6 | L3: 2827077.4 | M3: 3111383.9 | N3: =L3+K3+J3+M3 -> 11508377 | O3: 3324751.1 | P3: 3767757.5 | Q3: 4418306.8 | R3: 4391276.1 | S3: =SUM(O3:R3) -> 15902091 | T3: 4449043 | U3: 4642735.6 | V3: 4828551.4 | W3: 4769885.5 | X3: =SUM(T3:W3) -> 18690216 | Y3: 4846421.3 | Z3: 4960896.1 | AA3: =SUM(Y3:Z3) -> 9807317.4
B4: (-) Impostos | C4: (-) Taxes | E4: -196977.67 | F4: -210202.29 | G4: -215350.39 | H4: -207443.41 | I4: =SUM(E4:H4) -> -829973.76 | J4: -205261.77 | K4: -227002.2 | L4: -198358.5 | M4: -246600.87 | N4: =L4+K4+J4+M4 -> -877223.34 | O4: -252721.17 | P4: -274849.64 | Q4: -305563.47 | R4: -294588.15 | S4: =SUM(O4:R4) -> -1127722.4 | T4: -344956.46 | U4: -344363.22 | V4: -366227.63 | W4: -351509.1 | X4: =SUM(T4:W4) -> -1407056.4 | Y4: -362537.15 | Z4: -363060.18 | AA4: =SUM(Y4:Z4) -> -725597.34
B5: Receita líquida | C5: Net Revenue | E5: =E3+E4 -> 2081601.6 | F5: =F3+F4 -> 2224923.6 | G5: =G3+G4 -> 2426556.4 | H5: =H3+H4 -> 2485602.2 | I5: =SUM(E5:H5) -> 9218683.8 | J5: =J3+J4 -> 2527625.4 | K5: =K3+K4 -> 2610026.4 | L5: =L3+L4 -> 2628718.9 | M5: =M3+M4 -> 2864783.1 | N5: =L5+K5+J5+M5 -> 10631154 | O5: =O3+O4 -> 3072029.9 | P5: =P3+P4 -> 3492907.9 | Q5: =Q3+Q4 -> 4112743.3 | R5: =R3+R4 -> 4096687.9 | S5: =SUM(O5:R5) -> 14774369 | T5: =T3+T4 -> 4104086.6 | U5: =U3+U4 -> 4298372.4 | V5: =V3+V4 -> 4462323.8 | W5: =W3+W4 -> 4418376.4 | X5: =SUM(T5:W5) -> 17283159 | Y5: =Y3+Y4 -> 4483884.1 | Z5: =Z3+Z4 -> 4597835.9 | AA5: =SUM(Y5:Z5) -> 9081720
B6: Custo dos serviços prestados | C6: Costs of services rendered and goods sold | E6: =SUM(E7:E22)+SUM(E56:E57) -> -1775248.2 | F6: =SUM(F7:F22)+SUM(F56:F57) -> -1869889.4 | G6: =SUM(G7:G22)+SUM(G56:G57) -> -2013880.8 | H6: =SUM(H7:H22)+SUM(H56:H57) -> -2034431 | I6: =SUM(E6:H6) -> -7693449.4 | J6: =SUM(J7:J22)+SUM(J56:J57) -> -2102575 | K6: =SUM(K7:K22)+SUM(K56:K57) -> -2157363.2 | L6: =SUM(L7:L22)+SUM(L56:L57) -> -2176240.8 | M6: =SUM(M7:M22)+SUM(M56:M57) -> -2357607 | N6: =L6+K6+J6+M6 -> -8793786 | O6: =SUM(O7:O22)+SUM(O56:O57) -> -2563617.1 | P6: =SUM(P7:P22)+SUM(P56:P57) -> -2948534.9 | Q6: =SUM(Q7:Q22)+SUM(Q56:Q57) -> -3500022 | R6: =SUM(R7:R22)+SUM(R55) -> -3525842 | S6: =SUM(O6:R6) -> -12538016 | T6: =SUM(T7:T22)+SUM(T55) -> -3493833 | U6: =SUM(U7:U22)+SUM(U55) -> -3689256.7 | V6: =SUM(V7:V22)+SUM(V55) -> -3804201.3 | W6: =SUM(W7:W22)+SUM(W55) -> -3767596.9 | X6: =SUM(T6:W6) -> -14754888 | Y6: =SUM(Y7:Y22)+SUM(Y55) -> -3813385.1 | Z6: =SUM(Z7:Z22)+SUM(Z55) -> -3929097.9 | AA6: =SUM(AA7:AA22)+SUM(AA55) -> -7742483
B7: Custos com pessoal | C7: Personnel Costs | E7: -1318431.6 | F7: -1339079.9 | G7: -1429185.5 | H7: -1450472.4 | I7: -5537169.5 | J7: -1493640.8 | K7: -1496340.3 | L7: -1503539.7 | M7: -1658558.4 | N7: -6152079.3 | O7: -1754605.4 | P7: -1869779 | Q7: -2040231.5 | R7: -2075689.6 | S7: =SUM(O7:R7) -> -7740305.5 | T7: -2073158.5 | U7: -2151690.1 | V7: -2180350.1 | W7: -2165314.7 | X7: =SUM(T7:W7) -> -8570513.3 | Y7: -2237637.1 | Z7: -2287047.2 | AA7: =SUM(Y7:Z7) -> -4524684.3
B8: Benefícios | C8: Benefits | E8: -224179.68 | F8: -252513.96 | G8: -267574.32 | H8: -276286.01 | I8: -1020554 | J8: -275607.4 | K8: -288532.73 | L8: -297382.66 | M8: -333268.88 | N8: -1194791.7 | O8: -350591.14 | P8: -394009.12 | Q8: -434087.82 | R8: -455075.23 | S8: =SUM(O8:R8) -> -1633763.3 | T8: -435448.24 | U8: -468168 | V8: -484239.11 | W8: -484986.66 | X8: =SUM(T8:W8) -> -1872842 | Y8: -472096.73 | Z8: -487704.06 | AA8: =SUM(Y8:Z8) -> -959800.8
B9: Locações | C9: Rentals | E9: -48916.271 | F9: -50785.733 | G9: -57538.847 | H9: -58404.146 | I9: -215645 | J9: -63741.647 | K9: -69677.956 | L9: -71265.343 | M9: -85381.665 | N9: -290066.61 | O9: -102892.79 | P9: -116895.36 | Q9: -131242.77 | R9: -142075.23 | S9: =SUM(O9:R9) -> -493106.14 | T9: -135533.3 | U9: -147398.28 | V9: -161102.51 | W9: -150493.48 | X9: =SUM(T9:W9) -> -594527.57 | Y9: -143441.1 | Z9: -148597.33 | AA9: =SUM(Y9:Z9) -> -292038.44
B10: Manutenções e serviços de terceiros | C10: Maintenance and Third-Party Services | E10: -44650.796 | F10: -52945.158 | G10: -64041.099 | H10: -65701.378 | I10: -227338.43 | J10: -64723.99 | K10: -73030.93 | L10: -85224.358 | M10: -99055.489 | N10: -322034.77 | O10: -103608.39 | P10: -133326.57 | Q10: -159797.34 | R10: -164541.37 | S10: =SUM(O10:R10) -> -561273.67 | T10: -139937.51 | U10: -166212.61 | V10: -164667.46 | W10: -168794.85 | X10: =SUM(T10:W10) -> -639612.43 | Y10: -167190 | Z10: -185021.93 | AA10: =SUM(Y10:Z10) -> -352211.93
B11: Provisão para contingências trabalhistas | C11: Provision for Labor Contingencies | E11: -6790.0732 | F11: 9172.0904 | G11: 1793.0042 | H11: -8190.2952 | I11: -4015.2737 | J11: 355.60139 | K11: -1927.8767 | L11: 7313.6077 | M11: -764.93955 | N11: 4976.3928 | O11: 1905.6366 | P11: 523.00245 | Q11: -7086.305 | R11: 1279.5583 | S11: =SUM(O11:R11) -> -3378.1076 | T11: 454.45669 | U11: -895.61925 | V11: -7732.8249 | W11: -4516.6571 | X11: =SUM(T11:W11) -> -12690.645 | Y11: 9915.5196 | Z11: 352.03649 | AA11: =SUM(Y11:Z11) -> 10267.556
B12: Depreciação de ativos | C12: Asset Depreciation | E12: -12308.977 | F12: -14476.56 | G12: -16351.357 | H12: -17392.033 | I12: -60528.926 | J12: -17977.036 | K12: -19086.189 | L12: -19792.697 | M12: -21326.945 | N12: -78182.868 | O12: -24866.747 | P12: -29621.089 | Q12: -39520.331 | R12: -37464.26 | S12: =SUM(O12:R12) -> -131472.43 | T12: -38391.794 | U12: -38992.753 | V12: -38820.009 | W12: -37151.789 | X12: =SUM(T12:W12) -> -153356.35 | Y12: -35993.506 | Z12: -34979.44 | AA12: =SUM(Y12:Z12) -> -70972.945
B13: Impostos e taxas | C13: Taxes and Fees | E13: -7349.3534 | F13: -8945.1318 | G13: -9920.8267 | H13: -12569.419 | I13: -38784.731 | J13: -11919.545 | K13: -12185.151 | L13: -13005.281 | M13: -13614.844 | N13: -50724.821 | O13: -14365.068 | P13: -19206.356 | Q13: -20449.556 | R13: -20743.799 | S13: =SUM(O13:R13) -> -74764.778 | T13: -23147.083 | U13: -24251.623 | V13: -25239.543 | W13: -23941.693 | X13: =SUM(T13:W13) -> -96579.942 | Y13: -24941.693 | Z13: -25858.539 | AA13: =SUM(Y13:Z13) -> -50800.232
B14: Perdas com clientes | C14: Customer Losses | E14: 0 | F14: 0 | G14: -1524.1914 | H14: -41596.297 | I14: -43120.489 | J14: 1808.3509 | K14: -3677.0368 | L14: 196.65274 | M14: -41647.412 | N14: -43319.445 | O14: 0 | P14: 0 | Q14: 0 | R14: -64074.715 | S14: =SUM(O14:R14) -> -64074.715 | T14: -36.00609 | U14: -54.86537 | V14: 1195.2143 | W14: -91917.305 | X14: =SUM(T14:W14) -> -90812.962 | Y14: 93.2612 | Z14: 937.17031 | AA14: =SUM(Y14:Z14) -> 1030.4315
B15: Pagamentos ações não trabalhistas | C15: Payments for Non-Labor Lawsuits | E15: -321 | F15: -1387.1484 | G15: -7.10537 | H15: 123.0511 | I15: -1592.2027 | J15: -1121.086 | K15: -671.23936 | L15: -365.09954 | M15: 349.27852 | N15: -1808.1464 | O15: -2312.8574 | P15: -4152.4233 | Q15: -1725.7706 | R15: -2036.7354 | S15: =SUM(O15:R15) -> -10227.787 | T15: -595.46787 | U15: -1018.4975 | V15: -76.16461 | W15: -567.59432 | X15: =SUM(T15:W15) -> -2257.7243 | Y15: -662.42282 | Z15: -280.11151 | AA15: =SUM(Y15:Z15) -> -942.53433
B16: Pagamentos ações trabalhistas | C16: Payments for Labor Lawsuits | E16: -20550.8 | F16: -23663.853 | G16: -23994.822 | H16: -27141.466 | I16: -95350.941 | J16: -28242.567 | K16: -34815.794 | L16: -40293.402 | M16: -46799.688 | N16: -150151.45 | O16: -48819.748 | P16: -70184.477 | Q16: -85036.293 | R16: -87527.791 | S16: =SUM(O16:R16) -> -291568.31 | T16: -65383.08 | U16: -82528.712 | V16: -80873.687 | W16: -82755.308 | X16: =SUM(T16:W16) -> -311540.79 | Y16: -68488.206 | Z16: -79010.885 | AA16: =SUM(Y16:Z16) -> -147499.09
B17: Custo das mercadorias vendidas | C17: Cost of Goods Sold | E17: -31502.506 | F17: -31019.158 | G17: -43443.603 | H17: -45686.569 | I17: -151651.84 | J17: -40571.094 | K17: -44772.079 | L17: -38361.498 | M17: -41804.043 | N17: -165508.71 | O17: -48245.427 | P17: -162789.05 | Q17: -412175.15 | R17: -431995.7 | S17: =SUM(O17:R17) -> -1055205.3 | T17: -393977.23 | U17: -421920.47 | V17: -479282.67 | W17: -505553.88 | X17: =SUM(T17:W17) -> -1800734.3 | Y17: -480407.09 | Z17: -514239.71 | AA17: =SUM(Y17:Z17) -> -994646.79
B18: Materiais e insumos | C18: Materials and Supplies | E18: -51661.046 | F18: -67701.558 | G18: -65340.083 | H18: -74173.345 | I18: -258876.03 | J18: -73529.112 | K18: -73523.788 | L18: -79065.509 | M18: -86667.247 | N18: -312785.66 | O18: -62227.176 | P18: -89582.305 | Q18: -111853.09 | R18: -100558.66 | S18: =SUM(O18:R18) -> -364221.23 | T18: -111955.31 | U18: -120787.9 | V18: -123125.86 | W18: -130457.32 | X18: =SUM(T18:W18) -> -486326.38 | Y18: -121197.54 | Z18: -112604.38 | AA18: =SUM(Y18:Z18) -> -233801.92
... B22: Outros | C22: Other | E22: 6458.1099 | F22: -2854.3311 | G22: -2157.5973 | H22: -6493.2902 | I22: -5047.1086 | J22: 1614.7606 | K22: 299.10629 | L22: 385.17436 | M22: -2390.4215 | N22: -91.38025 | O22: -4595 | P22: -156.75605 | Q22: 343.27866 | R22: -3582.6279 | S22: =SUM(O22:R22) -> -7991.1053 | T22: -7110.846 | U22: -6277.7866 | V22: -123.07602 | W22: -18367.168 | X22: =SUM(T22:W22) -> -31878.877 | Y22: -14923.429 | Z22: -37.89041 | AA22: =SUM(Y22:Z22) -> -14961.32
B25: Lucro bruto | C25: Gross Profit | E25: =E5+E6 -> 306353.43 | F25: =F5+F6 -> 355034.19 | G25: =G5+G6 -> 412675.56 | H25: =H5+H6 -> 451171.22 | I25: =I5+I6 -> 1525234.4 | J25: =J5+J6 -> 425050.44 | K25: =K5+K6 -> 452663.18 | L25: =L5+L6 -> 452478.17 | ... R25: =R5+R6 -> 570845.9 | S25: =SUM(O25:R25) -> 2236353 | T25: =T5+T6 -> 610253.57 | U25: =U5+U6 -> 609115.65 | V25: =V5+V6 -> 658122.56 | W25: =W5+W6 -> 650779.51 | X25: =SUM(T25:W25) -> 2528271.3 | Y25: =Y5+Y6 -> 670499 | Z25: =Z5+Z6 -> 668738.02 | AA25: =SUM(Y25:Z25) -> 1339237
B26: Mg Bruta % | C26: Gross Margin % | E26: =E25/E5 -> 0.14717198 | F26: =F25/F5 -> 0.15957141 | G26: =G25/G5 -> 0.17006634 | H26: =H25/H5 -> 0.18151385 | I26: =I25/I5 -> 0.16545034 | J26: =J25/J5 -> 0.16816196 | K26: =K25/K5 -> 0.17343241 | L26: =L25/L5 -> 0.17212878 | ... AA26: =AA25/AA5 -> 0.14746513
B28: Despesas gerais e administrativas | C28: General and Administrative Expenses | E28: =SUM(E29:E53)-E55 -> -123536.47 | F28: =SUM(F29:F53)-F55 -> -141543.36 | G28: =SUM(G29:G53)-G55 -> -140444.78 | H28: =SUM(H29:H53)-H55 -> -224725.39 | I28: =SUM(I29:I53)-I55 -> -630250 | J28: =SUM(J29:J53)-J55 -> -151730 | K28: =SUM(K29:K53)-K55 -> -169629.41 | L28: =SUM(L29:L53)-L55 -> -174630.59 | M28: =SUM(M29:M53)-M55 -> -337780 | N28: =L28+K28+J28+M28 -> -833770 | O28: =SUM(O29:O53)-O55 -> -210359 | P28: =SUM(P29:P53)-P55 -> -292426 | Q28: =SUM(Q29:Q53)-Q55 -> -237123 | R28: =SUM(R29:R53)-R55 -> -351139 | S28: =SUM(O28:R28) -> -1091047 | T28: =SUM(T29:T53)-T55 -> -253491 | U28: =SUM(U29:U53)-U55 -> -261082.25 | V28: =SUM(V29:V53)-V55 -> -256773.75 | W28: =SUM(W29:W53)-W55 -> -436403.35 | X28: =SUM(T28:W28) -> -1207750.4 | Y28: =SUM(Y29:Y53)-Y55 -> -286249.95 | Z28: =SUM(Z29:Z53)-Z55 -> -313527.05 | AA28: =SUM(AA29:AA53)-AA55 -> -599777
B29: Custos com pessoal | C29: Personnel Costs | E29: -80499.963 | F29: -82358.575 | G29: -94648.927 | H29: -103722.71 | I29: -361230.17 | J29: -91516.49 | K29: -101974.51 | L29: -99953.863 | M29: -100339.94 | N29: -393784.8 | O29: -109716.6 | P29: -132550 | Q29: -133636.2 | R29: -124279.7 | S29: =SUM(O29:R29) -> -500182.5 | T29: -144362.84 | U29: -150063.38 | V29: -154623.82 | W29: -152710.04 | X29: =SUM(T29:W29) -> -601760.08 | Y29: -171907.5 | Z29: -172950.04 | AA29: =SUM(Y29:Z29) -> -344857.54
B30: Benefícios | C30: Benefits | E30: -5591.7717 | F30: -6672.1883 | G30: -7459.4797 | H30: -6722.5404 | I30: -26445.98 | J30: -5984.6245 | K30: -10683.502 | L30: -13815.882 | M30: -14532.516 | N30: -45016.523 | O30: -18761.419 | P30: -22933.323 | Q30: -18886.848 | R30: -21816.885 | S30: =SUM(O30:R30) -> -82398.475 | T30: -20238.426 | U30: -18014.914 | V30: -22659.118 | W30: -23071.582 | X30: =SUM(T30:W30) -> -83984.041 | Y30: -23614.261 | Z30: -18301.317 | AA30: =SUM(Y30:Z30) -> -41915.578
B31: Locações | C31: Leases | E31: 585.46344 | F31: -1088.4558 | G31: 772.74546 | H31: 633.87003 | I31: 903.62318 | J31: -1533.5056 | K31: -1720.9285 | L31: -2057.8893 | M31: -2668.7527 | N31: -7981.0762 | O31: 8675.5074 | P31: 7613.0925 | Q31: 7789.5509 | R31: 8285.9362 | S31: =SUM(O31:R31) -> 32364.087 | T31: 8983.3517 | U31: 7930.8659 | V31: 14653.83 | W31: -4146.6332 | X31: =SUM(T31:W31) -> 27421.414 | Y31: -2397.238 | Z31: -4618.7362 | AA31: =SUM(Y31:Z31) -> -7015.9742
B32: Manutenções e serviços de terceiros | C32: Maintenance and Third-Party Services | E32: -10659.493 | F32: -9953.23 | G32: -12366.419 | H32: -9960.9184 | I32: -42940.061 | J32: -9361.4664 | K32: -8098.9398 | L32: -10947.447 | M32: -16185.059 | N32: -44592.913 | O32: -15190.832 | P32: -13453.143 | Q32: -14599.123 | R32: -20815.474 | S32: =SUM(O32:R32) -> -64058.571 | T32: -13931.051 | U32: -17866.386 | V32: -16242.315 | W32: -17944.457 | X32: =SUM(T32:W32) -> -65984.209 | Y32: -19047.573 | Z32: -17196.123 | AA32: =SUM(Y32:Z32) -> -36243.696
B33: Provisão para contingências trabalhistas | C33: Provision for Labor Contingencies | E33: 605.09934 | F33: -261.96593 | G33: -192.83819 | H33: -40.21468 | I33: 110.08054 | J33: -160.92849 | K33: -188.93044 | L33: 383.50698 | M33: 2894.9286 | N33: 2928.5767 | O33: -767.95636 | P33: -4078.6484 | Q33: 33.34714 | R33: 13271.642 | S33: =SUM(O33:R33) -> 8458.3848 | T33: -7.46787 | U33: 44.57112 | V33: -203.40028 | W33: 1497.8406 | X33: =SUM(T33:W33) -> 1331.5435 | Y33: 303.53758 | Z33: -375.43045 | AA33: =SUM(Y33:Z33) -> -71.89287
B34: Provisão para contingências não trabalhistas | C34: Provision for Non-Labor Contingencies | E34: 1651.0012 | F34: -2574.4364 | G34: -1261.0659 | H34: 1730.3573 | I34: -454.1438 | J34: -3618.409 | K34: -220.32418 | L34: 3907.439 | M34: -3577.0844 | N34: -3508.3786 | O34: -3168.3052 | P34: -2612.1873 | Q34: 369.13771 | R34: -7971.1073 | S34: =SUM(O34:R34) -> -13382.462 | T34: -7037.2247 | U34: -2786.1488 | V34: -4145.3184 | W34: -12480.551 | X34: =SUM(T34:W34) -> -26449.243 | Y34: -6562.0391 | Z34: -42582.609 | AA34: =SUM(Y34:Z34) -> -49144.648
B35: Provisão para Bonus | C35: Provision for Bonuses | E35: -22974 | F35: -25476.465 | G35: -29716.584 | H35: -50810.476 | I35: -128977.52 | J35: -30297.202 | K35: -32473.237 | L35: -35899.867 | M35: -62986.003 | N35: -161656.31 | O35: -34869.14 | P35: -35070.214 | Q35: -31534.583 | R35: -49254.27 | S35: =SUM(O35:R35) -> -150728.21 | T35: -37033.658 | U35: -31062.148 | V35: -39322.654 | W35: -40291.788 | X35: =SUM(T35:W35) -> -147710.25 | Y35: -22618.087 | Z35: -23107.513 | AA35: =SUM(Y35:Z35) -> -45725.6
B36: Depreciação de ativos | C36: Asset Depreciation | E36: -4970.0573 | F36: -5527.4058 | G36: -7611.6433 | H36: -7383.9674 | I36: -25493.074 | J36: -5886.9539 | K36: -6666.9142 | L36: -6958.9609 | M36: -13912.303 | N36: -33425.132 | O36: -16879.253 | P36: -19282.911 | Q36: -23639.792 | R36: -26599.193 | S36: =SUM(O36:R36) -> -86401.148 | T36: -21848.139 | U36: -22054.568 | V36: -15329.279 | W36: -13233.226 | X36: =SUM(T36:W36) -> -72465.212 | Y36: -15525.183 | Z36: -12184.203 | AA36: =SUM(Y36:Z36) -> -27709.385
B37: Impostos e taxas | C37: Taxes and Fees | E37: -2241.2538 | F37: -2328.8291 | G37: -2569.2254 | H37: -2703.1805 | I37: -9842.4888 | J37: -3700.6162 | K37: -3821.2077 | L37: -3300.6453 | M37: -3936.8613 | N37: -14759.33 | O37: -5233.7251 | P37: -1984.7817 | Q37: -4849.6503 | R37: -4691.7143 | S37: =SUM(O37:R37) -> -16759.871 | T37: -9300.3987 | U37: -10381.632 | V37: -11732.209 | W37: -10336.478 | X37: =SUM(T37:W37) -> -41750.718 | Y37: -10133.446 | Z37: -9080.3822 | AA37: =SUM(Y37:Z37) -> -19213.828
B38: Perdas com clientes | C38: Losses from Customers | E38: -99.357 | F38: -451.643 | G38: -93.28856 | H38: 2197.7771 | I38: 1553.4885 | J38: -168.53557 | K38: -98.91819 | L38: -273.92607 | M38: 1967.8248 | N38: 1426.445 | O38: -2662.0934 | P38: -1438.5031 | Q38: 2907.0828 | R38: 7478.098 | S38: =SUM(O38:R38) -> 6284.5842 | T38: -71.26073 | U38: -39.92271 | V38: -199.07426 | W38: 1106.2143 | X38: =SUM(T38:W38) -> 795.95657 | Y38: -0.00534 | Z38: 0 | AA38: =SUM(Y38:Z38) -> -0.00534
B39: Pagamentos ações não trabalhistas | C39: Payments for Non-Labor Lawsuits | E39: -161.38711 | F39: -9.60634 | G39: 7.01493 | H39: -509.63709 | I39: -673.61561 | J39: -348.82859 | K39: -50.57462 | L39: -548.80975 | M39: -2894.6406 | N39: -3842.8536 | O39: -1434.1426 | P39: 1706.4233 | Q39: -1304.0597 | R39: -1474.1698 | S39: =SUM(O39:R39) -> -2505.9487 | T39: -1909.8581 | U39: -1737.6513 | V39: -2787.3603 | W39: -1793.1951 | X39: =SUM(T39:W39) -> -8228.0648 | Y39: -2307.5848 | Z39: -1715.6537 | AA39: =SUM(Y39:Z39) -> -4023.2385
B40: Pagamentos ações trabalhistas | C40: Payments for Labor Lawsuits | E40: -92.20019 | F40: -14.69644 | G40: -506.04206 | H40: -24.91445 | I40: -637.85314 | J40: -47.75751 | K40: -340.84625 | L40: -246.73725 | M40: -1461.2072 | N40: -2096.5482 | O40: -987.25175 | P40: 1573.4765 | Q40: -1544.874 | R40: 1776.132 | S40: =SUM(O40:R40) -> 817.48279 | T40: -749.51211 | U40: -1757.3147 | V40: -2619.9101 | W40: -2120.8135 | X40: =SUM(T40:W40) -> -7247.5505 | Y40: -1658.7141 | Z40: -1691.8207 | AA40: =SUM(Y40:Z40) -> -3350.5348
... B45: Amortização - carteira de clientes, marcas e ativo fixo | C45: Amortization - Customer Portfolio, Brands and Fixed Assets | E45: -28145 | F45: -31547.496 | G45: -30947.021 | H45: -14601.37 | I45: -105240.89 | J45: -25986.334 | K45: -29494.139 | L45: -33282.774 | M45: -38357.896 | N45: -127121.14 | O45: -43792.441 | P45: -39061.802 | Q45: -45328.43 | R45: -48935.967 | S45: =SUM(O45:R45) -> -177118.64 | T45: -48633.795 | U45: -47722.413 | V45: -46999.244 | W45: -49754.047 | X45: =SUM(T45:W45) -> -193109.5 | Y45: -49869.308 | Z45: -48603.881 | AA45: =SUM(Y45:Z45) -> -98473.189
B46: Amortização - Carteira de clientes adquiridas | C46: Amortization - Acquired Customer Portfolio | E46: 0 | F46: 0 | G46: 0 | H46: 0 | I46: 0 | J46: 0 | K46: 0 | L46: 0 | M46: 0 | N46: 0 | O46: 0 | P46: 0 | Q46: 0 | R46: 0 | S46: 0 | T46: 0 | U46: -190.51188 | V46: -190.59564 | W46: -190.76316 | X46: =SUM(T46:W46) -> -571.87068 | Y46: 0 | Z46: 0 | AA46: =SUM(Y46:Z46) -> 0
B47: Atualização contingencias - PPA | C47: Contingency Update - PPA | E47: 22620 | F47: 0 | G47: 20809.18 | H47: 25087.489 | I47: 68516.669 | J47: 5511.0061 | K47: 525.73917 | L47: 1610.9976 | M47: 11596.782 | N47: 19244.525 | O47: 2964.6925 | P47: -56156.077 | Q47: 10103.776 | R47: 21594.976 | S47: =SUM(O47:R47) -> -21492.633 | T47: 2235.2806 | U47: -4276.9267 | V47: 5864.1065 | W47: 4861.3291 | X47: =SUM(T47:W47) -> 8683.7894 | Y47: 6293.8246 | Z47: 4379.9296 | AA47: =SUM(Y47:Z47) -> 10673.754
B48: Atualização contingencias Trabalhista - PPA | C48: Labor contingency Update - PPA | E48: 0 | F48: 0 | G48: 0 | H48: 0 | I48: =SUM(E48:H48) -> 0 | J48: 0 | K48: 0 | L48: 0 | M48: 0 | N48: =SUM(J48:M48) -> 0 | O48: 0 | P48: 0 | Q48: 0 | R48: 0 | S48: =SUM(O48:R48) -> 0 | T48: 0 | U48: 0 | V48: 0 | W48: 0 | X48: =SUM(T48:W48) -> 0 | Y48: 214 | Z48: 4112.3791 | AA48: =SUM(Y48:Z48) -> 4326.3791
B49: Despesas com Telefonia e Viagem | C49: Telephone and Travel Expenses | E49: -1224.8726 | F49: -2128.9872 | G49: -1289.0486 | H49: -943.19717 | I49: -5586.1055 | J49: -812.84294 | K49: -761.10326 | L49: -890.58642 | M49: -2084.4735 | N49: -4549.0062 | O49: -1945.3945 | P49: -738.75923 | Q49: -2410.7754 | R49: -3943.4255 | S49: =SUM(O49:R49) -> -9038.3546 | T49: -1725.2321 | U49: -1964.613 | V49: -1976.3792 | W49: -1976.9749 | X49: =SUM(T49:W49) -> -7643.1992 | Y49: -1892.4981 | Z49: -1680.919 | AA49: =SUM(Y49:Z49) -> -3573.417
B50: Seguros | C50: Insurance | E50: -308.77072 | F50: -122.9694 | G50: -245.27908 | H50: -110.48296 | I50: -787.50216 | J50: -191.6825 | K50: -147.91926 | L50: -175.61207 | M50: -153.8441 | N50: -669.05793 | O50: -107.99089 | P50: -515.99148 | Q50: 0 | R50: 0 | S50: =SUM(O50:R50) -> -623.98237 | T50: -443.56281 | U50: -363.68355 | V50: -782.268 | W50: -295.00125 | X50: =SUM(T50:W50) -> -1884.5156 | Y50: -328.54419 | Z50: -360.72221 | AA50: =SUM(Y50:Z50) -> -689.2664
B51: Despesas de consumo | C51: Consumer Expenses | E51: 0 | F51: 0 | G51: 0 | H51: 0 | I51: 0 | J51: 0 | K51: 0 | L51: 0 | M51: 0 | N51: 0 | O51: 0 | P51: -2435.4514 | Q51: -2575.7783 | R51: -2901.1811 | S51: =SUM(O51:R51) -> -7912.4108 | T51: -2735.2268 | U51: -3142.4599 | V51: -2899.4764 | W51: -3023.3578 | X51: =SUM(T51:W51) -> -11800.521 | Y51: -2886.0221 | Z51: -3652.1438 | AA51: =SUM(Y51:Z51) -> -6538.1659
B52: Baixa repasse de superveniência - M&A | C52: Supervening assets reversal | E52: 0 | F52: 0 | G52: 0 | H52: 0 | I52: =SUM(E52:H52) -> 0 | J52: 0 | K52: 0 | L52: 0 | M52: 0 | N52: =SUM(J52:M52) -> 0 | O52: 0 | P52: 0 | Q52: 0 | R52: 0 | S52: =SUM(O52:R52) -> 0 | T52: 0 | U52: 0 | V52: 0 | W52: 7111.8086 | X52: =SUM(T52:W52) -> 7111.8086 | Y52: 0 | Z52: 0 | AA52: =SUM(Y52:Z52) -> 0
B53: Outros | C53: Other | E53: 2820.9409 | F53: 4904.0172 | G53: -357.12929 | H53: 862.2989 | I53: 8230.1277 | J53: -212.26511 | K53: -2469.9308 | L53: 3937.9963 | M53: -1609.4013 | N53: -353.60092 | O53: 6135.662 | P53: 1592.9515 | Q53: -5699.4356 | R53: 207.01263 | S53: =SUM(O53:R53) -> 2236.1905 | T53: 351.56953 | U53: 8559.5067 | V53: 5479.4515 | W53: 3068.5172 | X53: =SUM(T53:W53) -> 17459.045 | Y53: 6001.5828 | Z53: 2408.1456 | AA53: =SUM(Y53:Z53) -> 8409.7284
B55: Perdas de crédito esperadas sobre contas a receber | C55: Expected credit losses on accounts receivable | E55: =E56+E57 -> -7879.1 | F55: =F56+F57 -> -29027.9 | G55: =G56+G57 -> -29179 | H55: =H56+H57 -> 55892 | I55: =SUM(E55:H55) -> -10194 | J55: =J56+J57 -> -26959 | K55: =K56+K57 -> -30658 | L55: =L56+L57 -> -25261 | M55: =M56+M57 -> 86260 | N55: =L55+K55+J55+M55 -> 3382 | O55: =O56+O57 -> -31341 | P55: =P56+P57 -> -28969 | Q55: =Q56+Q57 -> -29151.256 | R55: =R56+R57 -> 91295.203 | S55: =SUM(O55:R55) -> 1833.9463 | T55: =T56+T57 -> -48278.625 | U55: =U56+U57 -> -38048.122 | V55: =V56+V57 -> -37929.253 | W55: =W56+W57 -> 118000.35 | X55: =SUM(T55:W55) -> -6255.6464 | Y55: =Y56+Y57 -> -37215.123 | Z55: -34225.877 | AA55: =SUM(Y55:Z55) -> -71441
B56: Provisão para perda esperada dos serviços faturados | C56: Provision for expected loss on invoiced services | E56: -334.6 | F56: -5515.4 | G56: -7835.7396 | H56: 10360.74 | I56: -3325 | J56: -7958 | K56: -8169.4096 | L56: -2483.6719 | M56: 12621.081 | N56: -5990 | O56: -4508 | P56: -1486 | Q56: -930.92885 | R56: 8753.5929 | S56: =SUM(O56:R56) -> 1828.6641 | T56: -12335.397 | U56: -794.28716 | V56: 606.98995 | W56: 7113.1399 | X56: =SUM(T56:W56) -> -5409.5548 | Y56: 606.60426 | Z56: 4797.3957 | AA56: =SUM(Y56:Z56) -> 5404
B57: Provisão para perda esperada dos serviços a faturar | C57: Provision for expected loss on services to be invoiced | E57: -7544.5 | F57: -23512.5 | G57: -21343.26 | H57: 45531.26 | I57: -6869 | J57: -19001 | K57: -22488.59 | L57: -22777.328 | M57: 73638.919 | N57: 9372 | O57: -26833 | P57: -27483 | Q57: -28220.328 | R57: 82541.61 | S57: =SUM(O57:R57) -> 5.28227 | T57: -35943.228 | U57: -37253.835 | V57: -38536.243 | W57: 110887.21 | X57: =SUM(T57:W57) -> -846.09162 | Y57: -37821.727 | Z57: -39023.273 | AA57: =SUM(Y57:Z57) -> -76845
B59: Outras receitas/despesas operacionais | C59: Other operating revenues/expenses | E59: =SUM(E60:E81) -> -5169.7681 | F59: =SUM(F60:F81) -> 519.62537 | G59: =SUM(G60:G81) -> -535.85728 | H59: =SUM(H60:H81) -> 51462 | I59: =SUM(E59:H59) -> 46276 | J59: =SUM(J60:J81) -> 11801.604 | K59: =SUM(K60:K81) -> -1463.6037 | L59: =SUM(L60:L81) -> 6523 | M59: =SUM(M60:M81) -> 114391 | N59: =L59+K59+J59+M59 -> 131252 | O59: =SUM(O60:O81) -> -2589 | P59: =SUM(P60:P81) -> 46679 | Q59: =SUM(Q60:Q81) -> -14984.029 | R59: =SUM(R60:R81) -> 102490.13 | S59: =SUM(O59:R59) -> 131596.1 | T59: =SUM(T60:T81) -> 10682.011 | U59: =SUM(U60:U81) -> 6935.7547 | V59: =SUM(V60:V81) -> -4420 | W59: =SUM(W60:W81) -> 106310.98 | X59: =SUM(T59:W59) -> 119508.74 | Y59: =SUM(Y60:Y81) -> -8819.0428 | Z59: =SUM(Z60:Z81) -> 270933.04 | AA59: =SUM(Y59:Z59) -> 262114
B60: Provisão riscos fiscais | C60: Provision for tax risks | E60: 61.34005 | F60: -836.41905 | G60: 0 | H60: 0 | I60: -775.079 | J60: 0 | K60: 0 | L60: 0 | M60: -10.1628 | N60: -10.1628 | O60: 0 | P60: 0 | Q60: 0 | R60: 0 | S60: =SUM(O60:R60) -> 0 | T60: 0 | U60: 0 | V60: 0 | W60: -9328.8832 | X60: =SUM(T60:W60) -> -9328.8832 | Y60: 0 | Z60: 0 | AA60: =SUM(Y60:Z60) -> 0
B61: Reversão de Tributo Sub Judice | C61: Reversal of Tax Sub Judice | E61: 0 | F61: 230.19438 | G61: 0 | H61: 57181.672 | I61: 57411.867 | J61: 0 | K61: 258.33171 | L61: 0 | M61: 132845.02 | N61: 133103.35 | O61: 0 | P61: 0 | Q61: 0 | R61: 101816.03 | S61: =SUM(O61:R61) -> 101816.03 | T61: 0 | U61: 803.67451 | V61: 397.45661 | W61: 134908.89 | X61: =SUM(T61:W61) -> 136110.02 | Y61: 0 | Z61: 0 | AA61: =SUM(Y61:Z61) -> 0
B62: Despesas com aquisição de controladas | C62: Expenses related to the acquisition of subsidiaries | E62: -3736.3631 | F62: -1863.5115 | G62: -1829.7188 | H62: -1807.4066 | I62: -9237 | J62: -3411.4855 | K62: -2831.1875 | L62: -6961.5139 | M62: -6805.8132 | N62: -20010 | O62: -4693.0637 | P62: -2589.2575 | Q62: -6869.1426 | R62: -14123.425 | S62: =SUM(O62:R62) -> -28274.889 | T62: -2140.5268 | U62: -12969.43 | V62: -6746.018 | W62: -5193.068 | X62: =SUM(T62:W62) -> -27049.043 | Y62: -10412.465 | Z62: -7781.8752 | AA62: =SUM(Y62:Z62) -> -18194.34
B63: Receitas com aquisições de controladas | C63: Revenues from acquisitions of subsidiaries | E63: 0 | F63: 0 | G63: 0 | H63: 0 | I63: 0 | J63: 0 | K63: 0 | L63: 0 | M63: 0 | N63: 0 | O63: 0 | P63: 0 | Q63: 0 | R63: 0 | S63: 0 | T63: 12032.609 | U63: 0 | V63: 0 | W63: 821.35833 | X63: =SUM(T63:W63) -> 12853.967 | Y63: 0 | Z63: 0 | AA63: =SUM(Y63:Z63) -> 0
B64: Ativos indenizáveis de combinação de negócios | C64: Indemnifiable acquisition processes | E64: 0 | F64: 0 | G64: 0 | H64: 0 | I64: 0 | J64: 0 | K64: 0 | L64: 0 | M64: 0 | N64: 0 | O64: 0 | P64: 0 | Q64: 0 | R64: 0 | S64: 0 | T64: 0 | U64: 11128.944 | V64: 1365.303 | W64: 364.42491 | X64: =SUM(T64:W64) -> 12858.672 | Y64: 1280.5699 | Z64: 71679.961 | AA64: =SUM(Y64:Z64) -> 72960.53
B65: Resultado com investimento | C65: Investment result | E65: 0 | F65: 0 | G65: 0 | H65: 0 | I65: 0 | J65: 0 | K65: 0 | L65: 0 | M65: 0 | N65: 0 | O65: 0 | P65: 0 | Q65: 0 | R65: 0 | S65: =SUM(O65:R65) -> 0 | T65: 0 | U65: 0 | V65: 0 | W65: 0 | X65: =SUM(T65:W65) -> 0 | Y65: 0 | Z65: 0 | AA65: =SUM(Y65:Z65) -> 0
B66: Atualização/Baixa earn out | C66: Update/Write-off of earn-out | E66: -1340.3877 | F66: -4650.6123 | G66: 3320.4051 | H66: -19122.14 | I66: -21792.735 | J66: -1887.3936 | K66: -84.03441 | L66: 13012.114 | M66: 1531.7892 | N66: 12572.475 | O66: -2081.8583 | P66: 51176.654 | Q66: -10258.834 | R66: 8145.0431 | S66: =SUM(O66:R66) -> 46981.005 | T66: 4554.7917 | U66: -5536.724 | V66: 0 | W66: -7256.0858 | X66: =SUM(T66:W66) -> -8238.018 | Y66: -268.39787 | Z66: -274.4479 | AA66: =SUM(Y66:Z66) -> -542.84577
B67: Indébito da selic sobre atualização do IR e CSLL | C67: Overpayment of SELIC rate on IR and CSLL update | E67: 0 | F67: 0 | G67: 0 | H67: 0 | I67: 0 | J67: -1.92093 | K67: 0 | L67: 0 | M67: 0 | N67: -1.92093 | O67: 0 | P67: 0 | Q67: 0 | R67: 0 | S67: =SUM(O67:R67) -> 0 | T67: 0 | U67: 0 | V67: 0 | W67: 0 | X67: =SUM(T67:W67) -> 0 | Y67: 0 | Z67: 0 | AA67: =SUM(Y67:Z67) -> 0
B68: Conciliação de saldos a receber | C68: Reconciliation of accounts receivable | E68: 0 | F68: -2033 | G68: 0 | H68: 0 | I68: -2033 | J68: -1278.5918 | K68: 307.40501 | L68: 0 | M68: 0 | N68: -971.18677 | O68: 0 | P68: 0 | Q68: 0 | R68: 0 | S68: =SUM(O68:R68) -> 0 | T68: -1293.2032 | U68: 0 | V68: 0 | W68: 0 | X68: =SUM(T68:W68) -> -1293.2032 | Y68: 0 | Z68: 0 | AA68: =SUM(Y68:Z68) -> 0
B69: Reversão FAP adquiridas | C69: Reversal of FAP acquired companies | E69: 0 | F69: 10339 | G69: 0 | H69: 0 | I69: 10339 | J69: 0 | K69: 0 | L69: 0 | M69: 0 | N69: 0 | O69: 0 | P69: 0 | Q69: 0 | R69: 0 | S69: =SUM(O69:R69) -> 0 | T69: 0 | U69: 0 | V69: 0 | W69: 0 | X69: =SUM(T69:W69) -> 0 | Y69: 0 | Z69: 0 | AA69: =SUM(Y69:Z69) -> 0
B70: Depreciação de ativos | C70: Depreciation of assets | E70: -37.51657 | F70: -37.19696 | G70: -37.18245 | H70: -34.5983 | I70: -146.49428 | J70: -33.71785 | K70: -31.59591 | L70: -31.53222 | M70: -31.5283 | N70: -128.37428 | O70: -31.4982 | P70: -31.47901 | Q70: -30.82795 | R70: -29.83418 | S70: =SUM(O70:R70) -> -123.63934 | T70: -29.24624 | U70: -25.88715 | V70: -24.69367 | W70: -23.62132 | X70: =SUM(T70:W70) -> -103.44838 | Y70: -22.66455 | Z70: -22.02896 | AA70: =SUM(Y70:Z70) -> -44.69351
B71: Pagamentos ações trabalhistas | C71: Payments for labor lawsuits | E71: 9.91275 | F71: 0 | G71: 0 | H71: 0 | I71: 9.91275 | J71: 0 | K71: 0 | L71: 0 | M71: 0 | N71: 0 | O71: 0 | P71: 0 | Q71: 0 | R71: 0 | S71: =SUM(O71:R71) -> 0 | T71: 0 | U71: 0 | V71: 0 | W71: 0 | X71: =SUM(T71:W71) -> 0 | Y71: 0 | Z71: 0 | AA71: =SUM(Y71:Z71) -> 0
B72: Perdas com Clientes | C72: Losses with Clients | E72: 0 | F72: 0 | G72: 0 | H72: 0 | I72: 0 | J72: 0 | K72: 0 | L72: 0 | M72: 0 | N72: 0 | O72: 0 | P72: 0 | Q72: 0 | R72: 0 | S72: =SUM(O72:R72) -> 0 | T72: 0 | U72: 0 | V72: 0 | W72: 0 | X72: =SUM(T72:W72) -> 0 | Y72: 0 | Z72: 0 | AA72: =SUM(Y72:Z72) -> 0
B73: Conta gráfica de dívida de aquisição | C73: Acquisition debt account | E73: 0 | F73: 0 | G73: 0 | H73: 0 | I73: 0 | J73: 0 | K73: 0 | L73: 0 | M73: 0 | N73: 0 | O73: 0 | P73: 0 | Q73: 0 | R73: 4653.9775 | S73: =(SUM(O73:R73)) -> 4653.9775 | T73: 0 | U73: 0 | V73: 0 | W73: 0 | X73: =SUM(T73:W73) -> 0 | Y73: 0 | Z73: 0 | AA73: =SUM(Y73:Z73) -> 0
B74: Ajuste de reconciliação de saldos | C74: Reconciliation adjustment of balances | E74: 0 | F74: 0 | G74: -2630.3405 | H74: 18936.345 | I74: 16306.004 | J74: 964.34989 | K74: 1856.1305 | L74: 466.89022 | M74: -7108.7274 | N74: -3821.3568 | O74: 4255.2356 | P74: 679.64147 | Q74: 2214.5911 | R74: -483.11314 | S74: =SUM(O74:R74) -> 6666.3551 | T74: 328.98366 | U74: 14888.399 | V74: 1435.9233 | W74: -6004.221 | X74: =SUM(T74:W74) -> 10649.085 | Y74: 832.69712 | Z74: -135.52211 | AA74: =SUM(Y74:Z74) -> 697.17501
B75: Constituição de debitos tributários | C75: Establishment of tax liabilities | E75: -165.65141 | F75: -859.02359 | G75: 126.64876 | H75: -3491.9738 | I75: -4390 | J75: 162.44034 | K75: -458.68172 | L75: 0 | M75: -2384.1121 | N75: -2680.3535 | O75: 0 | P75: 0 | Q75: 0 | R75: -639.07569 | S75: =SUM(O75:R75) -> -639.07569 | T75: -2793.2102 | U75: -1365.4062 | V75: -861.76515 | W75: -1980.6506 | X75: =SUM(T75:W75) -> -7001.0321 | Y75: -228.78211 | Z75: -38022.937 | AA75: =SUM(Y75:Z75) -> -38251.719
B76: Locações | C76: Leases | E76: 0 | F76: 0 | G76: 0 | H76: -0.48 | I76: -0.48 | J76: -0.12 | K76: 0 | L76: 0 | M76: 0 | N76: -0.12 | O76: 0 | P76: 0 | Q76: 0 | R76: 0 | S76: =SUM(O76:R76) -> 0 | T76: 0 | U76: 0 | V76: 0 | W76: 0 | X76: =SUM(T76:W76) -> 0 | Y76: 0 | Z76: 0 | AA76: =SUM(Y76:Z76) -> 0
B77: Compra vantajosa | C77: Bargain purchase | E77: 0 | F77: 0 | G77: 0 | H77: 0 | I77: 0 | J77: 17696.174 | K77: -1131.5285 | L77: 0 | M77: -3414.4577 | N77: 13150.188 | O77: 0 | P77: 0 | Q77: 0 | R77: 0 | S77: =SUM(O77:R77) -> 0 | T77: 0 | U77: 0 | V77: 0 | W77: 0 | X77: =SUM(T77:W77) -> 0 | Y77: 0 | Z77: 0 | AA77: =SUM(Y77:Z77) -> 0
B78: Provisão para contingências não trabalhistas | C78: Provision for Non-Labor Contingencies | E78: 0 | F78: 0 | G78: 0 | H78: 0 | I78: =SUM(E78:H78) -> 0 | J78: 0 | K78: 0 | L78: 0 | M78: 0 | N78: =SUM(J78:M78) -> 0 | O78: 0 | P78: 0 | Q78: 0 | R78: 0 | S78: =SUM(O78:R78) -> 0 | T78: 0 | U78: 0 | V78: 0 | W78: 0 | X78: =SUM(T78:W78) -> 0 | Y78: 0 | Z78: 5725.5 | AA78: =SUM(Y78:Z78) -> 5725.5
B79: Reversão de Sistema S | C79: Reversal "Sistema S" | E79: 0 | F79: 0 | G79: 0 | H79: 0 | I79: =SUM(E79:H79) -> 0 | J79: 0 | K79: 0 | L79: 0 | M79: 0 | N79: =SUM(J79:M79) -> 0 | O79: 0 | P79: 0 | Q79: 0 | R79: 0 | S79: =SUM(O79:R79) -> 0 | T79: 0 | U79: 0 | V79: 0 | W79: 0 | X79: =SUM(T79:W79) -> 0 | Y79: 0 | Z79: 247123.32 | AA79: =SUM(Y79:Z79) -> 247123.32
B80: Reversão PLR Sistema S | C80: Reversal "Sistema S" on Bônus | E80: 0 | F80: 0 | G80: 0 | H80: 0 | I80: =SUM(E80:H80) -> 0 | J80: 0 | K80: 0 | L80: 0 | M80: 0 | N80: =SUM(J80:M80) -> 0 | O80: 0 | P80: 0 | Q80: 0 | R80: 0 | S80: =SUM(O80:R80) -> 0 | T80: 0 | U80: 0 | V80: 0 | W80: 0 | X80: =SUM(T80:W80) -> 0 | Y80: 0 | Z80: -7359.084 | AA80: =SUM(Y80:Z80) -> -7359.084
B81: Outros | C81: Other | E81: 38.89783 | F81: 230.19438 | G81: 514.33069 | H81: -199.41811 | I81: 584.00479 | J81: -408.13088 | K81: 651.55713 | L81: 37.04207 | M81: -231.01008 | N81: 49.45824 | O81: -37.81541 | P81: -2556.5589 | Q81: -39.815811 | R81: 3150.5309 | S81: =(SUM(O81:R81)) -> 516.34079 | T81: 21.81346 | U81: 12.18409 | V81: 13.7939 | W81: 2.83184 | X81: =SUM(T81:W81) -> 50.62329 | Y81: 0 | Z81: 0.15386 | AA81: =SUM(Y81:Z81) -> 0.15386
B83: Resultado operacional | C83: Operating Result | E83: =E25+E28+E59+E56+E57 -> 169768.1 | F83: =F25+F28+F59+F56+F57 -> 184982.56 | G83: =(G25+G28+G59+G56+G57) -> 242515.92 | H83: =(H25+H28+H59+H56+H57) -> 333799.83 | I83: =I25+I28+I59+I56+I57 -> 931066.41 | J83: =(J25+J28+J59+J56+J57) -> 258163.04 | K83: =(K25+K28+K59+K56+K57) -> 250912.17 | L83: =(L25+L28+L59+L56+L57) -> 259109.57 | M83: =(M25+M28+M59+M56+M57) -> 370047.07 | N83: =(N25+N28+N59+N56+N57) -> 1138231.8 | O83: =(O25+O28+O59+O56+O57) -> 264123.81 | P83: =(P25+P28+P59+P56+P57) -> 269656.99 | Q83: =(Q25+Q28+Q59+Q56+Q57) -> 331463 | ... S83: =(S25+S28+S59+S56+S57) -> 1278736 | T83: =(T25+T28+T59+T55) -> 319165.96 | U83: =(U25+U28+U59+U55) -> 316921.03 | V83: =(V25+V28+V59+V55) -> 358999.56 | W83: =(W25+W28+W59+W55) -> 438687.49 | X83: =(X25+X28+X59+X55) -> 1433774 | Y83: =(Y25+Y28+Y59+Y55) -> 338214.88 | Z83: =(Z25+Z28+Z59+Z55) -> 591918.14 | AA83: =(AA25+AA28+AA59+AA55) -> 930133.02
B84: Mg Operacional % | C84: Operating Margin % | E84: =E83/E$5 -> 0.081556479 | F84: =F83/F$5 -> 0.083141082 | G84: =G83/G$5 -> 0.099942422 | H84: =H83/H$5 -> 0.13429334 | I84: =I83/I$5 -> 0.10099776 | J84: =J83/J$5 -> 0.10213659 | K84: =K83/K$5 -> 0.096133957 | L84: =L83/L$5 -> 0.098568764 | ... AA84: =AA83/AA$5 -> 0.10241816
B86: Despesas financeiras | C86: Financial Expenses | E86: -105537.89 | F86: -102416.11 | G86: -111112 | H86: -106932 | I86: =SUM(E86:H86) -> -425998 | J86: -169820 | K86: -180021 | L86: -160967 | M86: -159680 | N86: =L86+K86+J86+M86 -> -670488 | O86: -123161 | P86: -246491 | Q86: -222439 | R86: -308026 | S86: =SUM(O86:R86) -> -900117 | T86: -294554 | U86: -292893 | V86: -304997 | W86: -361883 | X86: =SUM(T86:W86) -> -1254327 | Y86: -351889 | Z86: -416544 | AA86: =SUM(Y86:Z86) -> -768433
B87: Receitas financeiras | C87: Financial Revenues | E87: 75385 | F87: 58946 | G87: 53948 | H87: 80326 | I87: =SUM(E87:H87) -> 268605 | J87: 96266 | K87: 113459 | L87: 101642 | M87: 136615 | N87: =L87+K87+J87+M87 -> 447982 | O87: 67777 | P87: 166653 | Q87: 106078 | R87: 235397 | S87: =SUM(O87:R87) -> 575905 | T87: 181031 | U87: 157978 | V87: 157495 | W87: 292610 | X87: =SUM(T87:W87) -> 789114 | Y87: 198779 | Z87: 376049 | AA87: =SUM(Y87:Z87) -> 574828
B90: Lucro antes do IR | C90: Profit Before Income Tax | E90: =E83+E86+E87 -> 139615.21 | F90: =F83+F86+F87 -> 141512.45 | G90: =G83+G86+G87 -> 185351.92 | H90: =H83+H86+H87 -> 307193.83 | I90: =I83+I86+I87 -> 773673.41 | J90: =J83+J86+J87 -> 184609.04 | K90: =K83+K86+K87 -> 184350.17 | L90: =L83+L86+L87 -> 199784.57 | ... AA90: =AA83+AA86+AA87 -> 736528.02
B91: Mg LAIR % | C91: Margin Before Income Tax % | E91: =E90/E$5 -> 0.067071051 | F91: =F90/F$5 -> 0.063603283 | G91: =G90/G$5 -> 0.076384758 | H91: =H90/H$5 -> 0.1235893 | I91: =I90/I$5 -> 0.083924498 | J91: =J90/J$5 -> 0.073036549 | K91: =K90/K$5 -> 0.070631534 | L91: =L90/L$5 -> 0.076000736 | ... AA91: =AA90/AA$5 -> 0.081100058
B93: IR / CSLL (corrente) | C93: Current Income Tax / Social Contribution on Net Profit | E93: -47463.726 | F93: -66940.304 | G93: -74616.97 | H93: -91316 | I93: =SUM(E93:H93) -> -280337 | J93: -63479 | K93: -89896 | L93: -79707 | M93: -55916 | N93: =L93+K93+J93+M93 -> -288998 | O93: -65919 | P93: -97080 | Q93: -90036.368 | R93: -53033 | S93: =SUM(O93:R93) -> -306068.37 | T93: -69623 | U93: -89191 | V93: -76114 | W93: -57719 | X93: =SUM(T93:W93) -> -292647 | Y93: -49326 | Z93: -58945 | AA93: =SUM(Y93:Z93) -> -108271
B94: IR / CSLL (diferidos) | C94: Deferred Income Tax / Social Contribution on Net Profit | E94: 1237.7733 | F94: 27333.279 | G94: 7861.948 | H94: -12737 | I94: =SUM(E94:H94) -> 23696 | J94: 53 | K94: 35407 | L94: 23461 | M94: -39302 | N94: =L94+K94+J94+M94 -> 19619 | O94: -3381 | P94: 47543 | Q94: 22882.091 | R94: -49066 | S94: =SUM(O94:R94) -> 17978.091 | T94: 12116 | U94: 31434 | V94: 21739 | W94: -47059 | X94: =SUM(T94:W94) -> 18230 | Y94: -10679 | Z94: -114685 | AA94: =SUM(Y94:Z94) -> -125364
B95: % IR / CS | C95: % Income Tax / Social Contribution | E95: -0.3310954 | F95: -0.27988191 | G95: -0.35963749 | H95: -0.33901511 | I95: =(I93+I94)/I90 -> -0.33171749 | J95: =(J93+J94)/J90 -> -0.34356931 | K95: =(K93+K94)/K90 -> -0.29557337 | L95: =(L93+L94)/L90 -> -0.28153325 | M95: =(M93+M94)/M90 -> -0.27441764 | N95: =(N93+N94)/N90 -> -0.29416992 | O95: =(O93+O94)/O90 -> -0.33199225 | P95: =(P93+P94)/P90 -> -0.26096967 | ... U95: =(U93+U94)/U90 -> -0.31733564 | V95: -0.25709517 | W95: =(W93+W94)/W90 -> -0.28363262 | X95: =(X93+X94)/X90 -> -0.28332443 | Y95: =(Y93+Y94)/Y90 -> -0.32416757 | Z95: =(Z93+Z94)/Z90 -> -0.31487616 | AA95: =(AA93+AA94)/AA90 -> -0.31721128
B96: Lucro líquido | C96: Net Profit | E96: =E90+E93+E94 -> 93389.254 | F96: =F90+F93+F94 -> 101905.42 | G96: =G90+G93+G94 -> 118596.9 | H96: =H90+H93+H94 -> 203140.83 | I96: =I90+I93+I94 -> 517032.41 | J96: =J90+J93+J94 -> 121183.04 | K96: =K90+K93+K94 -> 129861.17 | L96: =L90+L93+L94 -> 143538.57 | ... AA96: =AA90+AA93+AA94 -> 502893.02
B97: Mg Líquida % | C97: Net Margin % | E97: =E96/E5 -> 0.044864134 | F97: =F96/F5 -> 0.045801762 | G97: =G96/G5 -> 0.04887457 | H97: =H96/H5 -> 0.081727009 | I97: =I96/I5 -> 0.056085274 | J97: =J96/J5 -> 0.047943432 | K97: =K96/K5 -> 0.049754734 | L97: =L96/L5 -> 0.054604002 | ... AA97: =AA96/AA5 -> 0.055374205
B99: (-) IR/CS | C99: (-) Income Tax / Social Contribution on Net Profit | E99: 46224.953 | F99: 39607.025 | G99: 66755.022 | H99: 104053 | I99: =SUM(E99:H99) -> 256640 | J99: 63426 | K99: 54488 | L99: 56246 | M99: 95218.49 | N99: =L99+K99+J99+M99 -> 269378.49 | O99: 69300 | P99: 49537 | Q99: =-SUM(Q93:Q94) -> 67154.277 | R99: =-SUM(R93:R94) -> 102099 | S99: =SUM(O99:R99) -> 288090.28 | T99: 57507 | U99: 57757 | V99: 54375 | W99: =-SUM(W93:W94) -> 104778 | X99: =SUM(T99:W99) -> 274417 | Y99: =-SUM(Y93:Y94) -> 60005 | Z99: =-SUM(Z93:Z94) -> 173630 | AA99: =SUM(Y99:Z99) -> 233635
B100: (-) Resultado Financeiro | C100: (-) Financial Result | E100: 30153.89 | F100: 43469.645 | G100: 57164 | H100: 26606 | I100: =SUM(E100:H100) -> 157393.54 | J100: 73554 | K100: 66563 | L100: 59325 | M100: 23065 | N100: =L100+K100+J100+M100 -> 222507 | O100: 55384 | P100: 79838 | Q100: =-SUM(Q86:Q87) -> 116361 | R100: =-SUM(R86:R87) -> 72629 | S100: =SUM(O100:R100) -> 324212 | T100: 113523 | U100: 134915 | V100: 147502 | W100: =-SUM(W86:W87) -> 69273 | X100: =SUM(T100:W100) -> 465213 | Y100: =-SUM(Y86:Y87) -> 153110 | Z100: =-SUM(Z86:Z87) -> 40495 | AA100: =SUM(Y100:Z100) -> 193605
B101: Depreciação de ativos | C101: Depreciation of Assets | E101: 17316.551 | F101: 19966.914 | G101: 23962.917 | H101: 24775.641 | I101: =SUM(E101:H101) -> 86022.024 | J101: 23897.708 | K101: 25784.699 | L101: 26783.19 | M101: 35142.459 | N101: =L101+K101+J101+M101 -> 111608.06 | O101: 41744.664 | P101: 48906.251 | Q101: =-SUM(Q12,Q36) -> 63160.122 | R101: =-SUM(R12,R36) -> 64063.452 | S101: =SUM(O101:R101) -> 217874.49 | T101: 60269.18 | U101: 61073.208 | V101: 54173.981 | W101: 50408.636 | X101: =SUM(T101:W101) -> 225925.01 | Y101: 51541.353 | Z101: 47185.672 | AA101: =SUM(Y101:Z101) -> 98727.024
B102: Amortização - carteira de clientes, marcas e ativo fixo | C102: Amortization - customer portfolio, brands and fixed assets | E102: 28144.947 | F102: 31547.496 | G102: 30947.021 | H102: 14601.37 | I102: =SUM(E102:H102) -> 105240.83 | J102: 25986.334 | K102: 29494.139 | L102: 33282.774 | M102: 38357.896 | N102: =L102+K102+J102+M102 -> 127121.14 | O102: 43792.441 | P102: 39061.802 | Q102: =-Q45 -> 45328.43 | R102: =-R45 -> 48935.967 | S102: =SUM(O102:R102) -> 177118.64 | T102: =-T45 -> 48633.795 | U102: =-U45 -> 47722.413 | V102: 47380.352 | W102: 49944.81 | X102: =SUM(T102:W102) -> 193681.37 | Y102: 49869.308 | Z102: 48603.881 | AA102: =SUM(Y102:Z102) -> 98473.189
B103: EBITDA (iCVM 527) | C103: EBITDA (ICVM 527) | E103: =E96+E99+E100+E101+E102 -> 215229.6 | F103: =F96+F99+F100+F101+F102 -> 236496.5 | G103: =G96+G99+G100+G101+G102 -> 297425.86 | H103: =H96+H99+H100+H101+H102 -> 373176.84 | I103: =I96+I99+I100+I101+I102 -> 1122328.8 | J103: =J96+J99+J100+J101+J102 -> 308047.08 | K103: =K96+K99+K100+K101+K102 -> 306191.01 | L103: =L96+L99+L100+L101+L102 -> 319175.54 | ... AA103: =AA96+AA99+AA100+AA101+AA102 -> 1127333.2
B104: Mg % | C104: Mg % | E104: =E103/E$5 -> 0.10339615 | F104: =F103/F$5 -> 0.10629421 | G104: =G103/G$5 -> 0.12257117 | H104: =H103/H$5 -> 0.15013539 | I104: =I103/I$5 -> 0.12174502 | J104: =J103/J$5 -> 0.12187212 | K104: =K103/K$5 -> 0.11731337 | L104: =L103/L$5 -> 0.12141866 | ... AA104: =AA103/AA$5 -> 0.12413213
B105: Resultado com alienação de investimento | C105: Result from the sale of investments | E105: 0 | F105: 0 | G105: 0 | H105: 0 | I105: =SUM(E105:H105) -> 0 | J105: 0 | K105: 0 | L105: 0 | M105: 0 | N105: =L105+K105+J105+M105 -> 0 | O105: 0 | P105: 0 | Q105: 0 | R105: 0 | S105: =SUM(O105:R105) -> 0 | T105: 0 | U105: 0 | V105: 0 | W105: 0 | X105: =SUM(T105:W105) -> 0 | Y105: 0 | Z105: 0 | AA105: =SUM(Y105:Z105) -> 0
B106: Provisão riscos fiscais | C106: Provision for tax risks | E106: -61.34005 | F106: 836.41905 | G106: 0 | H106: 0 | I106: =SUM(E106:H106) -> 775.079 | J106: 0 | K106: 0 | L106: 0 | M106: 10.1628 | N106: =L106+K106+J106+M106 -> 10.1628 | O106: 0 | P106: 0 | Q106: 0 | R106: 0 | S106: =SUM(O106:R106) -> 0 | T106: 0 | U106: 0 | V106: 0 | W106: 9328.8832 | X106: =SUM(T106:W106) -> 9328.8832 | Y106: 0 | Z106: 0 | AA106: =SUM(Y106:Z106) -> 0
B107: Provisão para contingências não trabalhista | C107: Provision for non-labor contingencies | E107: -1651.0012 | F107: 2574.4364 | G107: 1261.0659 | H107: -1730.3573 | I107: =SUM(E107:H107) -> 454.1438 | J107: 3618.409 | K107: 220.32418 | L107: -3770.0274 | M107: 3439.6728 | N107: =L107+K107+J107+M107 -> 3508.3786 | O107: 3168.3052 | P107: 2612.1873 | Q107: -369.13771 | R107: 7971.1073 | S107: =SUM(O107:R107) -> 13382.462 | T107: 7037.2247 | U107: 2786.1487 | V107: 4145.3184 | W107: 12480.551 | X107: =SUM(T107:W107) -> 26449.243 | Y107: 6562.0391 | Z107: 36857.109 | AA107: =SUM(Y107:Z107) -> 43419.148
B108: Despesas com aquisição de controladas | C108: Expenses related to the acquisition of subsidiaries | E108: 4152.8848 | F108: 1269.0056 | G108: 4588.1182 | H108: -773.75535 | I108: =SUM(E108:H108) -> 9236.2533 | J108: 3411.6055 | K108: 2831.1875 | L108: 6720.7054 | M108: 7046.8954 | N108: =L108+K108+J108+M108 -> 20010.394 | O108: 4707.4749 | P108: 2589.2575 | Q108: 6869.1426 | R108: 14109.414 | S108: =SUM(O108:R108) -> 28275.289 | T108: 2140.5268 | U108: 12969.43 | V108: 6746.018 | W108: 5193.068 | X108: =SUM(T108:W108) -> 27049.043 | Y108: 10412.465 | Z108: 7781.8752 | AA108: =SUM(Y108:Z108) -> 18194.34
B109: Atualização de ativos indenizatórios e passivos contingentes | C109: Update of indemnification assets and contingent liabilities | E109: -22620.26 | F109: 0 | G109: -20809.18 | H109: -25087.489 | I109: =SUM(E109:H109) -> -68516.929 | J109: -5511.0061 | K109: -525.73917 | L109: -1610.9976 | M109: -11596.782 | N109: =L109+K109+J109+M109 -> -19244.525 | O109: -2964.6925 | P109: 56156.077 | Q109: -10103.776 | R109: -21594.976 | S109: =SUM(O109:R109) -> 21492.633 | T109: -2235.2806 | U109: 4276.9267 | V109: -5864.1065 | W109: 8384.5372 | X109: =SUM(T109:W109) -> 4562.0769 | Y109: -6294.4481 | Z109: -4379.3061 | AA109: =SUM(Y109:Z109) -> -10673.754
B110: Recebimento de ativo superveniente | C110: Acquisition debt chart account | E110: 0 | F110: 0 | G110: 0 | H110: 0 | I110: =SUM(E110:H110) -> 0 | J110: 0 | K110: 0 | L110: 0 | M110: 0 | N110: =L110+K110+J110+M110 -> 0 | O110: 0 | P110: 0 | Q110: 0 | R110: -2999.9775 | S110: =SUM(O110:R110) -> -2999.9775 | T110: 0 | U110: 0 | V110: 0 | W110: 0 | X110: =SUM(T110:W110) -> 0 | Y110: 0 | Z110: 0 | AA110: =SUM(Y110:Z110) -> 0
B111: Atualização/Baixa earn out | C111: Update/Write-off of earn-out | E111: 1340.3877 | F111: 4651.3241 | G111: -3320.4051 | H111: 19122.14 | I111: =SUM(E111:H111) -> 21793.447 | J111: 1887.3936 | K111: 84.03441 | L111: -13012.114 | M111: -1531.7892 | N111: =L111+K111+J111+M111 -> -12572.475 | O111: 2081.9983 | P111: -48033.341 | Q111: 10258.834 | R111: -11288.356 | S111: =SUM(O111:R111) -> -46980.865 | T111: -4554.7917 | U111: 5536.3939 | V111: 0 | W111: 7256.0858 | X111: =SUM(T111:W111) -> 8237.688 | Y111: 268.39787 | Z111: 274.4479 | AA111: =SUM(Y111:Z111) -> 542.84577
B112: Reversão de tributos sub júdice | C112: Reversal of taxes under judicial review | E112: 0 | F112: -230 | G112: 0 | H112: -57181.672 | I112: =SUM(E112:H112) -> -57411.672 | J112: 0 | K112: -258.33171 | L112: 0 | M112: -132845.02 | N112: =L112+K112+J112+M112 -> -133103.35 | O112: 0 | P112: 0 | Q112: 0 | R112: -101816.03 | S112: =SUM(O112:R112) -> -101816.03 | T112: 0 | U112: -803.67451 | V112: -397.45661 | W112: -134908.89 | X112: =SUM(T112:W112) -> -136110.02 | Y112: 0 | Z112: 0 | AA112: =SUM(Y112:Z112) -> 0
B113: Compra vantajosa | C113: Advantageous purchase | E113: 0 | F113: 0 | G113: 0 | H113: 0 | I113: =SUM(E113:H113) -> 0 | J113: -17696.174 | K113: 1131.5285 | L113: 0 | M113: 3414.4577 | N113: =L113+K113+J113+M113 -> -13150.188 | O113: 0 | P113: 0 | Q113: 0 | R113: 0 | S113: =SUM(O113:R113) -> 0 | T113: 0 | U113: 0 | V113: 0 | W113: 0 | X113: =SUM(T113:W113) -> 0 | Y113: 0 | Z113: 0 | AA113: =SUM(Y113:Z113) -> 0
B114: Recebimento de processos Civeis e tributários de aquisição | C114: Indemnifiable acquisition processes | E114: 0 | F114: 0 | G114: 0 | H114: 0 | I114: =SUM(E114:H114) -> 0 | J114: 0 | K114: 0 | L114: 0 | M114: 0 | N114: =L114+K114+J114+M114 -> 0 | O114: 0 | P114: 0 | Q114: 0 | R114: 0 | S114: =SUM(O114:R114) -> 0 | T114: -12032.609 | U114: 0 | V114: 0 | W114: -821.35833 | X114: =SUM(T114:W114) -> -12853.967 | Y114: 0 | Z114: 0 | AA114: =SUM(Y114:Z114) -> 0
B115: Receitas com aquisições de controladas | C115: Revenues from acquisitions of subsidiaries | E115: 0 | F115: 0 | G115: 0 | H115: 0 | I115: =SUM(E115:H115) -> 0 | J115: 0 | K115: 0 | L115: 0 | M115: 0 | N115: =L115+K115+J115+M115 -> 0 | O115: 0 | P115: 0 | Q115: 0 | R115: 0 | S115: =SUM(O115:R115) -> 0 | T115: 0 | U115: -11128.944 | V115: -1365.303 | W115: -364.42491 | X115: =SUM(T115:W115) -> -12858.672 | Y115: -1280.5699 | Z115: -71679.961 | AA115: =SUM(Y115:Z115) -> -72960.53
B116: Reversão FAP Adquiridas | C116: Reversal of FAP Acquired Companies | E116: 0 | F116: -10338.85 | G116: 0 | H116: 0 | I116: =SUM(E116:H116) -> -10338.85 | J116: 0 | K116: 0 | L116: 0 | M116: 0 | N116: =L116+K116+J116+M116 -> 0 | O116: 0 | P116: 0 | Q116: 0 | R116: 0 | S116: =SUM(O116:R116) -> 0 | T116: 0 | U116: 0 | V116: 0 | W116: 0 | X116: =SUM(T116:W116) -> 0 | Y116: 0 | Z116: 0 | AA116: =SUM(Y116:Z116) -> 0
... B120: Baixa repasse de superveniência - M&A | C120: Supervening assets reversal | E120: 0 | F120: 0 | G120: 0 | H120: 0 | I120: =SUM(E120:H120) -> 0 | J120: 0 | K120: 0 | L120: 0 | M120: 0 | N120: =L120+K120+J120+M120 -> 0 | O120: 0 | P120: 0 | Q120: 0 | R120: -1654 | S120: =SUM(O120:R120) -> -1654 | T120: 0 | U120: 0 | V120: 0 | W120: -7111.8086 | X120: =SUM(T120:W120) -> -7111.8086 | Y120: 0 | Z120: 0 | AA120: =SUM(Y120:Z120) -> 0
B121: Reversão Sistema S | C121: Reversal "Sistema S" | E121: 0 | F121: 0 | G121: 0 | H121: 0 | I121: =SUM(E121:H121) -> 0 | J121: 0 | K121: 0 | L121: 0 | M121: 0 | N121: =SUM(J121:M121) -> 0 | O121: 0 | P121: 0 | Q121: 0 | R121: 0 | S121: =SUM(O121:R121) -> 0 | T121: 0 | U121: 0 | V121: 0 | W121: 0 | X121: =SUM(T121:W121) -> 0 | Y121: 0 | Z121: -247123.32 | AA121: =SUM(Y121:Z121) -> -247123.32
B122: Reversão PLR Sistema S | C122: Reversal "Sistema S" on Bônus | E122: 0 | F122: 0 | G122: 0 | H122: 0 | I122: =SUM(E122:H122) -> 0 | J122: 0 | K122: 0 | L122: 0 | M122: 0 | N122: =SUM(J122:M122) -> 0 | O122: 0 | P122: 0 | Q122: 0 | R122: 0 | S122: =SUM(O122:R122) -> 0 | T122: 0 | U122: 0 | V122: 0 | W122: 0 | X122: =SUM(T122:W122) -> 0 | Y122: 0 | Z122: 7359.084 | AA122: =SUM(Y122:Z122) -> 7359.084
...

Sheet DRE ABERTO new (DF) Income St 
B2: DRE | C2: Income Statement | E2: 1T22 | F2: 2T22 | G2: 3T22 | H2: 4T22 | I2: 2022 | J2: 1T23 | K2: 2T23 | L2: 3T23 | M2: 4T23 | N2: 2023 | O2: 1T24 | P2: 2T24 | Q2: 3T24 | R2: 4T24 | S2: 2024 | T2: 1T25 | U2: 2T25 | V2: 3T25 | W2: 4T25 | X2: 2025 | Y2: 1T26 | Z2: 2T26 | AA2: 1S26
B3: Receita bruta | C3: Net Revenue | E3: 2278579.3 | F3: 2435125.9 | G3: 2641906.8 | H3: 2693045.6 | I3: =SUM(E3:H3) -> 10048658 | J3: 2732887.2 | K3: 2837028.6 | L3: 2827077.4 | M3: 3111383.9 | N3: =L3+K3+J3+M3 -> 11508377 | O3: 3324751.1 | P3: 3767757.5 | Q3: 4418306.8 | R3: 4391276.1 | S3: =SUM(O3:R3) -> 15902091 | T3: 4449043 | U3: 4642735.6 | V3: 4828551.4 | W3: 4769885.5 | X3: =SUM(T3:W3) -> 18690216 | Y3: 4846421.3 | Z3: 4960896.1 | AA3: =SUM(Y3:Z3) -> 9807317.4
B4: (-) Impostos | C4: (-) Taxes | E4: -196977.67 | F4: -210202.29 | G4: -215350.39 | H4: -207443.41 | I4: =SUM(E4:H4) -> -829973.76 | J4: -205261.77 | K4: -227002.2 | L4: -198358.5 | M4: -246600.87 | N4: =L4+K4+J4+M4 -> -877223.34 | O4: -252721.17 | P4: -274849.64 | Q4: -305563.47 | R4: -294588.15 | S4: =SUM(O4:R4) -> -1127722.4 | T4: -344956.46 | U4: -344363.22 | V4: -366227.63 | W4: -351509.1 | X4: =SUM(T4:W4) -> -1407056.4 | Y4: -362537.15 | Z4: -363060.18 | AA4: =SUM(Y4:Z4) -> -725597.34
B5: Receita líquida | C5: Net Revenue | E5: =E3+E4 -> 2081601.6 | F5: =F3+F4 -> 2224923.6 | G5: =G3+G4 -> 2426556.4 | H5: =H3+H4 -> 2485602.2 | I5: =SUM(E5:H5) -> 9218683.8 | J5: =J3+J4 -> 2527625.4 | K5: =K3+K4 -> 2610026.4 | L5: =L3+L4 -> 2628718.9 | M5: =M3+M4 -> 2864783.1 | N5: =L5+K5+J5+M5 -> 10631154 | O5: =O3+O4 -> 3072029.9 | P5: =P3+P4 -> 3492907.9 | Q5: =Q3+Q4 -> 4112743.3 | R5: =R3+R4 -> 4096687.9 | S5: =SUM(O5:R5) -> 14774369 | T5: =T3+T4 -> 4104086.6 | U5: =U3+U4 -> 4298372.4 | V5: =V3+V4 -> 4462323.8 | W5: =W3+W4 -> 4418376.4 | X5: =SUM(T5:W5) -> 17283159 | Y5: =Y3+Y4 -> 4483884.1 | Z5: =Z3+Z4 -> 4597835.9 | AA5: =SUM(Y5:Z5) -> 9081720
B6: Custo dos serviços prestados | C6: Costs of services rendered and goods sold | E6: =SUM(E7:E22) -> -1767369.1 | F6: =SUM(F7:F22) -> -1840861.5 | G6: =SUM(G7:G22) -> -1984701.8 | H6: =SUM(H7:H22) -> -2090323 | I6: =SUM(E6:H6) -> -7683255.4 | J6: =SUM(J7:J22) -> -2075616 | K6: =SUM(K7:K22) -> -2126705.2 | L6: =SUM(L7:L22) -> -2150979.8 | M6: =SUM(M7:M22) -> -2443867 | N6: =SUM(J6:M6) -> -8797168 | O6: =SUM(O7:O22) -> -2532276.1 | P6: =SUM(P7:P22) -> -2919565.9 | Q6: =SUM(Q7:Q22) -> -3470870.7 | R6: =SUM(R7:R22) -> -3617137.2 | S6: =SUM(O6:R6) -> -12539850 | T6: =SUM(T7:T22) -> -3445554.4 | U6: =SUM(U7:U22) -> -3651208.6 | V6: =SUM(V7:V22) -> -3766272 | W6: =SUM(W7:W22) -> -3885597.3 | X6: =SUM(T6:W6) -> -14748632 | Y6: =SUM(Y7:Y22) -> -3776170 | Z6: =SUM(Z7:Z22) -> -3894872 | AA6: =SUM(Y6:Z6) -> -7671042
B7: Custos com pessoal | C7: Personnel Costs | E7: -1318431.6 | F7: -1339079.9 | G7: -1429185.5 | H7: -1450472.4 | I7: -5537169.5 | J7: -1493640.8 | K7: -1496340.3 | L7: -1503539.7 | M7: -1658558.4 | N7: -6152079.3 | O7: -1754605.4 | P7: -1869779 | Q7: -2040231.5 | R7: -2075689.6 | S7: =SUM(O7:R7) -> -7740305.5 | T7: -2073158.5 | U7: -2151690.1 | V7: -2180350.1 | W7: -2165314.7 | X7: =SUM(T7:W7) -> -8570513.3 | Y7: -2237637.1 | Z7: -2287047.2 | AA7: =SUM(Y7:Z7) -> -4524684.3
B8: Benefícios | C8: Benefits | E8: -224179.68 | F8: -252513.96 | G8: -267574.32 | H8: -276286.01 | I8: -1020554 | J8: -275607.4 | K8: -288532.73 | L8: -297382.66 | M8: -333268.88 | N8: -1194791.7 | O8: -350591.14 | P8: -394009.12 | Q8: -434087.82 | R8: -455075.23 | S8: =SUM(O8:R8) -> -1633763.3 | T8: -435448.24 | U8: -468168 | V8: -484239.11 | W8: -484986.66 | X8: =SUM(T8:W8) -> -1872842 | Y8: -472096.73 | Z8: -487704.06 | AA8: =SUM(Y8:Z8) -> -959800.8
B9: Locações | C9: Rentals | E9: -48916.271 | F9: -50785.733 | G9: -57538.847 | H9: -58404.146 | I9: -215645 | J9: -63741.647 | K9: -69677.956 | L9: -71265.343 | M9: -85381.665 | N9: -290066.61 | O9: -102892.79 | P9: -116895.36 | Q9: -131242.77 | R9: -142075.23 | S9: =SUM(O9:R9) -> -493106.14 | T9: -135533.3 | U9: -147398.28 | V9: -161102.51 | W9: -150493.48 | X9: =SUM(T9:W9) -> -594527.57 | Y9: -143441.1 | Z9: -148597.33 | AA9: =SUM(Y9:Z9) -> -292038.44
B10: Manutenções e serviços de terceiros | C10: Maintenance and Third-Party Services | E10: -44650.796 | F10: -52945.158 | G10: -64041.099 | H10: -65701.378 | I10: -227338.43 | J10: -64723.99 | K10: -73030.93 | L10: -85224.358 | M10: -99055.489 | N10: -322034.77 | O10: -103608.39 | P10: -133326.57 | Q10: -159797.34 | R10: -164541.37 | S10: =SUM(O10:R10) -> -561273.67 | T10: -139937.51 | U10: -166212.61 | V10: -164667.46 | W10: -168794.85 | X10: =SUM(T10:W10) -> -639612.43 | Y10: -167190 | Z10: -185021.93 | AA10: =SUM(Y10:Z10) -> -352211.93
B11: Provisão para contingências trabalhistas | C11: Provision for Labor Contingencies | E11: -6790.0732 | F11: 9172.0904 | G11: 1793.0042 | H11: -8190.2952 | I11: -4015.2737 | J11: 355.60139 | K11: -1927.8767 | L11: 7313.6077 | M11: -764.93955 | N11: 4976.3928 | O11: 1905.6366 | P11: 523.00245 | Q11: -7086.305 | R11: 1279.5583 | S11: =SUM(O11:R11) -> -3378.1076 | T11: 454.45669 | U11: -895.61925 | V11: -7732.8249 | W11: -4516.6571 | X11: =SUM(T11:W11) -> -12690.645 | Y11: 9915.5196 | Z11: 352.03649 | AA11: =SUM(Y11:Z11) -> 10267.556
B12: Depreciação de ativos | C12: Asset Depreciation | E12: -12308.977 | F12: -14476.56 | G12: -16351.357 | H12: -17392.033 | I12: -60528.926 | J12: -17977.036 | K12: -19086.189 | L12: -19792.697 | M12: -21326.945 | N12: -78182.868 | O12: -24866.747 | P12: -29621.089 | Q12: -39520.331 | R12: -37464.26 | S12: =SUM(O12:R12) -> -131472.43 | T12: -38391.794 | U12: -38992.753 | V12: -38820.009 | W12: -37151.789 | X12: =SUM(T12:W12) -> -153356.35 | Y12: -35993.506 | Z12: -34979.44 | AA12: =SUM(Y12:Z12) -> -70972.945
B13: Impostos e taxas | C13: Taxes and Fees | E13: -7349.3534 | F13: -8945.1318 | G13: -9920.8267 | H13: -12569.419 | I13: -38784.731 | J13: -11919.545 | K13: -12185.151 | L13: -13005.281 | M13: -13614.844 | N13: -50724.821 | O13: -14365.068 | P13: -19206.356 | Q13: -20449.556 | R13: -20743.799 | S13: =SUM(O13:R13) -> -74764.778 | T13: -23147.083 | U13: -24251.623 | V13: -25239.543 | W13: -23941.693 | X13: =SUM(T13:W13) -> -96579.942 | Y13: -24941.693 | Z13: -25858.539 | AA13: =SUM(Y13:Z13) -> -50800.232
B14: Perdas com clientes | C14: Customer Losses | E14: 0 | F14: 0 | G14: -1524.1914 | H14: -41596.297 | I14: -43120.489 | J14: 1808.3509 | K14: -3677.0368 | L14: 196.65274 | M14: -41647.412 | N14: -43319.445 | O14: 0 | P14: 0 | Q14: 0 | R14: -64074.715 | S14: =SUM(O14:R14) -> -64074.715 | T14: -36.00609 | U14: -54.86537 | V14: 1195.2143 | W14: -91917.305 | X14: =SUM(T14:W14) -> -90812.962 | Y14: 93.2612 | Z14: 937.17031 | AA14: =SUM(Y14:Z14) -> 1030.4315
B15: Pagamentos ações não trabalhistas | C15: Payments for Non-Labor Lawsuits | E15: -321 | F15: -1387.1484 | G15: -7.10537 | H15: 123.0511 | I15: -1592.2027 | J15: -1121.086 | K15: -671.23936 | L15: -365.09954 | M15: 349.27852 | N15: -1808.1464 | O15: -2312.8574 | P15: -4152.4233 | Q15: -1725.7706 | R15: -2036.7354 | S15: =SUM(O15:R15) -> -10227.787 | T15: -595.46787 | U15: -1018.4975 | V15: -76.16461 | W15: -567.59432 | X15: =SUM(T15:W15) -> -2257.7243 | Y15: -662.42282 | Z15: -280.11151 | AA15: =SUM(Y15:Z15) -> -942.53433
B16: Pagamentos ações trabalhistas | C16: Payments for Labor Lawsuits | E16: -20550.8 | F16: -23663.853 | G16: -23994.822 | H16: -27141.466 | I16: -95350.941 | J16: -28242.567 | K16: -34815.794 | L16: -40293.402 | M16: -46799.688 | N16: -150151.45 | O16: -48819.748 | P16: -70184.477 | Q16: -85036.293 | R16: -87527.791 | S16: =SUM(O16:R16) -> -291568.31 | T16: -65383.08 | U16: -82528.712 | V16: -80873.687 | W16: -82755.308 | X16: =SUM(T16:W16) -> -311540.79 | Y16: -68488.206 | Z16: -79010.885 | AA16: =SUM(Y16:Z16) -> -147499.09
B17: Custo das mercadorias vendidas | C17: Cost of Goods Sold | E17: -31502.506 | F17: -31019.158 | G17: -43443.603 | H17: -45686.569 | I17: -151651.84 | J17: -40571.094 | K17: -44772.079 | L17: -38361.498 | M17: -41804.043 | N17: -165508.71 | O17: -48245.427 | P17: -162789.05 | Q17: -412175.15 | R17: -431995.7 | S17: =SUM(O17:R17) -> -1055205.3 | T17: -393977.23 | U17: -421920.47 | V17: -479282.67 | W17: -505553.88 | X17: =SUM(T17:W17) -> -1800734.3 | Y17: -480407.09 | Z17: -514239.71 | AA17: =SUM(Y17:Z17) -> -994646.79
B18: Materiais e insumos | C18: Materials and Supplies | E18: -51661.046 | F18: -67701.558 | G18: -65340.083 | H18: -74173.345 | I18: -258876.03 | J18: -73529.112 | K18: -73523.788 | L18: -79065.509 | M18: -86667.247 | N18: -312785.66 | O18: -62227.176 | P18: -89582.305 | Q18: -111853.09 | R18: -100558.66 | S18: =SUM(O18:R18) -> -364221.23 | T18: -111955.31 | U18: -120787.9 | V18: -123125.86 | W18: -130457.32 | X18: =SUM(T18:W18) -> -486326.38 | Y18: -121197.54 | Z18: -112604.38 | AA18: =SUM(Y18:Z18) -> -233801.92
... B22: Outros | C22: Other | E22: 6458.1099 | F22: -2854.3311 | G22: -2157.5973 | H22: -6493.2902 | I22: -5047.1086 | J22: 1614.7606 | K22: 299.10629 | L22: 385.17436 | M22: -2390.4215 | N22: -91.38025 | O22: -4595 | P22: -156.75605 | Q22: 343.27866 | R22: -3582.6279 | S22: =SUM(O22:R22) -> -7991.1053 | T22: -7110.846 | U22: -6277.7866 | V22: -123.07602 | W22: -18367.168 | X22: =SUM(T22:W22) -> -31878.877 | Y22: -14923.429 | Z22: -37.89041 | AA22: =SUM(Y22:Z22) -> -14961.32
B25: Lucro bruto | C25: Gross Profit | E25: =E5+E6 -> 314232.53 | F25: =F5+F6 -> 384062.09 | G25: =G5+G6 -> 441854.56 | H25: =H5+H6 -> 395279.22 | I25: =I5+I6 -> 1535428.4 | J25: =J5+J6 -> 452009.44 | K25: =K5+K6 -> 483321.18 | L25: =L5+L6 -> 477739.17 | ... R25: =R5+R6 -> 479550.7 | S25: =SUM(O25:R25) -> 2234519 | T25: =T5+T6 -> 658532.2 | U25: =U5+U6 -> 647163.77 | V25: =V5+V6 -> 696051.81 | W25: =W5+W6 -> 532779.15 | X25: =SUM(T25:W25) -> 2534526.9 | Y25: =Y5+Y6 -> 707714.13 | Z25: =Z5+Z6 -> 702963.9 | AA25: =SUM(Y25:Z25) -> 1410678
B26: Mg Bruta % | C26: Gross Margin % | E26: =E25/E5 -> 0.1509571 | F26: =F25/F5 -> 0.1726181 | G26: =G25/G5 -> 0.1820912 | H26: =H25/H5 -> 0.15902755 | I26: =I25/I5 -> 0.16655614 | J26: =J25/J5 -> 0.1788277 | K26: =K25/K5 -> 0.18517865 | L26: =L25/L5 -> 0.1817384 | ... AA26: =AA25/AA5 -> 0.15533159
B28: Despesas gerais e administrativas | C28: General and Administrative Expenses | E28: =SUM(E29:E53) -> -131415.57 | F28: =SUM(F29:F53) -> -170571.26 | G28: =SUM(G29:G53) -> -169623.78 | H28: =SUM(H29:H53) -> -168833.39 | I28: =SUM(I29:I53) -> -640444 | J28: =SUM(J29:J53) -> -178689 | K28: =SUM(K29:K53) -> -200287.41 | L28: =SUM(L29:L53) -> -199891.59 | ... AA28: =SUM(AA29:AA53) -> -671218
B29: Custos com pessoal | C29: Personnel Costs | E29: -80499.963 | F29: -82358.575 | G29: -94648.927 | H29: -103722.71 | I29: -361230.17 | J29: -91516.49 | K29: -101974.51 | L29: -99953.863 | M29: -100339.94 | N29: -393784.8 | O29: -109716.6 | P29: -132550 | Q29: -133636.2 | R29: -124279.7 | S29: =SUM(O29:R29) -> -500182.5 | T29: -144362.84 | U29: -150063.38 | V29: -154623.82 | W29: -152710.04 | X29: =SUM(T29:W29) -> -601760.08 | Y29: -171907.5 | Z29: -172950.04 | AA29: =SUM(Y29:Z29) -> -344857.54
B30: Benefícios | C30: Benefits | E30: -5591.7717 | F30: -6672.1883 | G30: -7459.4797 | H30: -6722.5404 | I30: -26445.98 | J30: -5984.6245 | K30: -10683.502 | L30: -13815.882 | M30: -14532.516 | N30: -45016.523 | O30: -18761.419 | P30: -22933.323 | Q30: -18886.848 | R30: -21816.885 | S30: =SUM(O30:R30) -> -82398.475 | T30: -20238.426 | U30: -18014.914 | V30: -22659.118 | W30: -23071.582 | X30: =SUM(T30:W30) -> -83984.041 | Y30: -23614.261 | Z30: -18301.317 | AA30: =SUM(Y30:Z30) -> -41915.578
B31: Locações | C31: Leases | E31: 585.46344 | F31: -1088.4558 | G31: 772.74546 | H31: 633.87003 | I31: 903.62318 | J31: -1533.5056 | K31: -1720.9285 | L31: -2057.8893 | M31: -2668.7527 | N31: -7981.0762 | O31: 8675.5074 | P31: 7613.0925 | Q31: 7789.5509 | R31: 8285.9362 | S31: =SUM(O31:R31) -> 32364.087 | T31: 8983.3517 | U31: 7930.8659 | V31: 14653.83 | W31: -4146.6332 | X31: =SUM(T31:W31) -> 27421.414 | Y31: -2397.238 | Z31: -4618.7362 | AA31: =SUM(Y31:Z31) -> -7015.9742
B32: Manutenções e serviços de terceiros | C32: Maintenance and Third-Party Services | E32: -10659.493 | F32: -9953.23 | G32: -12366.419 | H32: -9960.9184 | I32: -42940.061 | J32: -9361.4664 | K32: -8098.9398 | L32: -10947.447 | M32: -16185.059 | N32: -44592.913 | O32: -15190.832 | P32: -13453.143 | Q32: -14599.123 | R32: -20815.474 | S32: =SUM(O32:R32) -> -64058.571 | T32: -13931.051 | U32: -17866.386 | V32: -16242.315 | W32: -17944.457 | X32: =SUM(T32:W32) -> -65984.209 | Y32: -19047.573 | Z32: -17196.123 | AA32: =SUM(Y32:Z32) -> -36243.696
B33: Provisão para contingências trabalhistas | C33: Provision for Labor Contingencies | E33: 605.09934 | F33: -261.96593 | G33: -192.83819 | H33: -40.21468 | I33: 110.08054 | J33: -160.92849 | K33: -188.93044 | L33: 383.50698 | M33: 2894.9286 | N33: 2928.5767 | O33: -767.95636 | P33: -4078.6484 | Q33: 33.34714 | R33: 13271.642 | S33: =SUM(O33:R33) -> 8458.3848 | T33: -7.46787 | U33: 44.57112 | V33: -203.40028 | W33: 1497.8406 | X33: =SUM(T33:W33) -> 1331.5435 | Y33: 303.53758 | Z33: -375.43045 | AA33: =SUM(Y33:Z33) -> -71.89287
B34: Provisão para contingências não trabalhistas | C34: Provision for Non-Labor Contingencies | E34: 1651.0012 | F34: -2574.4364 | G34: -1261.0659 | H34: 1730.3573 | I34: -454.1438 | J34: -3618.409 | K34: -220.32418 | L34: 3907.439 | M34: -3577.0844 | N34: -3508.3786 | O34: -3168.3052 | P34: -2612.1873 | Q34: 369.13771 | R34: -7971.1073 | S34: =SUM(O34:R34) -> -13382.462 | T34: -7037.2247 | U34: -2786.1488 | V34: -4145.3184 | W34: -12480.551 | X34: =SUM(T34:W34) -> -26449.243 | Y34: -6562.0391 | Z34: -42582.609 | AA34: =SUM(Y34:Z34) -> -49144.648
B35: Provisão para Bonus | C35: Provision for Bonuses | E35: -22974 | F35: -25476.465 | G35: -29716.584 | H35: -50810.476 | I35: -128977.52 | J35: -30297.202 | K35: -32473.237 | L35: -35899.867 | M35: -62986.003 | N35: -161656.31 | O35: -34869.14 | P35: -35070.214 | Q35: -31534.583 | R35: -49254.27 | S35: =SUM(O35:R35) -> -150728.21 | T35: -37033.658 | U35: -31062.148 | V35: -39322.654 | W35: -40291.788 | X35: =SUM(T35:W35) -> -147710.25 | Y35: -22618.087 | Z35: -23107.513 | AA35: =SUM(Y35:Z35) -> -45725.6
B36: Depreciação de ativos | C36: Asset Depreciation | E36: -4970.0573 | F36: -5527.4058 | G36: -7611.6433 | H36: -7383.9674 | I36: -25493.074 | J36: -5886.9539 | K36: -6666.9142 | L36: -6958.9609 | M36: -13912.303 | N36: -33425.132 | O36: -16879.253 | P36: -19282.911 | Q36: -23639.792 | R36: -26599.193 | S36: =SUM(O36:R36) -> -86401.148 | T36: -21848.139 | U36: -22054.568 | V36: -15329.279 | W36: -13233.226 | X36: =SUM(T36:W36) -> -72465.212 | Y36: -15525.183 | Z36: -12184.203 | AA36: =SUM(Y36:Z36) -> -27709.385
B37: Impostos e taxas | C37: Taxes and Fees | E37: -2241.2538 | F37: -2328.8291 | G37: -2569.2254 | H37: -2703.1805 | I37: -9842.4888 | J37: -3700.6162 | K37: -3821.2077 | L37: -3300.6453 | M37: -3936.8613 | N37: -14759.33 | O37: -5233.7251 | P37: -1984.7817 | Q37: -4849.6503 | R37: -4691.7143 | S37: =SUM(O37:R37) -> -16759.871 | T37: -9300.3987 | U37: -10381.632 | V37: -11732.209 | W37: -10336.478 | X37: =SUM(T37:W37) -> -41750.718 | Y37: -10133.446 | Z37: -9080.3822 | AA37: =SUM(Y37:Z37) -> -19213.828
B38: Perdas com clientes | C38: Losses from Customers | E38: -99.357 | F38: -451.643 | G38: -93.28856 | H38: 2197.7771 | I38: 1553.4885 | J38: -168.53557 | K38: -98.91819 | L38: -273.92607 | M38: 1967.8248 | N38: 1426.445 | O38: -2662.0934 | P38: -1438.5031 | Q38: 2907.0828 | R38: 7478.098 | S38: =SUM(O38:R38) -> 6284.5842 | T38: -71.26073 | U38: -39.92271 | V38: -199.07426 | W38: 1106.2143 | X38: =SUM(T38:W38) -> 795.95657 | Y38: -0.00534 | Z38: 0 | AA38: =SUM(Y38:Z38) -> -0.00534
B39: Pagamentos ações não trabalhistas | C39: Payments for Non-Labor Lawsuits | E39: -161.38711 | F39: -9.60634 | G39: 7.01493 | H39: -509.63709 | I39: -673.61561 | J39: -348.82859 | K39: -50.57462 | L39: -548.80975 | M39: -2894.6406 | N39: -3842.8536 | O39: -1434.1426 | P39: 1706.4233 | Q39: -1304.0597 | R39: -1474.1698 | S39: =SUM(O39:R39) -> -2505.9487 | T39: -1909.8581 | U39: -1737.6513 | V39: -2787.3603 | W39: -1793.1951 | X39: =SUM(T39:W39) -> -8228.0648 | Y39: -2307.5848 | Z39: -1715.6537 | AA39: =SUM(Y39:Z39) -> -4023.2385
B40: Pagamentos ações trabalhistas | C40: Payments for Labor Lawsuits | E40: -92.20019 | F40: -14.69644 | G40: -506.04206 | H40: -24.91445 | I40: -637.85314 | J40: -47.75751 | K40: -340.84625 | L40: -246.73725 | M40: -1461.2072 | N40: -2096.5482 | O40: -987.25175 | P40: 1573.4765 | Q40: -1544.874 | R40: 1776.132 | S40: =SUM(O40:R40) -> 817.48279 | T40: -749.51211 | U40: -1757.3147 | V40: -2619.9101 | W40: -2120.8135 | X40: =SUM(T40:W40) -> -7247.5505 | Y40: -1658.7141 | Z40: -1691.8207 | AA40: =SUM(Y40:Z40) -> -3350.5348
... B45: Amortização - carteira de clientes, marcas e ativo fixo | C45: Amortization - Customer Portfolio, Brands and Fixed Assets | E45: -28145 | F45: -31547.496 | G45: -30947.021 | H45: -14601.37 | I45: -105240.89 | J45: -25986.334 | K45: -29494.139 | L45: -33282.774 | M45: -38357.896 | N45: -127121.14 | O45: -43792.441 | P45: -39061.802 | Q45: -45328.43 | R45: -48935.967 | S45: =SUM(O45:R45) -> -177118.64 | T45: -48633.795 | U45: -47722.413 | V45: -46999.244 | W45: -49754.047 | X45: =SUM(T45:W45) -> -193109.5 | Y45: -49869.308 | Z45: -48603.881 | AA45: =SUM(Y45:Z45) -> -98473.189
B46: Amortização - Carteira de clientes adquiridas | C46: Amortization - Acquired Customer Portfolio | E46: 0 | F46: 0 | G46: 0 | H46: 0 | I46: 0 | J46: 0 | K46: 0 | L46: 0 | M46: 0 | N46: 0 | O46: 0 | P46: 0 | Q46: 0 | R46: 0 | S46: 0 | T46: 0 | U46: -190.51188 | V46: -190.59564 | W46: -190.76316 | X46: =SUM(T46:W46) -> -571.87068 | Y46: 0 | Z46: 0 | AA46: =SUM(Y46:Z46) -> 0
B47: Atualização contingencias - PPA | C47: Contingency Update - PPA | E47: 22620 | F47: 0 | G47: 20809.18 | H47: 25087.489 | I47: 68516.669 | J47: 5511.0061 | K47: 525.73917 | L47: 1610.9976 | M47: 11596.782 | N47: 19244.525 | O47: 2964.6925 | P47: -56156.077 | Q47: 10103.776 | R47: 21594.976 | S47: =SUM(O47:R47) -> -21492.633 | T47: 2235.2806 | U47: -4276.9267 | V47: 5864.1065 | W47: 4861.3291 | X47: =SUM(T47:W47) -> 8683.7894 | Y47: 6293.8246 | Z47: 4379.9296 | AA47: =SUM(Y47:Z47) -> 10673.754
B48: Atualização contingencias Trabalhista - PPA | C48: Labor contingency Update - PPA | E48: 0 | F48: 0 | G48: 0 | H48: 0 | I48: =SUM(E48:H48) -> 0 | J48: 0 | K48: 0 | L48: 0 | M48: 0 | N48: =SUM(J48:M48) -> 0 | O48: 0 | P48: 0 | Q48: 0 | R48: 0 | S48: =SUM(O48:R48) -> 0 | T48: 0 | U48: 0 | V48: 0 | W48: 0 | X48: =SUM(T48:W48) -> 0 | Y48: 214 | Z48: 4112.3791 | AA48: =SUM(Y48:Z48) -> 4326.3791
B49: Despesas com Telefonia e Viagem | C49: Telephone and Travel Expenses | E49: -1224.8726 | F49: -2128.9872 | G49: -1289.0486 | H49: -943.19717 | I49: -5586.1055 | J49: -812.84294 | K49: -761.10326 | L49: -890.58642 | M49: -2084.4735 | N49: -4549.0062 | O49: -1945.3945 | P49: -738.75923 | Q49: -2410.7754 | R49: -3943.4255 | S49: =SUM(O49:R49) -> -9038.3546 | T49: -1725.2321 | U49: -1964.613 | V49: -1976.3792 | W49: -1976.9749 | X49: =SUM(T49:W49) -> -7643.1992 | Y49: -1892.4981 | Z49: -1680.919 | AA49: =SUM(Y49:Z49) -> -3573.417
B50: Seguros | C50: Insurance | E50: -308.77072 | F50: -122.9694 | G50: -245.27908 | H50: -110.48296 | I50: -787.50216 | J50: -191.6825 | K50: -147.91926 | L50: -175.61207 | M50: -153.8441 | N50: -669.05793 | O50: -107.99089 | P50: -515.99148 | Q50: 0 | R50: 0 | S50: =SUM(O50:R50) -> -623.98237 | T50: -443.56281 | U50: -363.68355 | V50: -782.268 | W50: -295.00125 | X50: =SUM(T50:W50) -> -1884.5156 | Y50: -328.54419 | Z50: -360.72221 | AA50: =SUM(Y50:Z50) -> -689.2664
B51: Despesas de consumo | C51: Consumer Expenses | E51: 0 | F51: 0 | G51: 0 | H51: 0 | I51: 0 | J51: 0 | K51: 0 | L51: 0 | M51: 0 | N51: 0 | O51: 0 | P51: -2435.4514 | Q51: -2575.7783 | R51: -2901.1811 | S51: =SUM(O51:R51) -> -7912.4108 | T51: -2735.2268 | U51: -3142.4599 | V51: -2899.4764 | W51: -3023.3578 | X51: =SUM(T51:W51) -> -11800.521 | Y51: -2886.0221 | Z51: -3652.1438 | AA51: =SUM(Y51:Z51) -> -6538.1659
B52: Baixa repasse de superveniência - M&A | C52: Supervening assets reversal | E52: 0 | F52: 0 | G52: 0 | H52: 0 | I52: =SUM(E52:H52) -> 0 | J52: 0 | K52: 0 | L52: 0 | M52: 0 | N52: =SUM(J52:M52) -> 0 | O52: 0 | P52: 0 | Q52: 0 | R52: 0 | S52: =SUM(O52:R52) -> 0 | T52: 0 | U52: 0 | V52: 0 | W52: 7111.8086 | X52: =SUM(T52:W52) -> 7111.8086 | Y52: 0 | Z52: 0 | AA52: =SUM(Y52:Z52) -> 0
B53: Outros | C53: Other | E53: 2820.9409 | F53: 4904.0172 | G53: -357.12929 | H53: 862.2989 | I53: 8230.1277 | J53: -212.26511 | K53: -2469.9308 | L53: 3937.9963 | M53: -1609.4013 | N53: -353.60092 | O53: 6135.662 | P53: 1592.9515 | Q53: -5699.4356 | R53: 207.01263 | S53: =SUM(O53:R53) -> 2236.1905 | T53: 351.56953 | U53: 8559.5067 | V53: 5479.4515 | W53: 3068.5172 | X53: =SUM(T53:W53) -> 17459.045 | Y53: 6001.5828 | Z53: 2408.1456 | AA53: =SUM(Y53:Z53) -> 8409.7284
B55: Perdas de crédito esperadas sobre contas a receber | C55: Expected credit losses on accounts receivable | E55: =E56+E57 -> -7879.1 | F55: =F56+F57 -> -29027.9 | G55: =G56+G57 -> -29179 | H55: =H56+H57 -> 55892 | I55: =SUM(E55:H55) -> -10194 | J55: =J56+J57 -> -26959 | K55: =K56+K57 -> -30658 | L55: =L56+L57 -> -25261 | M55: =M56+M57 -> 86260 | N55: =L55+K55+J55+M55 -> 3382 | O55: =O56+O57 -> -31341 | P55: =P56+P57 -> -28969 | Q55: =Q56+Q57 -> -29151.256 | R55: =R56+R57 -> 91295.203 | S55: =SUM(O55:R55) -> 1833.9463 | T55: =T56+T57 -> -48278.625 | U55: =U56+U57 -> -38048.122 | V55: =V56+V57 -> -37929.253 | W55: =W56+W57 -> 118000.35 | X55: =SUM(T55:W55) -> -6255.6464 | Y55: =Y56+Y57 -> -37215.123 | Z55: -34225.877 | AA55: =SUM(Y55:Z55) -> -71441
B56: Provisão para perda esperada dos serviços faturados | C56: Provision for expected loss on invoiced services | E56: -334.6 | F56: -5515.4 | G56: -7835.7396 | H56: 10360.74 | I56: -3325 | J56: -7958 | K56: -8169.4096 | L56: -2483.6719 | M56: 12621.081 | N56: -5990 | O56: -4508 | P56: -1486 | Q56: -930.92885 | R56: 8753.5929 | S56: =SUM(O56:R56) -> 1828.6641 | T56: -12335.397 | U56: -794.28716 | V56: 606.98995 | W56: 7113.1399 | X56: =SUM(T56:W56) -> -5409.5548 | Y56: 606.60426 | Z56: 4797.3957 | AA56: =SUM(Y56:Z56) -> 5404
B57: Provisão para perda esperada dos serviços a faturar | C57: Provision for expected loss on services to be invoiced | E57: -7544.5 | F57: -23512.5 | G57: -21343.26 | H57: 45531.26 | I57: -6869 | J57: -19001 | K57: -22488.59 | L57: -22777.328 | M57: 73638.919 | N57: 9372 | O57: -26833 | P57: -27483 | Q57: -28220.328 | R57: 82541.61 | S57: =SUM(O57:R57) -> 5.28227 | T57: -35943.228 | U57: -37253.835 | V57: -38536.243 | W57: 110887.21 | X57: =SUM(T57:W57) -> -846.09162 | Y57: -37821.727 | Z57: -39023.273 | AA57: =SUM(Y57:Z57) -> -76845
B59: Outras receitas/despesas operacionais | C59: Other operating revenues/expenses | E59: =SUM(E60:E81) -> -5169.7681 | F59: =SUM(F60:F81) -> 519.62537 | G59: =SUM(G60:G81) -> -535.85728 | H59: =SUM(H60:H81) -> 51462 | I59: =SUM(E59:H59) -> 46276 | J59: =SUM(J60:J81) -> 11801.604 | K59: =SUM(K60:K81) -> -1463.6037 | L59: =SUM(L60:L81) -> 6523 | M59: =SUM(M60:M81) -> 114391 | N59: =L59+K59+J59+M59 -> 131252 | O59: =SUM(O60:O81) -> -2589 | P59: =SUM(P60:P81) -> 46679 | Q59: =SUM(Q60:Q81) -> -14984.029 | R59: =SUM(R60:R81) -> 102490.13 | S59: =SUM(O59:R59) -> 131596.1 | T59: =SUM(T60:T81) -> 10682.011 | U59: =SUM(U60:U81) -> 6935.7547 | V59: =SUM(V60:V81) -> -4420 | W59: =SUM(W60:W81) -> 106310.98 | X59: =SUM(T59:W59) -> 119508.74 | Y59: =SUM(Y60:Y81) -> -8819.0428 | Z59: =SUM(Z60:Z81) -> 270933.04 | AA59: =SUM(Y59:Z59) -> 262114
B60: Provisão riscos fiscais | C60: Provision for tax risks | E60: 61.34005 | F60: -836.41905 | G60: 0 | H60: 0 | I60: -775.079 | J60: 0 | K60: 0 | L60: 0 | M60: -10.1628 | N60: -10.1628 | O60: 0 | P60: 0 | Q60: 0 | R60: 0 | S60: =SUM(O60:R60) -> 0 | T60: 0 | U60: 0 | V60: 0 | W60: -9328.8832 | X60: =SUM(T60:W60) -> -9328.8832 | Y60: 0 | Z60: 0 | AA60: =SUM(Y60:Z60) -> 0
B61: Reversão de Tributo Sub Judice | C61: Reversal of Tax Sub Judice | E61: 0 | F61: 230.19438 | G61: 0 | H61: 57181.672 | I61: 57411.867 | J61: 0 | K61: 258.33171 | L61: 0 | M61: 132845.02 | N61: 133103.35 | O61: 0 | P61: 0 | Q61: 0 | R61: 101816.03 | S61: =SUM(O61:R61) -> 101816.03 | T61: 0 | U61: 803.67451 | V61: 397.45661 | W61: 134908.89 | X61: =SUM(T61:W61) -> 136110.02 | Y61: 0 | Z61: 0 | AA61: =SUM(Y61:Z61) -> 0
B62: Despesas com aquisição de controladas | C62: Expenses related to the acquisition of subsidiaries | E62: -3736.3631 | F62: -1863.5115 | G62: -1829.7188 | H62: -1807.4066 | I62: -9237 | J62: -3411.4855 | K62: -2831.1875 | L62: -6961.5139 | M62: -6805.8132 | N62: -20010 | O62: -4693.0637 | P62: -2589.2575 | Q62: -6869.1426 | R62: -14123.425 | S62: =SUM(O62:R62) -> -28274.889 | T62: -2140.5268 | U62: -12969.43 | V62: -6746.018 | W62: -5193.068 | X62: =SUM(T62:W62) -> -27049.043 | Y62: -10412.465 | Z62: -7781.8752 | AA62: =SUM(Y62:Z62) -> -18194.34
B63: Receitas com aquisições de controladas | C63: Revenues from acquisitions of subsidiaries | E63: 0 | F63: 0 | G63: 0 | H63: 0 | I63: 0 | J63: 0 | K63: 0 | L63: 0 | M63: 0 | N63: 0 | O63: 0 | P63: 0 | Q63: 0 | R63: 0 | S63: 0 | T63: 12032.609 | U63: 0 | V63: 0 | W63: 821.35833 | X63: =SUM(T63:W63) -> 12853.967 | Y63: 0 | Z63: 0 | AA63: =SUM(Y63:Z63) -> 0
B64: Ativos indenizáveis de combinação de negócios | C64: Indemnifiable acquisition processes | E64: 0 | F64: 0 | G64: 0 | H64: 0 | I64: 0 | J64: 0 | K64: 0 | L64: 0 | M64: 0 | N64: 0 | O64: 0 | P64: 0 | Q64: 0 | R64: 0 | S64: 0 | T64: 0 | U64: 11128.944 | V64: 1365.303 | W64: 364.42491 | X64: =SUM(T64:W64) -> 12858.672 | Y64: 1280.5699 | Z64: 71679.961 | AA64: =SUM(Y64:Z64) -> 72960.53
B65: Resultado com investimento | C65: Investment result | E65: 0 | F65: 0 | G65: 0 | H65: 0 | I65: 0 | J65: 0 | K65: 0 | L65: 0 | M65: 0 | N65: 0 | O65: 0 | P65: 0 | Q65: 0 | R65: 0 | S65: =SUM(O65:R65) -> 0 | T65: 0 | U65: 0 | V65: 0 | W65: 0 | X65: =SUM(T65:W65) -> 0 | Y65: 0 | Z65: 0 | AA65: =SUM(Y65:Z65) -> 0
B66: Atualização/Baixa earn out | C66: Update/Write-off of earn-out | E66: -1340.3877 | F66: -4650.6123 | G66: 3320.4051 | H66: -19122.14 | I66: -21792.735 | J66: -1887.3936 | K66: -84.03441 | L66: 13012.114 | M66: 1531.7892 | N66: 12572.475 | O66: -2081.8583 | P66: 51176.654 | Q66: -10258.834 | R66: 8145.0431 | S66: =SUM(O66:R66) -> 46981.005 | T66: 4554.7917 | U66: -5536.724 | V66: 0 | W66: -7256.0858 | X66: =SUM(T66:W66) -> -8238.018 | Y66: -268.39787 | Z66: -274.4479 | AA66: =SUM(Y66:Z66) -> -542.84577
B67: Indébito da selic sobre atualização do IR e CSLL | C67: Overpayment of SELIC rate on IR and CSLL update | E67: 0 | F67: 0 | G67: 0 | H67: 0 | I67: 0 | J67: -1.92093 | K67: 0 | L67: 0 | M67: 0 | N67: -1.92093 | O67: 0 | P67: 0 | Q67: 0 | R67: 0 | S67: =SUM(O67:R67) -> 0 | T67: 0 | U67: 0 | V67: 0 | W67: 0 | X67: =SUM(T67:W67) -> 0 | Y67: 0 | Z67: 0 | AA67: =SUM(Y67:Z67) -> 0
B68: Conciliação de saldos a receber | C68: Reconciliation of accounts receivable | E68: 0 | F68: -2033 | G68: 0 | H68: 0 | I68: -2033 | J68: -1278.5918 | K68: 307.40501 | L68: 0 | M68: 0 | N68: -971.18677 | O68: 0 | P68: 0 | Q68: 0 | R68: 0 | S68: =SUM(O68:R68) -> 0 | T68: -1293.2032 | U68: 0 | V68: 0 | W68: 0 | X68: =SUM(T68:W68) -> -1293.2032 | Y68: 0 | Z68: 0 | AA68: =SUM(Y68:Z68) -> 0
B69: Reversão FAP adquiridas | C69: Reversal of FAP acquired companies | E69: 0 | F69: 10339 | G69: 0 | H69: 0 | I69: 10339 | J69: 0 | K69: 0 | L69: 0 | M69: 0 | N69: 0 | O69: 0 | P69: 0 | Q69: 0 | R69: 0 | S69: =SUM(O69:R69) -> 0 | T69: 0 | U69: 0 | V69: 0 | W69: 0 | X69: =SUM(T69:W69) -> 0 | Y69: 0 | Z69: 0 | AA69: =SUM(Y69:Z69) -> 0
B70: Depreciação de ativos | C70: Depreciation of assets | E70: -37.51657 | F70: -37.19696 | G70: -37.18245 | H70: -34.5983 | I70: -146.49428 | J70: -33.71785 | K70: -31.59591 | L70: -31.53222 | M70: -31.5283 | N70: -128.37428 | O70: -31.4982 | P70: -31.47901 | Q70: -30.82795 | R70: -29.83418 | S70: =SUM(O70:R70) -> -123.63934 | T70: -29.24624 | U70: -25.88715 | V70: -24.69367 | W70: -23.62132 | X70: =SUM(T70:W70) -> -103.44838 | Y70: -22.66455 | Z70: -22.02896 | AA70: =SUM(Y70:Z70) -> -44.69351
B71: Pagamentos ações trabalhistas | C71: Payments for labor lawsuits | E71: 9.91275 | F71: 0 | G71: 0 | H71: 0 | I71: 9.91275 | J71: 0 | K71: 0 | L71: 0 | M71: 0 | N71: 0 | O71: 0 | P71: 0 | Q71: 0 | R71: 0 | S71: =SUM(O71:R71) -> 0 | T71: 0 | U71: 0 | V71: 0 | W71: 0 | X71: =SUM(T71:W71) -> 0 | Y71: 0 | Z71: 0 | AA71: =SUM(Y71:Z71) -> 0
B72: Perdas com Clientes | C72: Losses with Clients | E72: 0 | F72: 0 | G72: 0 | H72: 0 | I72: 0 | J72: 0 | K72: 0 | L72: 0 | M72: 0 | N72: 0 | O72: 0 | P72: 0 | Q72: 0 | R72: 0 | S72: =SUM(O72:R72) -> 0 | T72: 0 | U72: 0 | V72: 0 | W72: 0 | X72: =SUM(T72:W72) -> 0 | Y72: 0 | Z72: 0 | AA72: =SUM(Y72:Z72) -> 0
B73: Conta gráfica de dívida de aquisição | C73: Acquisition debt account | E73: 0 | F73: 0 | G73: 0 | H73: 0 | I73: 0 | J73: 0 | K73: 0 | L73: 0 | M73: 0 | N73: 0 | O73: 0 | P73: 0 | Q73: 0 | R73: 4653.9775 | S73: =(SUM(O73:R73)) -> 4653.9775 | T73: 0 | U73: 0 | V73: 0 | W73: 0 | X73: =SUM(T73:W73) -> 0 | Y73: 0 | Z73: 0 | AA73: =SUM(Y73:Z73) -> 0
B74: Ajuste de reconciliação de saldos | C74: Reconciliation adjustment of balances | E74: 0 | F74: 0 | G74: -2630.3405 | H74: 18936.345 | I74: 16306.004 | J74: 964.34989 | K74: 1856.1305 | L74: 466.89022 | M74: -7108.7274 | N74: -3821.3568 | O74: 4255.2356 | P74: 679.64147 | Q74: 2214.5911 | R74: -483.11314 | S74: =SUM(O74:R74) -> 6666.3551 | T74: 328.98366 | U74: 14888.399 | V74: 1435.9233 | W74: -6004.221 | X74: =SUM(T74:W74) -> 10649.085 | Y74: 832.69712 | Z74: -135.52211 | AA74: =SUM(Y74:Z74) -> 697.17501
B75: Constituição de debitos tributários | C75: Establishment of tax liabilities | E75: -165.65141 | F75: -859.02359 | G75: 126.64876 | H75: -3491.9738 | I75: -4390 | J75: 162.44034 | K75: -458.68172 | L75: 0 | M75: -2384.1121 | N75: -2680.3535 | O75: 0 | P75: 0 | Q75: 0 | R75: -639.07569 | S75: =SUM(O75:R75) -> -639.07569 | T75: -2793.2102 | U75: -1365.4062 | V75: -861.76515 | W75: -1980.6506 | X75: =SUM(T75:W75) -> -7001.0321 | Y75: -228.78211 | Z75: -38022.937 | AA75: =SUM(Y75:Z75) -> -38251.719
B76: Locações | C76: Leases | E76: 0 | F76: 0 | G76: 0 | H76: -0.48 | I76: -0.48 | J76: -0.12 | K76: 0 | L76: 0 | M76: 0 | N76: -0.12 | O76: 0 | P76: 0 | Q76: 0 | R76: 0 | S76: =SUM(O76:R76) -> 0 | T76: 0 | U76: 0 | V76: 0 | W76: 0 | X76: =SUM(T76:W76) -> 0 | Y76: 0 | Z76: 0 | AA76: =SUM(Y76:Z76) -> 0
B77: Compra vantajosa | C77: Bargain purchase | E77: 0 | F77: 0 | G77: 0 | H77: 0 | I77: 0 | J77: 17696.174 | K77: -1131.5285 | L77: 0 | M77: -3414.4577 | N77: 13150.188 | O77: 0 | P77: 0 | Q77: 0 | R77: 0 | S77: =SUM(O77:R77) -> 0 | T77: 0 | U77: 0 | V77: 0 | W77: 0 | X77: =SUM(T77:W77) -> 0 | Y77: 0 | Z77: 0 | AA77: =SUM(Y77:Z77) -> 0
B78: Provisão para contingências não trabalhistas | C78: Provision for Non-Labor Contingencies | E78: 0 | F78: 0 | G78: 0 | H78: 0 | I78: =SUM(E78:H78) -> 0 | J78: 0 | K78: 0 | L78: 0 | M78: 0 | N78: =SUM(J78:M78) -> 0 | O78: 0 | P78: 0 | Q78: 0 | R78: 0 | S78: =SUM(O78:R78) -> 0 | T78: 0 | U78: 0 | V78: 0 | W78: 0 | X78: =SUM(T78:W78) -> 0 | Y78: 0 | Z78: 5725.5 | AA78: =SUM(Y78:Z78) -> 5725.5
B79: Reversão de Sistema S | C79: Reversal "Sistema S" | E79: 0 | F79: 0 | G79: 0 | H79: 0 | I79: =SUM(E79:H79) -> 0 | J79: 0 | K79: 0 | L79: 0 | M79: 0 | N79: =SUM(J79:M79) -> 0 | O79: 0 | P79: 0 | Q79: 0 | R79: 0 | S79: =SUM(O79:R79) -> 0 | T79: 0 | U79: 0 | V79: 0 | W79: 0 | X79: =SUM(T79:W79) -> 0 | Y79: 0 | Z79: 247123.32 | AA79: =SUM(Y79:Z79) -> 247123.32
B80: Reversão PLR Sistema S | C80: Reversal "Sistema S" on Bônus | E80: 0 | F80: 0 | G80: 0 | H80: 0 | I80: =SUM(E80:H80) -> 0 | J80: 0 | K80: 0 | L80: 0 | M80: 0 | N80: =SUM(J80:M80) -> 0 | O80: 0 | P80: 0 | Q80: 0 | R80: 0 | S80: =SUM(O80:R80) -> 0 | T80: 0 | U80: 0 | V80: 0 | W80: 0 | X80: =SUM(T80:W80) -> 0 | Y80: 0 | Z80: -7359.084 | AA80: =SUM(Y80:Z80) -> -7359.084
B81: Outros | C81: Other | E81: 38.89783 | F81: 230.19438 | G81: 514.33069 | H81: -199.41811 | I81: 584.00479 | J81: -408.13088 | K81: 651.55713 | L81: 37.04207 | M81: -231.01008 | N81: 49.45824 | O81: -37.81541 | P81: -2556.5589 | Q81: -39.815811 | R81: 3150.5309 | S81: =(SUM(O81:R81)) -> 516.34079 | T81: 21.81346 | U81: 12.18409 | V81: 13.7939 | W81: 2.83184 | X81: =SUM(T81:W81) -> 50.62329 | Y81: 0 | Z81: 0.15386 | AA81: =SUM(Y81:Z81) -> 0.15386
B83: Resultado operacional | C83: Operating Result | E83: =E25+E28+E59+E56+E57 -> 169768.1 | F83: =F25+F28+F59+F56+F57 -> 184982.56 | G83: =(G25+G28+G59+G56+G57) -> 242515.92 | H83: =(H25+H28+H59+H56+H57) -> 333799.83 | I83: =I25+I28+I59+I56+I57 -> 931066.41 | J83: =(J25+J28+J59+J56+J57) -> 258163.04 | K83: =(K25+K28+K59+K56+K57) -> 250912.17 | L83: =(L25+L28+L59+L56+L57) -> 259109.57 | M83: =(M25+M28+M59+M56+M57) -> 370047.07 | N83: =(N25+N28+N59+N56+N57) -> 1138231.8 | O83: =(O25+O28+O59+O56+O57) -> 264123.81 | P83: =(P25+P28+P59+P56+P57) -> 269656.99 | Q83: =(Q25+Q28+Q59+Q56+Q57) -> 331463 | ... S83: =(S25+S28+S59+S56+S57) -> 1278736 | T83: =(T25+T28+T59+T55) -> 319165.96 | U83: =(U25+U28+U59+U55) -> 316921.03 | V83: =(V25+V28+V59+V55) -> 358999.56 | W83: =(W25+W28+W59+W55) -> 438687.49 | X83: =(X25+X28+X59+X55) -> 1433774 | Y83: =(Y25+Y28+Y59+Y55) -> 338214.88 | Z83: =(Z25+Z28+Z59+Z55) -> 591918.14 | AA83: =(AA25+AA28+AA59+AA55) -> 930133.02
B84: Mg Operacional % | C84: Operating Margin % | E84: =E83/E$5 -> 0.081556479 | F84: =F83/F$5 -> 0.083141082 | G84: =G83/G$5 -> 0.099942422 | H84: =H83/H$5 -> 0.13429334 | I84: =I83/I$5 -> 0.10099776 | J84: =J83/J$5 -> 0.10213659 | K84: =K83/K$5 -> 0.096133957 | L84: =L83/L$5 -> 0.098568764 | ... AA84: =AA83/AA$5 -> 0.10241816
B86: Despesas financeiras | C86: Financial Expenses | E86: -105537.89 | F86: -102416.11 | G86: -111112 | H86: -106932 | I86: =SUM(E86:H86) -> -425998 | J86: -169820 | K86: -180021 | L86: -160967 | M86: -159680 | N86: =L86+K86+J86+M86 -> -670488 | O86: -123161 | P86: -246491 | Q86: -222439 | R86: -308026 | S86: =SUM(O86:R86) -> -900117 | T86: -294554 | U86: -292893 | V86: -304997 | W86: -361883 | X86: =SUM(T86:W86) -> -1254327 | Y86: -351889 | Z86: -416544 | AA86: =SUM(Y86:Z86) -> -768433
B87: Receitas financeiras | C87: Financial Revenues | E87: 75385 | F87: 58946 | G87: 53948 | H87: 80326 | I87: =SUM(E87:H87) -> 268605 | J87: 96266 | K87: 113459 | L87: 101642 | M87: 136615 | N87: =L87+K87+J87+M87 -> 447982 | O87: 67777 | P87: 166653 | Q87: 106078 | R87: 235397 | S87: =SUM(O87:R87) -> 575905 | T87: 181031 | U87: 157978 | V87: 157495 | W87: 292610 | X87: =SUM(T87:W87) -> 789114 | Y87: 198779 | Z87: 376049 | AA87: =SUM(Y87:Z87) -> 574828
B90: Lucro antes do IR | C90: Profit Before Income Tax | E90: =E83+E86+E87 -> 139615.21 | F90: =F83+F86+F87 -> 141512.45 | G90: =G83+G86+G87 -> 185351.92 | H90: =H83+H86+H87 -> 307193.83 | I90: =I83+I86+I87 -> 773673.41 | J90: =J83+J86+J87 -> 184609.04 | K90: =K83+K86+K87 -> 184350.17 | L90: =L83+L86+L87 -> 199784.57 | ... AA90: =AA83+AA86+AA87 -> 736528.02
B91: Mg LAIR % | C91: Margin Before Income Tax % | E91: =E90/E$5 -> 0.067071051 | F91: =F90/F$5 -> 0.063603283 | G91: =G90/G$5 -> 0.076384758 | H91: =H90/H$5 -> 0.1235893 | I91: =I90/I$5 -> 0.083924498 | J91: =J90/J$5 -> 0.073036549 | K91: =K90/K$5 -> 0.070631534 | L91: =L90/L$5 -> 0.076000736 | ... AA91: =AA90/AA$5 -> 0.081100058
B93: IR / CSLL (corrente) | C93: Current Income Tax / Social Contribution on Net Profit | E93: -47463.726 | F93: -66940.304 | G93: -74616.97 | H93: -91316 | I93: =SUM(E93:H93) -> -280337 | J93: -63479 | K93: -89896 | L93: -79707 | M93: -55916 | N93: =L93+K93+J93+M93 -> -288998 | O93: -65919 | P93: -97080 | Q93: -90036.368 | R93: -53033 | S93: =SUM(O93:R93) -> -306068.37 | T93: -69623 | U93: -89191 | V93: -76114 | W93: -57719 | X93: =SUM(T93:W93) -> -292647 | Y93: -49326 | Z93: -58945 | AA93: =SUM(Y93:Z93) -> -108271
B94: IR / CSLL (diferidos) | C94: Deferred Income Tax / Social Contribution on Net Profit | E94: 1237.7733 | F94: 27333.279 | G94: 7861.948 | H94: -12737 | I94: =SUM(E94:H94) -> 23696 | J94: 53 | K94: 35407 | L94: 23461 | M94: -39302 | N94: =L94+K94+J94+M94 -> 19619 | O94: -3381 | P94: 47543 | Q94: 22882.091 | R94: -49066 | S94: =SUM(O94:R94) -> 17978.091 | T94: 12116 | U94: 31434 | V94: 21739 | W94: -47059 | X94: =SUM(T94:W94) -> 18230 | Y94: -10679 | Z94: -114685 | AA94: =SUM(Y94:Z94) -> -125364
B95: % IR / CS | C95: % Income Tax / Social Contribution | E95: -0.3310954 | F95: -0.27988191 | G95: -0.35963749 | H95: -0.33901511 | I95: =(I93+I94)/I90 -> -0.33171749 | J95: =(J93+J94)/J90 -> -0.34356931 | K95: =(K93+K94)/K90 -> -0.29557337 | L95: =(L93+L94)/L90 -> -0.28153325 | M95: =(M93+M94)/M90 -> -0.27441764 | N95: =(N93+N94)/N90 -> -0.29416992 | O95: =(O93+O94)/O90 -> -0.33199225 | P95: =(P93+P94)/P90 -> -0.26096967 | ... U95: =(U93+U94)/U90 -> -0.31733564 | V95: -0.25709517 | W95: =(W93+W94)/W90 -> -0.28363262 | X95: =(X93+X94)/X90 -> -0.28332443 | Y95: =(Y93+Y94)/Y90 -> -0.32416757 | Z95: =(Z93+Z94)/Z90 -> -0.31487616 | AA95: =(AA93+AA94)/AA90 -> -0.31721128
B96: Lucro líquido | C96: Net Profit | E96: =E90+E93+E94 -> 93389.254 | F96: =F90+F93+F94 -> 101905.42 | G96: =G90+G93+G94 -> 118596.9 | H96: =H90+H93+H94 -> 203140.83 | I96: =I90+I93+I94 -> 517032.41 | J96: =J90+J93+J94 -> 121183.04 | K96: =K90+K93+K94 -> 129861.17 | L96: =L90+L93+L94 -> 143538.57 | ... AA96: =AA90+AA93+AA94 -> 502893.02
B97: Mg Líquida % | C97: Net Margin % | E97: =E96/E5 -> 0.044864134 | F97: =F96/F5 -> 0.045801762 | G97: =G96/G5 -> 0.04887457 | H97: =H96/H5 -> 0.081727009 | I97: =I96/I5 -> 0.056085274 | J97: =J96/J5 -> 0.047943432 | K97: =K96/K5 -> 0.049754734 | L97: =L96/L5 -> 0.054604002 | ... AA97: =AA96/AA5 -> 0.055374205
B99: (-) IR/CS | C99: (-) Income Tax / Social Contribution on Net Profit | E99: 46224.953 | F99: 39607.025 | G99: 66755.022 | H99: 104053 | I99: =SUM(E99:H99) -> 256640 | J99: 63426 | K99: 54488 | L99: 56246 | M99: 95218.49 | N99: =L99+K99+J99+M99 -> 269378.49 | O99: 69300 | P99: 49537 | Q99: =-SUM(Q93:Q94) -> 67154.277 | R99: =-SUM(R93:R94) -> 102099 | S99: =SUM(O99:R99) -> 288090.28 | T99: 57507 | U99: 57757 | V99: 54375 | W99: =-SUM(W93:W94) -> 104778 | X99: =SUM(T99:W99) -> 274417 | Y99: =-SUM(Y93:Y94) -> 60005 | Z99: =-SUM(Z93:Z94) -> 173630 | AA99: =SUM(Y99:Z99) -> 233635
B100: (-) Resultado Financeiro | C100: (-) Financial Result | E100: 30153.89 | F100: 43469.645 | G100: 57164 | H100: 26606 | I100: =SUM(E100:H100) -> 157393.54 | J100: 73554 | K100: 66563 | L100: 59325 | M100: 23065 | N100: =L100+K100+J100+M100 -> 222507 | O100: 55384 | P100: 79838 | Q100: =-SUM(Q86:Q87) -> 116361 | R100: =-SUM(R86:R87) -> 72629 | S100: =SUM(O100:R100) -> 324212 | T100: 113523 | U100: 134915 | V100: 147502 | W100: =-SUM(W86:W87) -> 69273 | X100: =SUM(T100:W100) -> 465213 | Y100: =-SUM(Y86:Y87) -> 153110 | Z100: =-SUM(Z86:Z87) -> 40495 | AA100: =SUM(Y100:Z100) -> 193605
B101: Depreciação de ativos | C101: Depreciation of Assets | E101: 17316.551 | F101: 19966.914 | G101: 23962.917 | H101: 24775.641 | I101: =SUM(E101:H101) -> 86022.024 | J101: 23897.708 | K101: 25784.699 | L101: 26783.19 | M101: 35142.459 | N101: =L101+K101+J101+M101 -> 111608.06 | O101: 41744.664 | P101: 48906.251 | Q101: =-SUM(Q12,Q36) -> 63160.122 | R101: =-SUM(R12,R36) -> 64063.452 | S101: =SUM(O101:R101) -> 217874.49 | T101: 60269.18 | U101: 61073.208 | V101: 54173.981 | W101: 50408.636 | X101: =SUM(T101:W101) -> 225925.01 | Y101: 51541.353 | Z101: 47185.672 | AA101: =SUM(Y101:Z101) -> 98727.024
B102: Amortização - carteira de clientes, marcas e ativo fixo | C102: Amortization - customer portfolio, brands and fixed assets | E102: 28144.947 | F102: 31547.496 | G102: 30947.021 | H102: 14601.37 | I102: =SUM(E102:H102) -> 105240.83 | J102: 25986.334 | K102: 29494.139 | L102: 33282.774 | M102: 38357.896 | N102: =L102+K102+J102+M102 -> 127121.14 | O102: 43792.441 | P102: 39061.802 | Q102: =-Q45 -> 45328.43 | R102: =-R45 -> 48935.967 | S102: =SUM(O102:R102) -> 177118.64 | T102: =-T45 -> 48633.795 | U102: =-U45 -> 47722.413 | V102: 47380.352 | W102: 49944.81 | X102: =SUM(T102:W102) -> 193681.37 | Y102: 49869.308 | Z102: 48603.881 | AA102: =SUM(Y102:Z102) -> 98473.189
B103: EBITDA (iCVM 527) | C103: EBITDA (ICVM 527) | E103: =E96+E99+E100+E101+E102 -> 215229.6 | F103: =F96+F99+F100+F101+F102 -> 236496.5 | G103: =G96+G99+G100+G101+G102 -> 297425.86 | H103: =H96+H99+H100+H101+H102 -> 373176.84 | I103: =I96+I99+I100+I101+I102 -> 1122328.8 | J103: =J96+J99+J100+J101+J102 -> 308047.08 | K103: =K96+K99+K100+K101+K102 -> 306191.01 | L103: =L96+L99+L100+L101+L102 -> 319175.54 | ... AA103: =AA96+AA99+AA100+AA101+AA102 -> 1127333.2
B104: Mg % | C104: Mg % | E104: =E103/E$5 -> 0.10339615 | F104: =F103/F$5 -> 0.10629421 | G104: =G103/G$5 -> 0.12257117 | H104: =H103/H$5 -> 0.15013539 | I104: =I103/I$5 -> 0.12174502 | J104: =J103/J$5 -> 0.12187212 | K104: =K103/K$5 -> 0.11731337 | L104: =L103/L$5 -> 0.12141866 | ... AA104: =AA103/AA$5 -> 0.12413213
B105: Resultado com alienação de investimento | C105: Result from the sale of investments | E105: 0 | F105: 0 | G105: 0 | H105: 0 | I105: =SUM(E105:H105) -> 0 | J105: 0 | K105: 0 | L105: 0 | M105: 0 | N105: =L105+K105+J105+M105 -> 0 | O105: 0 | P105: 0 | Q105: 0 | R105: 0 | S105: =SUM(O105:R105) -> 0 | T105: 0 | U105: 0 | V105: 0 | W105: 0 | X105: =SUM(T105:W105) -> 0 | Y105: 0 | Z105: 0 | AA105: =SUM(Y105:Z105) -> 0
B106: Provisão riscos fiscais | C106: Provision for tax risks | E106: -61.34005 | F106: 836.41905 | G106: 0 | H106: 0 | I106: =SUM(E106:H106) -> 775.079 | J106: 0 | K106: 0 | L106: 0 | M106: 10.1628 | N106: =L106+K106+J106+M106 -> 10.1628 | O106: 0 | P106: 0 | Q106: 0 | R106: 0 | S106: =SUM(O106:R106) -> 0 | T106: 0 | U106: 0 | V106: 0 | W106: 9328.8832 | X106: =SUM(T106:W106) -> 9328.8832 | Y106: 0 | Z106: 0 | AA106: =SUM(Y106:Z106) -> 0
B107: Provisão para contingências não trabalhista | C107: Provision for non-labor contingencies | E107: -1651.0012 | F107: 2574.4364 | G107: 1261.0659 | H107: -1730.3573 | I107: =SUM(E107:H107) -> 454.1438 | J107: 3618.409 | K107: 220.32418 | L107: -3770.0274 | M107: 3439.6728 | N107: =L107+K107+J107+M107 -> 3508.3786 | O107: 3168.3052 | P107: 2612.1873 | Q107: -369.13771 | R107: 7971.1073 | S107: =SUM(O107:R107) -> 13382.462 | T107: 7037.2247 | U107: 2786.1487 | V107: 4145.3184 | W107: 12480.551 | X107: =SUM(T107:W107) -> 26449.243 | Y107: 6562.0391 | Z107: 36857.109 | AA107: =SUM(Y107:Z107) -> 43419.148
B108: Despesas com aquisição de controladas | C108: Expenses related to the acquisition of subsidiaries | E108: 4152.8848 | F108: 1269.0056 | G108: 4588.1182 | H108: -773.75535 | I108: =SUM(E108:H108) -> 9236.2533 | J108: 3411.6055 | K108: 2831.1875 | L108: 6720.7054 | M108: 7046.8954 | N108: =L108+K108+J108+M108 -> 20010.394 | O108: 4707.4749 | P108: 2589.2575 | Q108: 6869.1426 | R108: 14109.414 | S108: =SUM(O108:R108) -> 28275.289 | T108: 2140.5268 | U108: 12969.43 | V108: 6746.018 | W108: 5193.068 | X108: =SUM(T108:W108) -> 27049.043 | Y108: 10412.465 | Z108: 7781.8752 | AA108: =SUM(Y108:Z108) -> 18194.34
B109: Atualização de ativos indenizatórios e passivos contingentes | C109: Update of indemnification assets and contingent liabilities | E109: -22620.26 | F109: 0 | G109: -20809.18 | H109: -25087.489 | I109: =SUM(E109:H109) -> -68516.929 | J109: -5511.0061 | K109: -525.73917 | L109: -1610.9976 | M109: -11596.782 | N109: =L109+K109+J109+M109 -> -19244.525 | O109: -2964.6925 | P109: 56156.077 | Q109: -10103.776 | R109: -21594.976 | S109: =SUM(O109:R109) -> 21492.633 | T109: -2235.2806 | U109: 4276.9267 | V109: -5864.1065 | W109: 8384.5372 | X109: =SUM(T109:W109) -> 4562.0769 | Y109: -6294.4481 | Z109: -4379.3061 | AA109: =SUM(Y109:Z109) -> -10673.754
B110: Recebimento de ativo superveniente | C110: Acquisition debt chart account | E110: 0 | F110: 0 | G110: 0 | H110: 0 | I110: =SUM(E110:H110) -> 0 | J110: 0 | K110: 0 | L110: 0 | M110: 0 | N110: =L110+K110+J110+M110 -> 0 | O110: 0 | P110: 0 | Q110: 0 | R110: -2999.9775 | S110: =SUM(O110:R110) -> -2999.9775 | T110: 0 | U110: 0 | V110: 0 | W110: 0 | X110: =SUM(T110:W110) -> 0 | Y110: 0 | Z110: 0 | AA110: =SUM(Y110:Z110) -> 0
B111: Atualização/Baixa earn out | C111: Update/Write-off of earn-out | E111: 1340.3877 | F111: 4651.3241 | G111: -3320.4051 | H111: 19122.14 | I111: =SUM(E111:H111) -> 21793.447 | J111: 1887.3936 | K111: 84.03441 | L111: -13012.114 | M111: -1531.7892 | N111: =L111+K111+J111+M111 -> -12572.475 | O111: 2081.9983 | P111: -48033.341 | Q111: 10258.834 | R111: -11288.356 | S111: =SUM(O111:R111) -> -46980.865 | T111: -4554.7917 | U111: 5536.3939 | V111: 0 | W111: 7256.0858 | X111: =SUM(T111:W111) -> 8237.688 | Y111: 268.39787 | Z111: 274.4479 | AA111: =SUM(Y111:Z111) -> 542.84577
B112: Reversão de tributos sub júdice | C112: Reversal of taxes under judicial review | E112: 0 | F112: -230 | G112: 0 | H112: -57181.672 | I112: =SUM(E112:H112) -> -57411.672 | J112: 0 | K112: -258.33171 | L112: 0 | M112: -132845.02 | N112: =L112+K112+J112+M112 -> -133103.35 | O112: 0 | P112: 0 | Q112: 0 | R112: -101816.03 | S112: =SUM(O112:R112) -> -101816.03 | T112: 0 | U112: -803.67451 | V112: -397.45661 | W112: -134908.89 | X112: =SUM(T112:W112) -> -136110.02 | Y112: 0 | Z112: 0 | AA112: =SUM(Y112:Z112) -> 0
B113: Compra vantajosa | C113: Advantageous purchase | E113: 0 | F113: 0 | G113: 0 | H113: 0 | I113: =SUM(E113:H113) -> 0 | J113: -17696.174 | K113: 1131.5285 | L113: 0 | M113: 3414.4577 | N113: =L113+K113+J113+M113 -> -13150.188 | O113: 0 | P113: 0 | Q113: 0 | R113: 0 | S113: =SUM(O113:R113) -> 0 | T113: 0 | U113: 0 | V113: 0 | W113: 0 | X113: =SUM(T113:W113) -> 0 | Y113: 0 | Z113: 0 | AA113: =SUM(Y113:Z113) -> 0
B114: Recebimento de processos Civeis e tributários de aquisição | C114: Indemnifiable acquisition processes | E114: 0 | F114: 0 | G114: 0 | H114: 0 | I114: =SUM(E114:H114) -> 0 | J114: 0 | K114: 0 | L114: 0 | M114: 0 | N114: =L114+K114+J114+M114 -> 0 | O114: 0 | P114: 0 | Q114: 0 | R114: 0 | S114: =SUM(O114:R114) -> 0 | T114: -12032.609 | U114: 0 | V114: 0 | W114: -821.35833 | X114: =SUM(T114:W114) -> -12853.967 | Y114: 0 | Z114: 0 | AA114: =SUM(Y114:Z114) -> 0
B115: Receitas com aquisições de controladas | C115: Revenues from acquisitions of subsidiaries | E115: 0 | F115: 0 | G115: 0 | H115: 0 | I115: =SUM(E115:H115) -> 0 | J115: 0 | K115: 0 | L115: 0 | M115: 0 | N115: =L115+K115+J115+M115 -> 0 | O115: 0 | P115: 0 | Q115: 0 | R115: 0 | S115: =SUM(O115:R115) -> 0 | T115: 0 | U115: -11128.944 | V115: -1365.303 | W115: -364.42491 | X115: =SUM(T115:W115) -> -12858.672 | Y115: -1280.5699 | Z115: -71679.961 | AA115: =SUM(Y115:Z115) -> -72960.53
B116: Reversão FAP Adquiridas | C116: Reversal of FAP Acquired Companies | E116: 0 | F116: -10338.85 | G116: 0 | H116: 0 | I116: =SUM(E116:H116) -> -10338.85 | J116: 0 | K116: 0 | L116: 0 | M116: 0 | N116: =L116+K116+J116+M116 -> 0 | O116: 0 | P116: 0 | Q116: 0 | R116: 0 | S116: =SUM(O116:R116) -> 0 | T116: 0 | U116: 0 | V116: 0 | W116: 0 | X116: =SUM(T116:W116) -> 0 | Y116: 0 | Z116: 0 | AA116: =SUM(Y116:Z116) -> 0
... B120: Baixa repasse de superveniência - M&A | C120: Supervening assets reversal | E120: 0 | F120: 0 | G120: 0 | H120: 0 | I120: =SUM(E120:H120) -> 0 | J120: 0 | K120: 0 | L120: 0 | M120: 0 | N120: =L120+K120+J120+M120 -> 0 | O120: 0 | P120: 0 | Q120: 0 | R120: -1654 | S120: =SUM(O120:R120) -> -1654 | T120: 0 | U120: 0 | V120: 0 | W120: -7111.8086 | X120: =SUM(T120:W120) -> -7111.8086 | Y120: 0 | Z120: 0 | AA120: =SUM(Y120:Z120) -> 0
B121: Reversão Sistema S | C121: Reversal "Sistema S" | E121: 0 | F121: 0 | G121: 0 | H121: 0 | I121: =SUM(E121:H121) -> 0 | J121: 0 | K121: 0 | L121: 0 | M121: 0 | N121: =SUM(J121:M121) -> 0 | O121: 0 | P121: 0 | Q121: 0 | R121: 0 | S121: =SUM(O121:R121) -> 0 | T121: 0 | U121: 0 | V121: 0 | W121: 0 | X121: =SUM(T121:W121) -> 0 | Y121: 0 | Z121: -247123.32 | AA121: =SUM(Y121:Z121) -> -247123.32
B122: Reversão PLR Sistema S | C122: Reversal "Sistema S" on Bônus | E122: 0 | F122: 0 | G122: 0 | H122: 0 | I122: =SUM(E122:H122) -> 0 | J122: 0 | K122: 0 | L122: 0 | M122: 0 | N122: =SUM(J122:M122) -> 0 | O122: 0 | P122: 0 | Q122: 0 | R122: 0 | S122: =SUM(O122:R122) -> 0 | T122: 0 | U122: 0 | V122: 0 | W122: 0 | X122: =SUM(T122:W122) -> 0 | Y122: 0 | Z122: 7359.084 | AA122: =SUM(Y122:Z122) -> 7359.084
...

Sheet Sistema S
B2: Sistema S - Movimentação no Balanço | C2: Em milhares R$ | E2: Sistema S - Efeito em resultado | F2: Em milhares R$
E3: Em 30.06.26
B4: Provisão | C4: 534761 | E4: Total de Provisão Constituída - Tema 1.079 | F4: =F6+F7 -> 347511
B5: Atualização | C5: 205492 | E5: Movimentaçao 1S26
B6: Em 31.12.25 | C6: =SUM(C4:C5) -> 740253 | E6: Reversão (mudança de exito) - Tema 1.079 | F6: 239764
E7: Reversão de correção (mudança de exito) - Tema 1.079 | F7: 107747
B8: Movimentaçao 1S26 | E8: IR (34%) | F8: -117952.11
B9: Atualização em 2026 | C9: 34204 | E9: Efeito no 2T26 | F9: =F6+F7+F8 -> 229558.89
B10: Reversão (mudança de exito) - Tema 1.079 | C10: -247123
B11: Reversão de correção (mudança de exito) - Tema 1.079 | C11: -107747 | E11: Sistema S - Movimentação Caixa | F11: Em milhares R$
B12: Reversão da correção - Tema 1.390 | C12: -82867 | E12: Total de Provisão Constituída | F12: 774457
B13: Liminares (queda de liminar) - Tema 1.390 | C13: -191224 | E13: Total de Reversão de Provisão (mudança de exito) - Tema1.079 | F13: -354870
B15: Saldo em 30.06.26 | C15: =SUM(C6:C13) -> 145496 | E15: Em 30.06.26
E16: Total de Provisão Constituída - Tema 1.390 | F16: 419587
B17: Provisao | C17: 96414 | E17: Queda de liminares (efeito caixa) - Tema 1.390
B18: Atualização | C18: 49082 | E18: Principal | F18: -167771
E19: Multa | F19: -33554
B20: Provisão em 30.06.25 | C20: =SUM(C17:C18) -> 145496 | E20: Juros | F20: -72766
E21: Total de queda de liminares | F21: =SUM(F18:F20) -> -274091
E22: Compensações efetudas com créditos fiscais | F22: -165163
E23: Valores parcelados RFB | F23: -108928
F24: =SUM(F22:F23) -> -274091
E25: Saldo em aberto (Provisão) - 30.06.26 | F25: =F24+F16 -> 145496

Sheet Indicadores_KPI
B2: Breakdown Receita | C2: Revenue Breakdown | E2: 1T22 | F2: 2T22 | G2: 3T22 | H2: 4T22 | I2: 2022 | J2: 1T23 | K2: 2T23 | L2: 3T23 | M2: 4T23 | N2: 2023 | O2: 1T24 | P2: 2T24 | Q2: 3T24 | R2: 4T24 | S2: 2024 | T2: 1T25 | U2: 2T25 | V2: 3T25 | W2: 4T25 | X2: 2025 | Y2: 1T26 | Z2: 2T26
B3: Receita Líquida | C3: Net Revenue | E3: 2081601.6 | F3: 2224923.6 | G3: 2426556.4 | H3: 2485602.2 | I3: 9218683.8 | J3: 2527625.4 | K3: 2610026.4 | L3: 2628718.9 | M3: 2864783.1 | N3: 10631154 | O3: 3072029.9 | P3: 3492907.9 | Q3: 4112743.3 | R3: 4096687.9 | S3: 14774369 | T3: 4104087 | U3: =SUM(U4:U9) -> 4298372 | V3: =SUM(V4:V9) -> 4462323.8 | W3: =SUM(W4:W9) -> 4418376.4 | X3: =SUM(X4:X9) -> 17283159 | Y3: =SUM(Y4:Y9) -> 4483884.1 | Z3: =SUM(Z4:Z9) -> 4597835.9
B4: Facilities | C4: Facilities | E4: 695504.01 | F4: 656365.7 | G4: 721672.02 | H4: 752429.58 | I4: 2825971.3 | J4: 710182.08 | K4: 691038.88 | L4: 698677.69 | M4: 729949.3 | N4: 2829848 | O4: 783904.16 | P4: 812639.22 | Q4: 896774.63 | R4: 879378.07 | S4: 3372696.1 | T4: 971498 | U4: 1045228.5 | V4: 1035031.6 | W4: 1015544.9 | X4: =SUM(T4:W4) -> 4067303 | Y4: 1045135.7 | Z4: 1063250.4
B5: Manutenção e Serviços Industriais | C5: Maintenance and Industrial Services | E5: 378389.57 | F5: 465251.09 | G5: 571712.66 | H5: 590000.91 | I5: 2005354.2 | J5: 614833.43 | K5: 640232.66 | L5: 676663.24 | M5: 690655.97 | N5: 2622385.3 | O5: 808725.75 | P5: 877297.92 | Q5: 919896.07 | R5: 901628.91 | S5: 3507548.6 | T5: 905550 | U5: 943809.54 | V5: 999144.05 | W5: 939267.45 | X5: =SUM(T5:W5) -> 3787771 | Y5: 927024.85 | Z5: 952850.27
B6: Alimentação | C6: Food Services | E6: 98161.006 | F6: 121157.76 | G6: 125583.68 | H6: 121112.05 | I6: 466014.49 | J6: 109725.49 | K6: 108493.84 | L6: 96838.735 | M6: 95330.79 | N6: 410388.86 | O6: 119526.17 | P6: 414953.99 | Q6: 947518.85 | R6: 962112.37 | S6: 2444111.4 | T6: 873947 | U6: 939834.44 | V6: 1042913.6 | W6: 1086041.6 | X6: =SUM(T6:W6) -> 3942736.7 | Y6: 1108480.1 | Z6: 1181408.8
B7: Segurança | C7: Security | E7: 645261.66 | F7: 698297.01 | G7: 692971.37 | H7: 676249.55 | I7: 2712779.6 | J7: 705619.97 | K7: 734252.01 | L7: 716736.79 | M7: 782263.72 | N7: 2938872.5 | O7: 806579.75 | P7: 825314.29 | Q7: 808831.81 | R7: 796698.66 | S7: 3237424.5 | T7: 805548 | U7: 801753.97 | V7: 810632.1 | W7: 810569.28 | X7: =SUM(T7:W7) -> 3228503.4 | Y7: 845429.33 | Z7: 852351.12
B8: MO Temporaria e Field Marketing | C8: Temporary Labor and Field Marketing | E8: 140117.85 | F8: 149334.86 | G8: 139372.75 | H8: 167034.51 | I8: 595859.98 | J8: 215499.32 | K8: 248914.26 | L8: 247582.49 | M8: 349527.12 | N8: 1061523.2 | O8: 333646.82 | P8: 327453.31 | Q8: 287103.92 | R8: 307116.93 | S8: 1255321 | T8: 284758 | U8: 305053.85 | V8: 329787.54 | W8: 347315.18 | X8: =SUM(T8:W8) -> 1266914.6 | Y8: 349733.36 | Z8: 333013.09
B9: Logistica | C9: Logistics | E9: 124167.51 | F9: 134517.22 | G9: 175243.9 | H9: 178775.59 | I9: 612704.21 | J9: 171765.13 | K9: 187094.77 | L9: 192219.98 | M9: 217056.16 | N9: 768136.05 | O9: 219647.26 | P9: 235249.17 | Q9: 252618 | R9: 249752.95 | S9: 957267.38 | T9: 262786 | U9: 262691.64 | V9: 244814.89 | W9: 219638.04 | X9: =SUM(T9:W9) -> 989930.57 | Y9: 208080.76 | Z9: 214962.26
B11: Facilities | C11: Facilities | E11: 0.33411965 | F11: 0.29500595 | G11: 0.29740583 | H11: 0.30271521 | I11: 0.30654824 | J11: 0.28096809 | K11: 0.26476318 | L11: 0.26578638 | M11: 0.2548009 | N11: 0.26618446 | O11: 0.25517465 | P11: 0.23265406 | Q11: 0.2180478 | R11: 0.21465586 | S11: 0.22828021 | T11: 0.23671477 | U11: =U4/U$3 -> 0.24316847 | V11: =V4/V$3 -> 0.23194901 | W11: =W4/W$3 -> 0.22984572 | X11: =X4/X$3 -> 0.23533331 | Y11: =Y4/Y$3 -> 0.23308714 | Z11: =Z4/Z$3 -> 0.23125018
B12: Manutenção e Serviços Industriais | C12: Maintenance and Industrial Services | E12: 0.18177809 | F12: 0.20910879 | G12: 0.23560658 | H12: 0.23736739 | I12: 0.21753151 | J12: 0.24324547 | K12: 0.24529739 | L12: 0.25741179 | M12: 0.24108491 | N12: 0.24666987 | O12: 0.26325452 | P12: 0.25116549 | Q12: 0.2236697 | R12: 0.22008728 | S12: 0.23740768 | T12: 0.22064591 | U12: =U5/U$3 -> 0.21957372 | V12: =V5/V$3 -> 0.22390667 | W12: =W5/W$3 -> 0.21258203 | X12: =X5/X$3 -> 0.21915965 | Y12: =Y5/Y$3 -> 0.20674594 | Z12: =Z5/Z$3 -> 0.20723886
B13: Alimentação | C13: Food Services | E13: 0.047156481 | F13: 0.054454794 | G13: 0.051753866 | H13: 0.048725437 | I13: 0.050551087 | J13: 0.043410503 | K13: 0.0415681 | L13: 0.036838756 | M13: 0.033276792 | N13: 0.038602476 | O13: 0.038907879 | P13: 0.11879901 | Q13: 0.23038609 | R13: 0.23485127 | S13: 0.16542916 | T13: 0.21294553 | U13: =U6/U$3 -> 0.21864893 | V13: =V6/V$3 -> 0.23371537 | W13: =W6/W$3 -> 0.24580105 | X13: =X6/X$3 -> 0.22812592 | Y13: =Y6/Y$3 -> 0.24721426 | Z13: =Z6/Z$3 -> 0.25694888
B14: Segurança | C14: Security | E14: 0.30998326 | F14: 0.31385213 | G14: 0.2855781 | H14: 0.27206669 | I14: 0.29426973 | J14: 0.27916319 | K14: 0.28131976 | L14: 0.27265631 | M14: 0.27306211 | N14: 0.27643965 | O14: 0.26255596 | P14: 0.23628287 | Q14: 0.19666479 | R14: 0.19447385 | S14: 0.21912438 | T14: 0.19627946 | U14: =U7/U$3 -> 0.18652503 | V14: =V7/V$3 -> 0.18166142 | W14: =W7/W$3 -> 0.1834541 | X14: =X7/X$3 -> 0.18680053 | Y14: =Y7/Y$3 -> 0.18854843 | Z14: =Z7/Z$3 -> 0.18538094
B15: MO Temporaria e Field Marketing | C15: Temporary Labor and Field Marketing | E15: 0.067312521 | F15: 0.067119095 | G15: 0.057436437 | H15: 0.067200823 | I15: 0.064636123 | J15: 0.085257618 | K15: 0.095368481 | L15: 0.094183706 | M15: 0.12200823 | N15: 0.099850233 | O15: 0.10860793 | P15: 0.093748053 | Q15: 0.069808374 | R15: 0.07496713 | S15: 0.084966132 | T15: 0.069384007 | U15: =U8/U$3 -> 0.070969626 | V15: =V8/V$3 -> 0.073904887 | W15: =W8/W$3 -> 0.078606969 | X15: =X8/X$3 -> 0.073303414 | Y15: =Y8/Y$3 -> 0.077997858 | Z15: =Z8/Z$3 -> 0.072428225
B16: Logistica | C16: Logistics | E16: 0.059649988 | F16: 0.060459251 | G16: 0.072219176 | H16: 0.071924457 | I16: 0.066463307 | J16: 0.067955137 | K16: 0.071683095 | L16: 0.073123064 | M16: 0.075767051 | N16: 0.07225331 | O16: 0.071499062 | P16: 0.067350521 | Q16: 0.061423235 | R16: 0.060964603 | S16: 0.064792437 | T16: 0.064030319 | U16: =U9/U$3 -> 0.061114217 | V16: =V9/V$3 -> 0.054862647 | W16: =W9/W$3 -> 0.049710124 | X16: =X9/X$3 -> 0.057277177 | Y16: =Y9/Y$3 -> 0.046406365 | Z16: =Z9/Z$3 -> 0.046752922
B18: Contas a receber | C18: Accounts Receivable | E18: 1T22 | F18: 2T22 | G18: 3T22 | H18: 4T22 | I18: 2022 | J18: 1T23 | K18: 2T23 | L18: 3T23 | M18: 4T23 | N18: 2023 | O18: 1T24 | P18: 2T24 | Q18: 3T24 | R18: 4T24 | S18: 2024 | T18: 1T25 | U18: 2T25 | V18: 3T25 | W18: 4T25 | X18: 2025 | Y18: 1T26 | Z18: 2T26
B20: Receita Líquida | C20: Net Revenue | E20: =E3 -> 2081601.6 | F20: =F3 -> 2224923.6 | G20: =G3 -> 2426556.4 | H20: =H3 -> 2485602.2 | I20: =I3 -> 9218683.8 | J20: =J3 -> 2527625.4 | K20: =K3 -> 2610026.4 | L20: =L3 -> 2628718.9 | ... Z20: =Z3 -> 4597835.9
B21: (-) Ajustes de receita | C21: (-) Revenue Adjustments | F21: -35912.135 | I21: -905884.63 | J21: -43713.843 | M21: -84251.273 | N21: -450954.18 | O21: -140431.8 | P21: -290375.56 | S21: -2896446.7 | U21: -69496.703 | W21: -8022.428 | X21: -239345.39
B22: Receita Líquida adj. | C22: Adjusted Net Revenue | E22: =E20+E21 -> 2081601.6 | F22: =F20+F21 -> 2189011.5 | G22: =G20+G21 -> 2426556.4 | H22: =H20+H21 -> 2485602.2 | I22: =I20+I21 -> 8312799.2 | J22: =J20+J21 -> 2483911.6 | K22: =K20+K21 -> 2610026.4 | L22: =L20+L21 -> 2628718.9 | ... Z22: =Z20+Z21 -> 4597835.9
B24: Contas a Receber | C24: Accounts Receivable | E24: =BP_BS!L8+BP_BS!L19 -> 1613062.1 | F24: =BP_BS!M8+BP_BS!M19 -> 1817682 | G24: =BP_BS!N8+BP_BS!N19 -> 1953281 | H24: =BP_BS!O8+BP_BS!O19 -> 2022126 | I24: =H24 -> 2022126 | J24: =BP_BS!P8+BP_BS!P19 -> 2006251 | K24: =BP_BS!Q8+BP_BS!Q19 -> 2153942 | L24: =BP_BS!R8+BP_BS!R19 -> 2238137 | M24: =BP_BS!S8+BP_BS!S19 -> 2559580 | N24: =M24 -> 2559580 | O24: =BP_BS!T8+BP_BS!T19 -> 2848946 | P24: =BP_BS!U8+BP_BS!U19 -> 3795459 | Q24: =BP_BS!V8+BP_BS!V19 -> 3672300 | R24: =BP_BS!W8+BP_BS!W19 -> 3673122 | S24: =R24 -> 3673122 | T24: =BP_BS!X8+BP_BS!X19 -> 3709168.9 | U24: =BP_BS!Y8+BP_BS!Y19 -> 3852836.6 | V24: =BP_BS!Z8+BP_BS!Z19 -> 4069970.7 | W24: =BP_BS!AA8+BP_BS!AA19 -> 4019394.3 | X24: =W24 -> 4019394.3 | Y24: =BP_BS!AB8+BP_BS!AB19 -> 4161431 | Z24: =BP_BS!AC8+BP_BS!AC19 -> 4149954
B25: (-) Ajustes de recebíveis | C25: (-) Receivables Adjustments | F25: -31302.606 | I25: -190470.51 | J25: -58719.804 | M25: -103003.75 | N25: -240185.03 | O25: -182458.76 | P25: -727624.68 | S25: -933841.98 | U25: -24840.408 | W25: -6553.464 | X25: -33265.078
B26: Contas a Receber adj. | C26: Adjusted Accounts Receivable | E26: =E24+E25 -> 1613062.1 | F26: =F24+F25 -> 1786379.4 | G26: =G24+G25 -> 1953281 | H26: =H24+H25 -> 2022126 | I26: =I24+I25 -> 1831655.5 | J26: =J24+J25 -> 1947531.2 | K26: =K24+K25 -> 2153942 | L26: =L24+L25 -> 2238137 | ... Z26: =Z24+Z25 -> 4149954
B28: Prazo de Recebíveis (em dias) | C28: Accounts Receivable Period (in days) | E28: =(E26*360)/E$22/4 -> 69.742255 | F28: =(F26*360)/F$22/4 -> 73.446003 | G28: =(G26*360)/G$22/4 -> 72.446406 | H28: =(H26*360)/H$22/4 -> 73.218209 | I28: =(I26*360)/I$22 -> 79.322977 | J28: =(J26*360)/J$22/4 -> 70.565236 | K28: =(K26*360)/K$22/4 -> 74.27311 | L28: =(L26*360)/L$22/4 -> 76.627565 | M28: =(M26*360)/M$22/4 -> 79.514237 | N28: =(N26*360)/N$22 -> 82.020217 | O28: =(O26*360)/O$22/4 -> 81.861102 | P28: =(P26*360)/P$22/4 -> 86.214614 | Q28: =(Q26*360)/Q$22/4 -> 80.36169 | R28: =(R26*360)/R$22/4 -> 80.694695 | S28: =(S26*360)/S$22 -> 83.023006 | T28: =(T26*360)/T$22/4 -> 81.339698 | U28: =(U26*360)/U$22/4 -> 81.468391 | V28: =(V26*360)/V$22/4 -> 82.086683 | W28: =(W26*360)/W$22/4 -> 81.888137 | X28: =(X26*360)/X$22 -> 84.195153 | Y28: =(Y26*360)/Y$22/4 -> 83.527758 | Z28: =(Z26*360)/Z$22/4 -> 81.232969
B30: Obs.: Ajustes de receitas e recebíveis de empresas adquiridas sem o período completo (3 meses no tri ou 12 meses no anual) | C30: Note: Adjustments to revenues and receivables from acquired companies without the complete period (3 months in the quarter or 12 months in the annual period)
B32: Despesas Trabalhistas | C32: Labor Expenses | E32: 1T22 | F32: 2T22 | G32: 3T22 | H32: 4T22 | I32: 2022 | J32: 1T23 | K32: 2T23 | L32: 3T23 | M32: 4T23 | N32: 2023 | O32: 1T24 | P32: 2T24 | Q32: 3T24 | R32: 4T24 | S32: 2024 | T32: 1T25 | U32: 2T25 | V32: 3T25 | W32: 4T25 | X32: 2025 | Y32: 1T26 | Z32: 2T26
B34: Despesas Trabalhistas | C34: Labor Expenses | E34: =SUM(E35:E38) -> -26827.974 | F34: =SUM(F35:F38) -> -14768.425 | G34: =SUM(G35:G38) -> -22900.698 | H34: =SUM(H35:H38) -> -35396.89 | I34: =SUM(I35:I38) -> -99893.987 | J34: =SUM(J35:J38) -> -28095.652 | K34: =SUM(K35:K38) -> -37273.448 | L34: =SUM(L35:L38) -> -32843.025 | ... Z34: =SUM(Z35:Z38) -> -80726.1
B35: Provisão para contingências trabalhistas - Custo | C35: Provision for labor contingencies - Cost | E35: ='DRE ABERTO old (DF)_Income St'!E11 -> -6790.0732 | F35: ='DRE ABERTO old (DF)_Income St'!F11 -> 9172.0904 | G35: ='DRE ABERTO old (DF)_Income St'!G11 -> 1793.0042 | H35: ='DRE ABERTO old (DF)_Income St'!H11 -> -8190.2952 | I35: ='DRE ABERTO old (DF)_Income St'!I11 -> -4015.2737 | J35: ='DRE ABERTO old (DF)_Income St'!J11 -> 355.60139 | K35: ='DRE ABERTO old (DF)_Income St'!K11 -> -1927.8767 | L35: ='DRE ABERTO old (DF)_Income St'!L11 -> 7313.6077 | ... Z35: ='DRE ABERTO old (DF)_Income St'!Z11 -> 352.03649
B36: Pagamentos ações trabalhistas - Custo | C36: Payments for labor lawsuits - Cost | E36: ='DRE ABERTO old (DF)_Income St'!E16 -> -20550.8 | F36: ='DRE ABERTO old (DF)_Income St'!F16 -> -23663.853 | G36: ='DRE ABERTO old (DF)_Income St'!G16 -> -23994.822 | H36: ='DRE ABERTO old (DF)_Income St'!H16 -> -27141.466 | I36: ='DRE ABERTO old (DF)_Income St'!I16 -> -95350.941 | J36: ='DRE ABERTO old (DF)_Income St'!J16 -> -28242.567 | K36: ='DRE ABERTO old (DF)_Income St'!K16 -> -34815.794 | L36: ='DRE ABERTO old (DF)_Income St'!L16 -> -40293.402 | ... Z36: ='DRE ABERTO old (DF)_Income St'!Z16 -> -79010.885
B37: Provisão para contingências trabalhistas - Despesa | C37: Provision for labor contingencies - Expense | E37: ='DRE ABERTO old (DF)_Income St'!E33 -> 605.09934 | F37: ='DRE ABERTO old (DF)_Income St'!F33 -> -261.96593 | G37: ='DRE ABERTO old (DF)_Income St'!G33 -> -192.83819 | H37: ='DRE ABERTO old (DF)_Income St'!H33 -> -40.21468 | I37: ='DRE ABERTO old (DF)_Income St'!I33 -> 110.08054 | J37: ='DRE ABERTO old (DF)_Income St'!J33 -> -160.92849 | K37: ='DRE ABERTO old (DF)_Income St'!K33 -> -188.93044 | L37: ='DRE ABERTO old (DF)_Income St'!L33 -> 383.50698 | ... Z37: ='DRE ABERTO old (DF)_Income St'!Z33 -> -375.43045
B38: Pagamentos ações trabalhistas - Despesa | C38: Payments for labor lawsuits - Expense | E38: ='DRE ABERTO old (DF)_Income St'!E40 -> -92.20019 | F38: ='DRE ABERTO old (DF)_Income St'!F40 -> -14.69644 | G38: ='DRE ABERTO old (DF)_Income St'!G40 -> -506.04206 | H38: ='DRE ABERTO old (DF)_Income St'!H40 -> -24.91445 | I38: ='DRE ABERTO old (DF)_Income St'!I40 -> -637.85314 | J38: ='DRE ABERTO old (DF)_Income St'!J40 -> -47.75751 | K38: ='DRE ABERTO old (DF)_Income St'!K40 -> -340.84625 | L38: ='DRE ABERTO old (DF)_Income St'!L40 -> -246.73725 | ... Z38: ='DRE ABERTO old (DF)_Income St'!Z40 -> -1691.8207
B40: % Receita Líquida | C40: % Net Revenue | E40: =E34/E3 -> -0.01288814 | F40: =F34/F3 -> -0.0066377221 | G40: =G34/G3 -> -0.0094375299 | H40: =H34/H3 -> -0.01424077 | I40: =I34/I3 -> -0.010836036 | J40: =J34/J3 -> -0.011115433 | K40: =K34/K3 -> -0.01428087 | L40: =L34/L3 -> -0.012493928 | ... Z40: =Z34/Z3 -> -0.017557412
B42: Lucro Líquido | C42: Net Profit | E42: 1T22 | F42: 2T22 | G42: 3T22 | H42: 4T22 | I42: 2022 | J42: 1T23 | K42: 2T23 | L42: 3T23 | M42: 4T23 | N42: 2023 | O42: 1T24 | P42: 2T24 | Q42: 3T24 | R42: 4T24 | S42: 2024 | T42: 1T25 | U42: 2T25 | V42: 3T25 | W42: 4T25 | X42: 2025 | Y42: 1T26 | Z42: 2T26
B44: Lucro Líquido Contábil | C44: Accounting Net Profit | E44: ='DRE ABERTO old (DF)_Income St'!E96 -> 93389.254 | F44: ='DRE ABERTO old (DF)_Income St'!F96 -> 101905.42 | G44: ='DRE ABERTO old (DF)_Income St'!G96 -> 118596.9 | H44: ='DRE ABERTO old (DF)_Income St'!H96 -> 203140.83 | I44: ='DRE ABERTO old (DF)_Income St'!I96 -> 517032.41 | J44: ='DRE ABERTO old (DF)_Income St'!J96 -> 121183.04 | K44: ='DRE ABERTO old (DF)_Income St'!K96 -> 129861.17 | L44: ='DRE ABERTO old (DF)_Income St'!L96 -> 143538.57 | ... Z44: ='DRE ABERTO old (DF)_Income St'!Z96 -> 377793.14
B45: % Receita Líquida | C45: % Net Revenue | E45: =E44/E$3 -> 0.044864134 | F45: =F44/F$3 -> 0.045801762 | G45: =G44/G$3 -> 0.04887457 | H45: =H44/H$3 -> 0.081727009 | I45: =I44/I$3 -> 0.056085274 | J45: =J44/J$3 -> 0.047943432 | K45: =K44/K$3 -> 0.049754734 | L45: =L44/L$3 -> 0.054604002 | ... Z45: =Z44/Z$3 -> 0.082167601
B47: Amortização - carteira de clientes, marcas, acordo de não- concorrência e mais valia de ativo fixo (liquido) | C47: Amortization - customer portfolio, brands, non-compete agreement and goodwill of fixed assets (net) | E47: ='DRE ABERTO old (DF)_Income St'!E102 -> 28144.947 | F47: ='DRE ABERTO old (DF)_Income St'!F102 -> 31547.496 | G47: ='DRE ABERTO old (DF)_Income St'!G102 -> 30947.021 | H47: ='DRE ABERTO old (DF)_Income St'!H102 -> 14601.37 | I47: ='DRE ABERTO old (DF)_Income St'!I102 -> 105240.83 | J47: ='DRE ABERTO old (DF)_Income St'!J102 -> 25986.334 | K47: ='DRE ABERTO old (DF)_Income St'!K102 -> 29494.139 | L47: ='DRE ABERTO old (DF)_Income St'!L102 -> 33282.774 | ... Z47: ='DRE ABERTO old (DF)_Income St'!Z102 -> 48603.881
B48: Tax Shield Amortização | C48: Tax Shield Amortization | E48: =-E47*34% -> -9569.2821 | F48: =-F47*34% -> -10726.149 | G48: =-G47*34% -> -10521.987 | H48: =-H47*34% -> -4964.4657 | I48: =-I47*34% -> -35781.884 | J48: =-J47*34% -> -8835.3534 | K48: =-K47*34% -> -10028.007 | L48: =-L47*34% -> -11316.143 | ... Z48: =-Z47*34% -> -16525.32
B50: Lucro Líquido Ajustado | C50: Adjusted Net Profit | E50: =SUM(E44:E48) -> 111964.96 | F50: =SUM(F44:F48) -> 122726.82 | G50: =SUM(G44:G48) -> 139021.98 | H50: =SUM(H44:H48) -> 212777.82 | I50: =SUM(I44:I48) -> 586491.42 | J50: =SUM(J44:J48) -> 138334.07 | K50: =SUM(K44:K48) -> 149327.35 | L50: =SUM(L44:L48) -> 165505.26 | ... Z50: =SUM(Z44:Z48) -> 409871.79
B51: % Receita Líquida | C51: % Net Revenue | E51: =E50/E$3 -> 0.053787893 | F51: =F50/F$3 -> 0.055160013 | G51: =G50/G$3 -> 0.057291882 | H51: =H50/H$3 -> 0.085604132 | I51: =I50/I$3 -> 0.063619865 | J51: =J50/J$3 -> 0.054728863 | K51: =K50/K$3 -> 0.057212965 | L51: =L50/L$3 -> 0.062960425 | ... Z51: =Z50/Z$3 -> 0.089144501
B53: Reversão de Tributo Sob júdice | C53: Reversal of Tax Sub Judice | D53: 0 | E53: ='DRE ABERTO old (DF)_Income St'!E112 -> 0 | F53: ='DRE ABERTO old (DF)_Income St'!F112 -> -230 | G53: ='DRE ABERTO old (DF)_Income St'!G112 -> 0 | H53: ='DRE ABERTO old (DF)_Income St'!H112 -> -57181.672 | I53: ='DRE ABERTO old (DF)_Income St'!I112 -> -57411.672 | J53: ='DRE ABERTO old (DF)_Income St'!J112 -> 0 | K53: ='DRE ABERTO old (DF)_Income St'!K112 -> -258.33171 | L53: ='DRE ABERTO old (DF)_Income St'!L112 -> 0 | ... Z53: ='DRE ABERTO old (DF)_Income St'!Z112 -> 0
B54: Reversão de Atualização Monetária do tributo sob júdice | C54: Reversal of Monetary Update on Tax Sub Judice | D54: 4555.9855 | E54: 4555.9855 | F54: 6913.3442 | G54: 10777.023 | H54: 7807.3973 | I54: =SUM(E54:H54) -> 30053.75 | J54: 10228.955 | K54: 11938.544 | L54: 10993.696 | M54: 10272.185 | N54: =SUM(J54:M54) -> 43433.379 | O54: 9136.1876 | P54: 9982.1437 | Q54: 13141.938 | R54: 8453.6734 | S54: =SUM(O54:R54) -> 40713.942 | T54: 10865.836 | U54: 11743.055 | V54: 13107.459 | W54: 11349.578 | X54: =SUM(T54:W54) -> 47065.928 | Y54: 8508.596 | Z54: 8390.4106
B55: Tax shield Tributo sob júdice | C55: Tax Sub Judice Tax Shield | D55: =-SUM(D53:D54)*(34%) -> -1549.0351 | E55: =-SUM(E53:E54)*(34%) -> -1549.0351 | F55: =-SUM(F53:F54)*(34%) -> -2272.337 | G55: =-SUM(G53:G54)*(34%) -> -3664.1878 | H55: =-SUM(H53:H54)*(34%) -> 16787.253 | I55: =-SUM(I53:I54)*(34%) -> 9301.6936 | J55: =-SUM(J53:J54)*(34%) -> -3477.8447 | K55: =-SUM(K53:K54)*(34%) -> -3971.2721 | ... W55: =-SUM(W53:W54)*(34%) -> 42010.167 | X55: =SUM(T55:W55) -> 30274.992 | Y55: =-SUM(Y53:Y54)*(34%) -> -2892.9226 | Z55: =-SUM(Z53:Z54)*(34%) -> -2852.7396
B57: Reversão de despesas com Sistema S | C57: Reversal of Sistema S expenses | D57: 0 | E57: 32239.436 | F57: 30345.495 | G57: 33499.34 | H57: 42437.514 | I57: =SUM(E57:H57) -> 138521.79 | J57: 23798.627 | K57: 37026.492 | L57: 47085.337 | M57: 48168.991 | N57: =SUM(J57:M57) -> 156079.45 | O57: 39748.309 | P57: 13541.31 | Q57: 0 | R57: 0 | S57: =SUM(O57:R57) -> 53289.619 | T57: 0 | U57: 0 | V57: 0 | W57: 0 | X57: 0 | Y57: 0 | Z57: -229543.29
B58: Reversão de Atualização Monetária do Sistema S | C58: Reversal of Monetary Update on Sistema S | D58: 4555.9855 | E58: 1760.8633 | F58: 6353.3482 | G58: 8366.1412 | H58: 10254.454 | I58: =SUM(E58:H58) -> 26734.806 | J58: 8364.3947 | K58: 16473.36 | L58: 16829.163 | M58: 10594.666 | N58: =SUM(J58:M58) -> 52261.584 | O58: 0 | P58: 19181.277 | Q58: 12084.876 | R58: 11756.742 | S58: =SUM(O58:R58) -> 43022.895 | T58: 18228.962 | U58: 17550.657 | V58: 19566.945 | W58: 17005.109 | X58: =SUM(T58:W58) -> 72351.673 | Y58: 19133.774 | Z58: 16033.368
B59: Tax shield Sistema S | C59: Sistema S Tax Shield | D59: =-SUM(D57:D58)*(34%) -> -1549.0351 | E59: =-SUM(E57:E58)*(34%) -> -11560.102 | F59: =-SUM(F57:F58)*(34%) -> -12477.607 | G59: =-SUM(G57:G58)*(34%) -> -14234.264 | H59: =-SUM(H57:H58)*(34%) -> -17915.269 | I59: =-SUM(I57:I58)*(34%) -> -56187.241 | J59: =-SUM(J57:J58)*(34%) -> -10935.427 | K59: =-SUM(K57:K58)*(34%) -> -18189.95 | ... W59: =-SUM(W57:W58)*(34%) -> -5781.7369 | X59: =SUM(T59:W59) -> -24599.569 | Y59: =-SUM(Y57:Y58)*(34%) -> -6505.4832 | Z59: =-SUM(Z58)*(34%) -> -5451.3452
B61: Reversão Despesa Perse | C61: Reversal of Perse expenses | D61: 0 | E61: 0 | F61: 0 | G61: 0 | H61: 0 | I61: 0 | J61: 0 | K61: 0 | L61: 0 | M61: 0 | N61: 0 | O61: 0 | P61: 0 | Q61: 11696.977 | R61: 24056.826 | S61: =SUM(O61:R61) -> 35753.803 | T61: 25404.334 | U61: 39516.209 | V61: 46221.448 | W61: 41750.93 | X61: =SUM(T61:W61) -> 152892.92 | Y61: 45453 | Z61: 47373
B62: Reversão de Atualização Monetária do Perse | C62: Reversal of Monetary Update on Perse | D62: 4555.9855 | E62: 0 | F62: 0 | G62: 0 | H62: 0 | I62: 0 | J62: 0 | K62: 0 | L62: 0 | M62: 0 | N62: 0 | O62: 0 | P62: 0 | Q62: 2976.0374 | R62: 7196.6112 | S62: =SUM(O62:R62) -> 10172.649 | T62: 8949.1343 | U62: 8559.1932 | V62: 10800.915 | W62: 12105.506 | X62: =SUM(T62:W62) -> 40414.748 | Y62: 12930.061 | Z62: 14252.354
B63: Tax shield Tributo Perse | C63: Perse Tax Shield | D63: =-SUM(D61:D62)*(34%) -> -1549.0351 | E63: =-SUM(E61:E62)*(34%) -> 0 | F63: =-SUM(F61:F62)*(34%) -> 0 | G63: =-SUM(G61:G62)*(34%) -> 0 | H63: =-SUM(H61:H62)*(34%) -> 0 | I63: =-SUM(I61:I62)*(34%) -> 0 | J63: =-SUM(J61:J62)*(34%) -> 0 | K63: =-SUM(K61:K62)*(34%) -> 0 | ... W63: =-SUM(W61:W62)*(34%) -> -18311.188 | X63: =SUM(T63:W63) -> -65724.608 | Y63: =-SUM(Y61:Y62)*(34%) -> -19850.241 | Z63: =-SUM(Z61:Z62)*(34%) -> -20952.62
B65: Lucro Caixa | C65: Cash Earnings | E65: =E50+SUM(E53:E55)+SUM(E57:E59)+SUM(E61:E63) -> 137412.11 | F65: =F50+SUM(F53:F55)+SUM(F57:F59)+SUM(F61:F63) -> 151359.06 | G65: =G50+SUM(G53:G55)+SUM(G57:G59)+SUM(G61:G63) -> 173766.04 | H65: =H50+SUM(H53:H55)+SUM(H57:H59)+SUM(H61:H63) -> 214967.49 | I65: =I50+SUM(I53:I55)+SUM(I57:I59)+SUM(I61:I63) -> 677504.54 | J65: =J50+SUM(J53:J55)+SUM(J57:J59)+SUM(J61:J63) -> 166312.77 | K65: =K50+SUM(K53:K55)+SUM(K57:K59)+SUM(K61:K63) -> 192346.19 | L65: =L50+SUM(L53:L55)+SUM(L57:L59)+SUM(L61:L63) -> 214944.67 | ... Z65: =Z50+SUM(Z53:Z55)+SUM(Z57:Z59)+SUM(Z61:Z63) -> 237120.92
B66: % Receita Líquida | C66: % Net Revenue | E66: =E65/E$3 -> 0.066012685 | F66: =F65/F$3 -> 0.068028879 | G66: =G65/G$3 -> 0.071610137 | H66: =H65/H$3 -> 0.086485076 | I66: =I65/I$3 -> 0.073492545 | J66: =J65/J$3 -> 0.065798029 | K66: =K65/K$3 -> 0.073695113 | L66: =L65/L$3 -> 0.08176784 | ... Z66: =Z65/Z$3 -> 0.05157229

Sheet DFC_Cashflow
B2: DFC | C2: Cash Flows | E2: 1T22 | F2: 2T22 | G2: 3T22 | H2: 4T22 | I2: 2022 | J2: 1T23 | K2: 2T23 | L2: 3T23 | M2: 4T23 | N2: 2023 | O2: 1T24 | P2: 2T24 | Q2: 3T24 | R2: 4T24 | S2: 2024 | T2: 1T25 | U2: 2T25 | V2: 3T25 | W2: 4T25 | X2: 2025 | Y2: 1T26 | Z2: 2T26 | AA2: 1S26
B3: Fluxos de caixa das atividades operacionais | C3: Cash flows from operating activities
B5: Lucro líquido do exercício | C5: Net profit for the fiscal year | E5: 93388 | F5: 101907.07 | G5: 118862.93 | H5: 202874 | I5: =SUM(E5:H5) -> 517032 | J5: 121183 | K5: 129862 | L5: 143538 | M5: 251764 | N5: =SUM(J5:M5) -> 646347 | O5: 139440 | P5: 140282 | Q5: 147948 | R5: 238764 | S5: =SUM(O5:R5) -> 666434 | T5: 148136 | U5: 124248 | V5: 157124 | W5: 264635 | X5: =SUM(T5:W5) -> 694143 | Y5: 125100 | Z5: 377793 | AA5: =SUM(Y5:Z5) -> 502893
B7: Ajustes para: | C7: Adjustments for:
B8: Resultado na alienação de bens do ativo imobilizado | C8: Income from disposal of property and equipment | E8: -1247 | F8: -1264 | G8: -620 | H8: -2827 | I8: =SUM(E8:H8) -> -5958 | J8: -761 | K8: -4077 | L8: -3053 | M8: -59 | N8: =SUM(J8:M8) -> -7950 | O8: -3791 | P8: -99 | Q8: -6791 | R8: -608 | S8: =SUM(O8:R8) -> -11289 | T8: -526 | U8: -851 | V8: 6963 | W8: 240 | X8: =SUM(T8:W8) -> 5826 | Y8: -1728 | Z8: -8882 | AA8: =SUM(Y8:Z8) -> -10610
B9: Constituição de provisão (reversão) para perda esperada dos serviços faturados | C9: (Reversal) constitution of a provision for expected loss of services billed | E9: 334 | F9: 0 | G9: 0 | H9: 2991 | I9: =SUM(E9:H9) -> 3325 | J9: 0 | K9: 0 | L9: 0 | M9: 0 | N9: =SUM(J9:M9) -> 0 | O9: 0 | P9: 0 | Q9: 0 | R9: -1829 | S9: =SUM(O9:R9) -> -1829 | T9: 12335 | U9: 795 | V9: -607 | W9: -7114 | X9: =SUM(T9:W9) -> 5409 | Y9: -607 | Z9: -4797 | AA9: =SUM(Y9:Z9) -> -5404
B10: Constituição de provisão para perda esperada dos serviços a faturar | C10: Constitution of provision for expected loss of services to be billed | E10: 7545 | F10: 23512 | G10: 21343 | H10: -45531 | I10: =SUM(E10:H10) -> 6869 | J10: 19001 | K10: 22489 | L10: 22774 | M10: 0 | N10: =SUM(J10:M10) -> 64264 | O10: 26833 | P10: 27483 | Q10: 28220 | R10: 0 | S10: =SUM(O10:R10) -> 82536 | T10: 35944 | U10: 37254 | V10: 38535 | W10: -110887 | X10: =SUM(T10:W10) -> 846 | Y10: 37822 | Z10: 39023 | AA10: =SUM(Y10:Z10) -> 76845
B11: Reversão de provisão para perda esperada dos serviços a faturar | C11: Reversal of provision for expected loss on services to be billed | E11: 0 | F11: 0 | G11: 0 | H11: 0 | I11: =SUM(E11:H11) -> 0 | J11: 0 | K11: 0 | L11: 0 | M11: 0 | N11: =SUM(J11:M11) -> 0 | O11: 0 | P11: 0 | Q11: 0 | R11: -5 | S11: =SUM(O11:R11) -> -5 | T11: 0 | U11: 0 | V11: 0 | W11: 0 | X11: =SUM(T11:W11) -> 0 | Y11: 0 | Z11: 0 | AA11: =SUM(Y11:Z11) -> 0
B12: Depreciação de imobilizado | C12: Depreciation of property and equipment | E12: 12427 | F12: 14678 | G12: 16468 | H12: 17507 | I12: =SUM(E12:H12) -> 61080 | J12: 18091 | K12: 19202 | L12: 19909 | M12: 21303 | N12: =SUM(J12:M12) -> 78505 | O12: 24934 | P12: 31131 | Q12: 43427 | R12: 43037 | S12: =SUM(O12:R12) -> 142529 | T12: 38481 | U12: 39070 | V12: 38890 | W12: 37221 | X12: =SUM(T12:W12) -> 153662 | Y12: 36062 | Z12: 35047 | AA12: =SUM(Y12:Z12) -> 71109
B13: Amortização de intangível | C13: Amortization of intangible assets (Software and Franchising) | E13: 89 | F13: 146 | G13: 293 | H13: 150 | I13: =SUM(E13:H13) -> 678 | J13: 149 | K13: 185 | L13: 225 | M13: 479 | N13: =SUM(J13:M13) -> 1038 | O13: 386 | P13: 847 | Q13: 1914 | R13: 2181 | S13: =SUM(O13:R13) -> 5328 | T13: 2488 | U13: 2501 | V13: 2531 | W13: 4208 | X13: =SUM(T13:W13) -> 11728 | Y13: 4366 | Z13: 4362 | AA13: =SUM(Y13:Z13) -> 8728
B14: Amortização do ativo de direito de uso | C14: Right-of-use assets amortization | E14: 4800 | F14: 5143 | G14: 7202 | H14: 7119 | I14: =SUM(E14:H14) -> 24264 | J14: 5657 | K14: 6399 | L14: 6649 | M14: 13360 | N14: =SUM(J14:M14) -> 32065 | O14: 16426 | P14: 16926 | Q14: 17819 | R14: 18846 | S14: =SUM(O14:R14) -> 70017 | T14: 19300 | U14: 19503 | V14: 12752 | W14: 8980 | X14: =SUM(T14:W14) -> 60535 | Y14: 11114 | Z14: 7774 | AA14: =SUM(Y14:Z14) -> 18888
B15: Amortização de mais valia - carteira de clientes, marcas e acordo de não concorrência | C15: Surplus value amortization - customer portfolio, brands and non-compete agreement | E15: 26190 | F15: 29592 | G15: 28992 | H15: 12647 | I15: =SUM(E15:H15) -> 97421 | J15: 22510 | K15: 26396 | L15: 28482 | M15: 30099 | N15: =SUM(J15:M15) -> 107487 | O15: 33841 | P15: 28230 | Q15: 46841 | R15: 43419 | S15: =SUM(O15:R15) -> 152331 | T15: 46186 | U15: 41086 | V15: 43157 | W15: 45755 | X15: =SUM(T15:W15) -> 176184 | Y15: 45678 | Z15: 43412 | AA15: =SUM(Y15:Z15) -> 89090
B16: Amortização de mais valia - ativos fixos | C16: Surplus value amortization – fixed assets | E16: 1955 | F16: 1955 | G16: 1955 | H16: 1955 | I16: =SUM(E16:H16) -> 7820 | J16: 3477 | K16: 3097 | L16: 4801 | M16: 8259 | N16: =SUM(J16:M16) -> 19634 | O16: 9951 | P16: 10832 | Q16: -1512 | R16: 5517 | S16: =SUM(O16:R16) -> 24788 | T16: 2448 | U16: 6827 | V16: 4033 | W16: 4190 | X16: =SUM(T16:W16) -> 17498 | Y16: 4191 | Z16: 5192 | AA16: =SUM(Y16:Z16) -> 9383
B17: Amortização de mais valia - signing bonus | C17: Surplus value amortization – signing bonus | E17: 0 | F17: 0 | G17: 0 | H17: 0 | I17: =SUM(E17:H17) -> 0 | J17: 0 | K17: 0 | L17: 0 | M17: 0 | N17: =SUM(J17:M17) -> 0 | O17: 0 | P17: 0 | Q17: 0 | R17: 1225 | S17: =SUM(O17:R17) -> 1225 | T17: 724 | U17: -594 | V17: 26 | W17: 26 | X17: =SUM(T17:W17) -> 182 | Y17: 164 | Z17: -164 | AA17: =SUM(Y17:Z17) -> 0
B18: Provisão de riscos fiscais | C18: Provision for tax risks | E18: 4534 | F18: 0 | G18: 0 | H18: 0 | I18: =SUM(E18:H18) -> 4534 | J18: 0 | K18: 5761 | L18: 0 | M18: 10 | N18: =SUM(J18:M18) -> 5771 | O18: 0 | P18: 0 | Q18: 0 | R18: 0 | S18: =SUM(O18:R18) -> 0 | T18: 0 | U18: 0 | V18: 0 | W18: 9329 | X18: =SUM(T18:W18) -> 9329 | Y18: 0 | Z18: 0 | AA18: =SUM(Y18:Z18) -> 0
B19: Provisão para tributos sub judice | C19: Provision for sub judice taxes | E19: 1096 | F19: 0 | G19: 0 | H19: 0 | I19: =SUM(E19:H19) -> 1096 | J19: 695 | K19: =1240-J19 -> 545 | L19: 0 | M19: 2596 | N19: =SUM(J19:M19) -> 3836 | O19: 550 | P19: 1194 | Q19: -1316 | R19: 2436 | S19: =SUM(O19:R19) -> 2864 | T19: 589 | U19: 594 | V19: 730 | W19: 1059 | X19: =SUM(T19:W19) -> 2972 | Y19: 1182 | Z19: 858 | AA19: =SUM(Y19:Z19) -> 2040
B20: Reversão para tributos sub judice | C20: Reversal for sub judice taxes | E20: 0 | F20: 0 | G20: 0 | H20: -72015 | I20: =SUM(E20:H20) -> -72015 | J20: 0 | K20: 0 | L20: 0 | M20: -133103 | N20: =SUM(J20:M20) -> -133103 | O20: 0 | P20: 0 | Q20: 0 | R20: -101816 | S20: =SUM(O20:R20) -> -101816 | T20: 0 | U20: -804 | V20: -397 | W20: -134909 | X20: =SUM(T20:W20) -> -136110 | Y20: 0 | Z20: 0 | AA20: =SUM(Y20:Z20) -> 0
B21: Reversão de atualização monetárias sob tributos sub judice | C21: Reversal update currency reversal on sub judice taxes | E21: 0 | F21: 0 | G21: 0 | H21: 0 | I21: =SUM(E21:H21) -> 0 | J21: 0 | K21: 0 | L21: 0 | M21: 0 | N21: =SUM(J21:M21) -> 0 | O21: 0 | P21: 0 | Q21: 0 | R21: 0 | S21: =SUM(O21:R21) -> 0 | T21: 0 | U21: -573 | V21: -190 | W21: -59985 | X21: =SUM(T21:W21) -> -60748 | Y21: 0 | Z21: 0 | AA21: =SUM(Y21:Z21) -> 0
B22: Reversão FAP adquiridas | C22: Reversal of FAP acquired | E22: 0 | F22: -10339 | G22: 0 | H22: 0 | I22: =SUM(E22:H22) -> -10339 | J22: 0 | K22: 0 | L22: 0 | M22: 0 | N22: =SUM(J22:M22) -> 0 | O22: 0 | P22: 0 | Q22: 0 | R22: 0 | S22: =SUM(O22:R22) -> 0 | T22: 0 | U22: 0 | V22: 0 | W22: 0 | X22: =SUM(T22:W22) -> 0 | Y22: 0 | Z22: 0 | AA22: =SUM(Y22:Z22) -> 0
B23: Ganho com compra vantajosa | C23: Gain from advantageous purchase | E23: 0 | F23: 0 | G23: 0 | H23: 0 | I23: =SUM(E23:H23) -> 0 | J23: -17696 | K23: 1131 | L23: 0 | M23: 3415 | N23: =SUM(J23:M23) -> -13150 | O23: 0 | P23: 0 | Q23: 0 | R23: 0 | S23: =SUM(O23:R23) -> 0 | T23: 0 | U23: 0 | V23: 0 | W23: 0 | X23: =SUM(T23:W23) -> 0 | Y23: 0 | Z23: 0 | AA23: =SUM(Y23:Z23) -> 0
B24: Imposto de renda e contribuição social | C24: Income tax and social contribution | E24: 46227 | F24: 39606 | G24: 66755 | H24: 104053 | I24: =SUM(E24:H24) -> 256641 | J24: 63426 | K24: 54489 | L24: 56246 | M24: 95218 | N24: =SUM(J24:M24) -> 269379 | O24: 69300 | P24: 49537 | Q24: 67154 | R24: 102099 | S24: =SUM(O24:R24) -> 288090 | T24: 57507 | U24: 57757 | V24: 54375 | W24: 104778 | X24: =SUM(T24:W24) -> 274417 | Y24: 60005 | Z24: 173630 | AA24: =SUM(Y24:Z24) -> 233635
B25: Constituição de provisão para riscos tributários, cíveis e trabalhistas | C25: Constitution of provision for tax, civil and labor risks | E25: 0 | F25: -1802 | G25: -338 | H25: 2219 | I25: =SUM(E25:H25) -> 79 | J25: 3424 | K25: 0 | L25: 0 | M25: 160165 | N25: =SUM(J25:M25) -> 163589 | O25: 44956 | P25: 35580 | Q25: 32479 | R25: 92696 | S25: =(SUM(O25:R25)) -> 205711 | T25: 6590 | U25: 3637 | V25: 219760 | W25: 102134 | X25: =SUM(T25:W25) -> 332121 | Y25: -3657.0181 | Z25: 212308.02 | AA25: =SUM(Y25:Z25) -> 208651
B26: Reversão de provisão para riscos tributários, cíveis e trabalhistas | C26: Reversion of provision for tax, civil and labor risks | E26: 0 | F26: 0 | G26: 0 | H26: 0 | I26: =SUM(E26:H26) -> 0 | J26: 0 | K26: 0 | L26: -5844 | M26: -162142 | N26: =SUM(J26:M26) -> -167986 | O26: -42925 | P26: -29413 | Q26: -25795 | R26: -99276 | S26: =(SUM(O26:R26)) -> -197409 | T26: 0 | U26: 0 | V26: -207678 | W26: -86635 | X26: =SUM(T26:W26) -> -294313 | Y26: 0 | Z26: -175428 | AA26: =SUM(Y26:Z26) -> -175428
B27: Atualização monetária Sistema S | C27: Monetary update of System "S" | E27: 0 | F27: 9260 | G27: 9459 | H27: 11692 | I27: =SUM(E27:H27) -> 30411 | J27: 15442 | K27: 17897 | L27: 11929 | M27: 11462 | N27: =SUM(J27:M27) -> 56730 | O27: 804 | P27: 16499 | Q27: 12555 | R27: 12384 | S27: =SUM(O27:R27) -> 42242 | T27: 17418 | U27: 18142 | V27: -1595 | W27: 40803 | X27: =SUM(T27:W27) -> 74768 | Y27: 18021 | Z27: 16183 | AA27: =SUM(Y27:Z27) -> 34204
B28: Reversão de Sistema S | C28: System "S" reversal | E28: 0 | F28: 0 | G28: 0 | H28: 0 | I28: =SUM(E28:H28) -> 0 | J28: 0 | K28: 0 | L28: 0 | M28: 0 | N28: =SUM(J28:M28) -> 0 | O28: 0 | P28: 0 | Q28: 0 | R28: 0 | S28: =SUM(O28:R28) -> 0 | T28: 0 | U28: 0 | V28: 0 | W28: 0 | X28: =SUM(T28:W28) -> 0 | Y28: 0 | Z28: -247123 | AA28: =SUM(Y28:Z28) -> -247123
B29: Reversão da atualização monetária do Sistema "S" | C29: Monetary update of System "S" reversal | E29: 0 | F29: 0 | G29: 0 | H29: 0 | I29: =SUM(E29:H29) -> 0 | J29: 0 | K29: 0 | L29: 0 | M29: 0 | N29: =SUM(J29:M29) -> 0 | O29: 0 | P29: 0 | Q29: 0 | R29: 0 | S29: =SUM(O29:R29) -> 0 | T29: 0 | U29: 0 | V29: 0 | W29: -23158 | X29: =SUM(T29:W29) -> -23158 | Y29: -1113 | Z29: -189502 | AA29: =SUM(Y29:Z29) -> -190615
B30: Atualização monetária Perse | C30: Monetary update Perse | E30: 0 | F30: 0 | G30: 0 | H30: 0 | I30: =SUM(E30:H30) -> 0 | J30: 0 | K30: 0 | L30: 0 | M30: 0 | N30: =SUM(J30:M30) -> 0 | O30: 0 | P30: 0 | Q30: 2976 | R30: 7197 | S30: =SUM(O30:R30) -> 10173 | T30: 8949 | U30: 8559 | V30: 10801 | W30: 12106 | X30: =SUM(T30:W30) -> 40415 | Y30: 12930 | Z30: 14252 | AA30: =SUM(Y30:Z30) -> 27182
B31: Processos indenizáveis de aquisição | C31: Laws of indemnify acquisition | E31: 0 | F31: 0 | G31: 0 | H31: 0 | I31: =SUM(E31:H31) -> 0 | J31: 0 | K31: 0 | L31: 0 | M31: 0 | N31: =SUM(J31:M31) -> 0 | O31: 0 | P31: 0 | Q31: 0 | R31: 0 | S31: =SUM(O31:R31) -> 0 | T31: 0 | U31: -11129 | V31: -1365 | W31: -214 | X31: =SUM(T31:W31) -> -12708 | Y31: -886.09288 | Z31: -72074.907 | AA31: =SUM(Y31:Z31) -> -72961
B32: Atualização de ativos indenizatórios e passivos contingentes | C32: Update (write-offs) of indemnity assets and contingent liabilities | E32: -22620 | F32: -6954 | G32: -20809 | H32: -5996 | I32: =SUM(E32:H32) -> -56379 | J32: -5511 | K32: -526 | L32: -1611 | M32: -11597 | N32: =SUM(J32:M32) -> -19245 | O32: -2964 | P32: 56155 | Q32: -25528 | R32: -111056 | S32: =SUM(O32:R32) -> -83393 | T32: -2235 | U32: 4277 | V32: -5864 | W32: 8384 | X32: =SUM(T32:W32) -> 4562 | Y32: -6294 | Z32: -4380 | AA32: =SUM(Y32:Z32) -> -10674
B33: Atualização de ativos indenizatórios e passivos contingentes trabalhista | C33: Update (write-offs) of indemnity assets and contingent labor liabilities | E33: 0 | F33: 0 | G33: 0 | H33: 0 | I33: =SUM(E33:H33) -> 0 | J33: 0 | K33: 0 | L33: 0 | M33: 0 | N33: =SUM(J33:M33) -> 0 | O33: 0 | P33: 0 | Q33: 0 | R33: 0 | S33: =SUM(O33:R33) -> 0 | T33: 0 | U33: 0 | V33: 0 | W33: -13246 | X33: =SUM(T33:W33) -> -13246 | Y33: -214 | Z33: -4112 | AA33: =SUM(Y33:Z33) -> -4326
B34: Atualização de parcela contingente - dívida de aquisição | C34: Update of contingent installment – acquisition debt | E34: 1340 | F34: 11605 | G34: -3320 | H34: 19122 | I34: =SUM(E34:H34) -> 28747 | J34: 4865 | K34: 83 | L34: -8784 | M34: -1531 | N34: =SUM(J34:M34) -> -5367 | O34: 2082 | P34: 3143 | Q34: 10259 | R34: -10046 | S34: =SUM(O34:R34) -> 5438 | T34: -4555 | U34: 5536 | V34: 0 | W34: 7256 | X34: =SUM(T34:W34) -> 8237 | Y34: 268 | Z34: 275 | AA34: =SUM(Y34:Z34) -> 543
B35: Baixa de parcela contingente - dívida de aquisição | C35: Contingent installment write-off – acquisition debt | E35: 0 | F35: 0 | G35: -6954 | H35: 0 | I35: =SUM(E35:H35) -> -6954 | J35: -2976 | K35: 0 | L35: -4229 | M35: 0 | N35: =SUM(J35:M35) -> -7205 | O35: 0 | P35: -51177 | Q35: 0 | R35: -1241 | S35: =SUM(O35:R35) -> -52418 | T35: 0 | U35: 0 | V35: 0 | W35: 0 | X35: =SUM(T35:W35) -> 0 | Y35: 0 | Z35: 0 | AA35: =SUM(Y35:Z35) -> 0
B36: Compensação de divida de aquisição | C36: Offsetting acquisition debt | E36: 0 | F36: 0 | G36: 0 | H36: 0 | I36: =SUM(E36:H36) -> 0 | J36: 0 | K36: 0 | L36: 0 | M36: 0 | N36: =SUM(J36:M36) -> 0 | O36: 0 | P36: -4783 | Q36: -1 | R36: -336 | S36: =SUM(O36:R36) -> -5120 | T36: 0 | U36: -1656 | V36: -1 | W36: -192 | X36: =SUM(T36:W36) -> -1849 | Y36: 0 | Z36: 0 | AA36: =SUM(Y36:Z36) -> 0
B37: Resultado de instrumentos financeiros derivativos | C37: Income from derivative financial instruments | E37: 36636 | F37: -11958 | G37: -1226 | H37: 9355 | I37: =SUM(E37:H37) -> 32807 | J37: 6400 | K37: 10440 | L37: -1360 | M37: 7278 | N37: =SUM(J37:M37) -> 22758 | O37: -1262 | P37: -64238 | Q37: 3088 | R37: -104124 | S37: =SUM(O37:R37) -> -166536 | T37: 75099 | U37: 58627 | V37: 42467 | W37: -5986 | X37: =SUM(T37:W37) -> 170207 | Y37: 56910 | Z37: 27360 | AA37: =SUM(Y37:Z37) -> 84270
B38: Atualização monetária indébito da Selic | C38: Monetary update of Selic's indebt | E38: 0 | F38: 0 | G38: 0 | H38: -2031 | I38: =SUM(E38:H38) -> -2031 | J38: -563 | K38: -556 | L38: -553 | M38: -362 | N38: =SUM(J38:M38) -> -2034 | O38: -457 | P38: -440 | Q38: -990 | R38: 64 | S38: =SUM(O38:R38) -> -1823 | T38: -519 | U38: -580 | V38: -644 | W38: -622 | X38: =SUM(T38:W38) -> -2365 | Y38: -592 | Z38: -576 | AA38: =SUM(Y38:Z38) -> -1168
... B54: Atualização monetária de empréstimos a receber - contratos de mútuo | C54: Monetary restatement of loans receivable - loan agreements | E54: 0 | F54: 0 | G54: 0 | H54: 0 | I54: =SUM(E54:H54) -> 0 | J54: -775 | K54: -572 | L54: -489 | M54: 0 | N54: =SUM(J54:M54) -> -1836 | O54: 0 | P54: 0 | Q54: 0 | R54: 0 | S54: =SUM(O54:R54) -> 0 | T54: 0 | U54: 0 | V54: 0 | W54: 0 | X54: =SUM(T54:W54) -> 0 | Y54: 0 | Z54: 0 | AA54: =SUM(Y54:Z54) -> 0
B56: Variações em: | C56: Variations in:
B57: Estoques | C57: Inventories | E57: 101 | F57: -322 | G57: -4472 | H57: 4693 | I57: =SUM(E57:H57) -> 0 | J57: 0 | K57: 0 | L57: 0 | M57: 0 | N57: =SUM(J57:M57) -> 0 | O57: 0 | P57: 0 | Q57: -2339 | R57: -4333 | S57: =SUM(O57:R57) -> -6672 | T57: -1899 | U57: -7528 | V57: -19580 | W57: -6902 | X57: =SUM(T57:W57) -> -35909 | Y57: -28595 | Z57: 543 | AA57: =SUM(Y57:Z57) -> -28052
B58: Contas a receber | C58: Trade receivables | E58: -95791 | F58: -179627 | G58: -100955 | H58: 4534 | I58: =SUM(E58:H58) -> -371839 | J58: 46406 | K58: -178810 | L58: -109367 | M58: -101183 | N58: =SUM(J58:M58) -> -342954 | O58: -142221 | P58: -233450 | Q58: 63570 | R58: 77180 | S58: =SUM(O58:R58) -> -234921 | T58: -88287 | U58: -159435 | V58: -251785 | W58: 182575 | X58: =SUM(T58:W58) -> -316932 | Y58: -175693 | Z58: -22748 | AA58: =SUM(Y58:Z58) -> -198441
B59: Imposto de renda e contribuição social a recuperar | C59: Recoverable income tax and social contribution | E59: -39269 | F59: -65258 | G59: -53490 | H59: -23136 | I59: =SUM(E59:H59) -> -181153 | J59: -47262 | K59: -48369 | L59: -17418 | M59: -48098 | N59: =SUM(J59:M59) -> -161147 | O59: -22417 | P59: -50189 | Q59: 4364 | R59: -30868 | S59: =SUM(O59:R59) -> -99110 | T59: -49215 | U59: -52381 | V59: 14342 | W59: -39887 | X59: =SUM(T59:W59) -> -127141 | Y59: -85393 | Z59: 13387 | AA59: =SUM(Y59:Z59) -> -72006
B60: Tributos a recuperar | C60: Recoverable taxes | E60: 20755 | F60: -6897 | G60: -39092 | H60: -18093 | I60: =SUM(E60:H60) -> -43327 | J60: -17129 | K60: -23996 | L60: -12397 | M60: 20527 | N60: =SUM(J60:M60) -> -32995 | O60: -36457 | P60: -34739 | Q60: -22394 | R60: -3100 | S60: =SUM(O60:R60) -> -96690 | T60: -22782 | U60: -20943 | V60: 2126 | W60: -103704 | X60: =SUM(T60:W60) -> -145303 | Y60: 9739 | Z60: -29168 | AA60: =SUM(Y60:Z60) -> -19429
B61: Depósitos judiciais | C61: Judicial deposits | E61: -1525 | F61: -3701 | G61: -5324 | H61: -5736 | I61: =SUM(E61:H61) -> -16286 | J61: -6232 | K61: 2975 | L61: 1835 | M61: 24329 | N61: =SUM(J61:M61) -> 22907 | O61: 4175 | P61: -417 | Q61: -2007 | R61: 15122 | S61: =SUM(O61:R61) -> 16873 | T61: -13385 | U61: 4512 | V61: -13843 | W61: 7673 | X61: =SUM(T61:W61) -> -15043 | Y61: 4945 | Z61: -6151 | AA61: =SUM(Y61:Z61) -> -1206
B62: Ativo indenizatório | C62: Compensation asset | E62: -178 | F62: 0 | G62: 708 | H62: -1848 | I62: =SUM(E62:H62) -> -1318 | J62: -415 | K62: 41 | L62: 1773 | M62: -1399 | N62: =SUM(J62:M62) -> 0 | O62: 0 | P62: 0 | Q62: 0 | R62: 0 | S62: =SUM(O62:R62) -> 0 | T62: 0 | U62: 0 | V62: 0 | W62: 4780 | X62: =SUM(T62:W62) -> 4780 | Y62: 5243 | Z62: -4805 | AA62: =SUM(Y62:Z62) -> 438
B63: Outras contas a receber | C63: Other accounts receivable | E63: 0 | F63: 0 | G63: 0 | H63: 0 | I63: 0 | J63: 0 | K63: 0 | L63: 0 | M63: 0 | N63: 0 | O63: 0 | P63: 0 | Q63: 0 | R63: 0 | S63: =SUM(O63:R63) -> 0 | T63: -22523 | U63: 63507 | V63: -25642 | W63: -31466 | X63: =SUM(T63:W63) -> -16124 | Y63: 35416 | Z63: -16621 | AA63: =SUM(Y63:Z63) -> 18795
B64: Fornecedores | C64: Trade payables | E64: -11544 | F64: 328 | G64: -12185 | H64: 21801 | I64: =SUM(E64:H64) -> -1600 | J64: -18074 | K64: -31547 | L64: 54971 | M64: 23562 | N64: =SUM(J64:M64) -> 28912 | O64: -14263 | P64: 23199 | Q64: -42305 | R64: 25183 | S64: =SUM(O64:R64) -> -8186 | T64: -73513 | U64: -78770 | V64: 31387 | W64: 32336 | X64: =SUM(T64:W64) -> -88560 | Y64: 9112 | Z64: -20255 | AA64: =SUM(Y64:Z64) -> -11143
B65: Salários e encargos sociais | C65: Payroll and social charges | E65: 84845 | F65: 133640 | G65: 123846 | H65: -136081 | I65: =SUM(E65:H65) -> 206250 | J65: 66379 | K65: 135036 | L65: 137154 | M65: -128562 | N65: =SUM(J65:M65) -> 210007 | O65: 67117 | P65: 151093 | Q65: 99361 | R65: -267474 | S65: =SUM(O65:R65) -> 50097 | T65: 43937 | U65: 160225 | V65: 137097 | W65: -341165 | X65: =SUM(T65:W65) -> 94 | Y65: 70244 | Z65: 238547 | AA65: =SUM(Y65:Z65) -> 308791
B66: Parcelamento de tributos | C66: Tax installment payments | E66: -18315 | F66: 27851 | G66: 15124 | H66: -11665 | I66: =SUM(E66:H66) -> 12995 | J66: -9386 | K66: -23278 | L66: -43655 | M66: 6423 | N66: =SUM(J66:M66) -> -69896 | O66: 11142 | P66: 6793 | Q66: -18180 | R66: 408 | S66: =SUM(O66:R66) -> 163 | T66: 2793 | U66: 1365 | V66: 862 | W66: 1981 | X66: =SUM(T66:W66) -> 7001 | Y66: 229 | Z66: 38023 | AA66: =SUM(Y66:Z66) -> 38252
B67: Variações em outros ativos e passivos | C67: Variations in other assets and liabilities | E67: 2168 | F67: -14301 | G67: 14546 | H67: -26346 | I67: =SUM(E67:H67) -> -23933 | J67: -11666 | K67: -49822 | L67: -54330 | M67: -22869 | N67: =SUM(J67:M67) -> -138687 | O67: -34048 | P67: -32365 | Q67: -2048 | R67: -18902 | S67: =SUM(O67:R67) -> -87363 | T67: 0 | U67: 0 | V67: 0 | W67: 0 | X67: =SUM(T67:W67) -> 0 | Y67: 0 | Z67: 0 | AA67: =SUM(Y67:Z67) -> 0
B68: Outras obrigações tributárias | C68: Other tax obligations | E68: 0 | F68: -7951 | G68: -9052 | H68: 0 | I68: =SUM(E68:H68) -> -17003 | J68: 0 | K68: 0 | L68: 0 | M68: 0 | N68: =SUM(J68:M68) -> 0 | O68: 0 | P68: 0 | Q68: 0 | R68: 0 | S68: =SUM(O68:R68) -> 0 | T68: 27856 | U68: 15493 | V68: 20667 | W68: 14994 | X68: =SUM(T68:W68) -> 79010 | Y68: 14877 | Z68: -61173 | AA68: =SUM(Y68:Z68) -> -46296
B69: Outras contas a pagar | C69: Changes in other assets and liabilities | E69: -21340 | F69: -1008 | G69: -4152 | H69: 0 | I69: =SUM(E69:H69) -> -26500 | J69: 0 | K69: 0 | L69: 0 | M69: 0 | N69: =SUM(J69:M69) -> 0 | O69: 0 | P69: 0 | Q69: 0 | R69: 0 | S69: =SUM(O69:R69) -> 0 | T69: -2740 | U69: -9557 | V69: -17467 | W69: 8329 | X69: =SUM(T69:W69) -> -21435 | Y69: -18401 | Z69: 65180 | AA69: =SUM(Y69:Z69) -> 46779
B71: Caixa (utilizado nas) gerado pelas atividades operacionais | C71: Cash (used in) from operating activities | E71: =SUM(E5:E69) -> 157169 | F71: =SUM(F5:F69) -> 151460.17 | G71: =SUM(G5:G69) -> 252846.83 | H71: =SUM(H5:H69) -> 186615 | I71: =SUM(I5:I69) -> 748091 | J71: =SUM(J5:J69) -> 385577 | K71: =SUM(K5:K69) -> 204368 | L71: =SUM(L5:L69) -> 300791 | ... AA71: =SUM(AA5:AA69) -> 1082097
B73: Juros pagos sobre empréstimos | C73: Interest paid on loans | E73: -21493 | F73: -22446 | G73: -19398 | H73: -14022 | I73: =SUM(E73:H73) -> -77359 | J73: -25476 | K73: -19370 | L73: -15923 | M73: -11615 | N73: =SUM(J73:M73) -> -72384 | O73: -27736 | P73: -105509 | Q73: -24069 | R73: 10430 | S73: =(SUM(O73:R73)) -> -146884 | T73: -22321 | U73: -18714 | V73: -18516 | W73: -16147 | X73: =SUM(T73:W73) -> -75698 | Y73: -11412 | Z73: -10636 | AA73: =SUM(Y73:Z73) -> -22048
B74: Juros pagos sobre debêntures | C74: Interest paid on debentures | E74: -18854 | F74: -36267 | G74: -43458 | H74: -44611 | I74: =SUM(E74:H74) -> -143190 | J74: -57233 | K74: -95364 | L74: -97417 | M74: -95526 | N74: =SUM(J74:M74) -> -345540 | O74: -85561 | P74: -77805 | Q74: -90504 | R74: -130973 | S74: =SUM(O74:R74) -> -384843 | T74: -130534 | U74: -142969 | V74: -155012 | W74: -149532 | X74: =SUM(T74:W74) -> -578047 | Y74: -242473 | Z74: -203092 | AA74: =SUM(Y74:Z74) -> -445565
B75: Juros pagos sobre parcelamentos | C75: Interes paid on installments | E75: 0 | F75: 0 | G75: 0 | H75: -2368 | I75: =SUM(E75:H75) -> -2368 | J75: -945 | K75: -426 | L75: -604 | M75: -994 | N75: =SUM(J75:M75) -> -2969 | O75: -1854 | P75: -2330 | Q75: -1091 | R75: -1622 | S75: =SUM(O75:R75) -> -6897 | T75: -710 | U75: -1359 | V75: -1525 | W75: -1410 | X75: =SUM(T75:W75) -> -5004 | Y75: -1287 | Z75: -3322 | AA75: =SUM(Y75:Z75) -> -4609
B76: Imposto de renda e contribuição social pagos | C76: Income tax and social contribution paid | E76: -35058 | F76: -23384 | G76: -30764 | H76: -32427 | I76: =SUM(E76:H76) -> -121633 | J76: -38167 | K76: -43351 | L76: -41784 | M76: -38796 | N76: =SUM(J76:M76) -> -162098 | O76: -24669 | P76: -14858 | Q76: -13628 | R76: -23094 | S76: =SUM(O76:R76) -> -76249 | T76: -13662 | U76: -19716 | V76: -24172 | W76: -28821 | X76: =SUM(T76:W76) -> -86371 | Y76: -1276 | Z76: -23564 | AA76: =SUM(Y76:Z76) -> -24840
B78: Caixa líquido (utilizado nas) gerado pelas atividades operacionais | C78: Net cash (used in) generated by operating activities | E78: =SUM(E71:E76) -> 81764 | F78: =SUM(F71:F76) -> 69363.168 | G78: =SUM(G71:G76) -> 159226.83 | H78: =SUM(H71:H76) -> 93187 | I78: =SUM(I71:I76) -> 403541 | J78: =SUM(J71:J76) -> 263756 | K78: =SUM(K71:K76) -> 45857 | L78: =SUM(L71:L76) -> 145063 | ... Z78: =SUM(Z71:Z76) -> 422577.57 | AA78: =SUM(AA71:AA77) -> 585035
B80: Fluxos de caixa das atividades de investimentos | C80: Cash flows from investment activities
B81: Aplicações financeiras | C81: Financial investments | E81: 92308 | F81: 263827 | G81: 181863 | H81: -1361000 | I81: =SUM(E81:H81) -> -823002 | J81: -168786 | K81: 309192 | L81: 16278 | M81: 387414 | N81: =SUM(J81:M81) -> 544098 | O81: 364202 | P81: -313014 | Q81: -624081 | R81: 281317 | S81: =SUM(O81:R81) -> -291576 | T81: -55940 | U81: 1614198 | V81: 0 | W81: 0 | X81: =SUM(T81:W81) -> 1558258 | Y81: -12368 | Z81: -1624 | AA81: =SUM(Y81:Z81) -> -13992
B82: Recebimento de empréstimos - (contratos de mútuo) | C82: Receipt from loans - mutual agreements | E82: 0 | F82: 5324 | G82: 0 | H82: 0 | I82: =SUM(E82:H82) -> 5324 | J82: 5797 | K82: 1267 | L82: 0 | M82: 1 | N82: =SUM(J82:M82) -> 7065 | O82: 4539 | P82: 1067 | Q82: 0 | R82: 0 | S82: =SUM(O82:R82) -> 5606 | T82: 5502 | U82: 130 | V82: 0 | W82: 1643 | X82: =SUM(T82:W82) -> 7275 | Y82: 4907 | Z82: 138 | AA82: =SUM(Y82:Z82) -> 5045
B83: Concessão de empréstimos - (contratos de mútuo) | C83: Granting of loans - mutual agreements | E83: 0 | F83: -9500 | G83: 0 | H83: 0 | I83: =SUM(E83:H83) -> -9500 | J83: -1000 | K83: 0 | L83: 0 | M83: 0 | N83: =SUM(J83:M83) -> -1000 | O83: -10500 | P83: 0 | Q83: 0 | R83: 0 | S83: =SUM(O83:R83) -> -10500 | T83: 0 | U83: 0 | V83: 0 | W83: 0 | X83: =SUM(T83:W83) -> 0 | Y83: -8000 | Z83: 0 | AA83: =SUM(Y83:Z83) -> -8000
B84: Recebimento pela venda de imobilizado | C84: Receipt from the sale of property and equipment | E84: 1691 | F84: 2820 | G84: 1257 | H84: 3135 | I84: =SUM(E84:H84) -> 8903 | J84: 1375 | K84: 6206 | L84: 4080 | M84: 2189 | N84: =SUM(J84:M84) -> 13850 | O84: 4307 | P84: 2214 | Q84: 7049 | R84: 2948 | S84: =SUM(O84:R84) -> 16518 | T84: 1384 | U84: 2951 | V84: 6667 | W84: 14256 | X84: =SUM(T84:W84) -> 25258 | Y84: 9752 | Z84: 11240 | AA84: =SUM(Y84:Z84) -> 20992
B85: Aquisição de imobilizado | C85: Acquisition of property and equipment | E85: -16509 | F85: -21077 | G85: -38391 | H85: -27705 | I85: =SUM(E85:H85) -> -103682 | J85: -35770 | K85: -32758 | L85: -47151 | M85: -30261 | N85: =SUM(J85:M85) -> -145940 | O85: -46085 | P85: -36869 | Q85: -61764 | R85: -54847 | S85: =SUM(O85:R85) -> -199565 | T85: -51451 | U85: -57897 | V85: -70698 | W85: -75195 | X85: =SUM(T85:W85) -> -255241 | Y85: -56749 | Z85: -54426 | AA85: =SUM(Y85:Z85) -> -111175
B86: Aquisição de intangível | C86: Acquisition of intangible assets | E86: 0 | F86: -908 | G86: -1067 | H86: -129 | I86: =SUM(E86:H86) -> -2104 | J86: -452 | K86: 452 | L86: 0 | M86: -906 | N86: =SUM(J86:M86) -> -906 | O86: -930 | P86: -1573 | Q86: -4646 | R86: -9287 | S86: =SUM(O86:R86) -> -16436 | T86: -861 | U86: -933 | V86: -2376 | W86: -2412 | X86: =SUM(T86:W86) -> -6582 | Y86: -6350 | Z86: -85 | AA86: =SUM(Y86:Z86) -> -6435
B87: Aquisição de controlada não consolidada e outras movimentações | C87: Acquisition of non-consolidated subsidiaries | E87: -31610 | F87: -73263 | G87: 104873 | H87: -2500 | I87: =SUM(E87:H87) -> -2500 | J87: 0 | K87: -6829 | L87: -72306 | M87: 70872 | N87: =SUM(J87:M87) -> -8263 | O87: 0 | P87: 0 | Q87: 0 | R87: 0 | S87: =SUM(O87:R87) -> 0 | T87: 0 | U87: 0 | V87: 0 | W87: 0 | X87: =SUM(T87:W87) -> 0 | Y87: 0 | Z87: -4350 | AA87: =SUM(Y87:Z87) -> -4350
B88: Aquisição das controladas, líquido do caixa obtido na aquisição | C88: Acquisition of subsidiaries, net of cash obtained in the acquisition | E88: 1457 | F88: -62509 | G88: -231145 | H88: -2073 | I88: =SUM(E88:H88) -> -294270 | J88: 4775 | K88: 0 | L88: -697 | M88: -201474 | N88: =SUM(J88:M88) -> -197396 | O88: -137939 | P88: -1190870 | Q88: 203 | R88: 0 | S88: =SUM(O88:R88) -> -1328606 | T88: -4000 | U88: -70352 | V88: 0 | W88: -30655 | X88: =SUM(T88:W88) -> -105007 | Y88: 335 | Z88: 0 | AA88: =SUM(Y88:Z88) -> 335
B90: Caixa líquido proveniente das (utilizado nas) atividades de investimento | C90: Net cash provided by investing activities | E90: =SUM(E81:E88) -> 47337 | F90: =SUM(F81:F88) -> 104714 | G90: =SUM(G81:G88) -> 17390 | H90: =SUM(H81:H88) -> -1390272 | I90: =SUM(I81:I88) -> -1220831 | J90: =SUM(J81:J88) -> -194061 | K90: =SUM(K81:K88) -> 277530 | L90: =SUM(L81:L88) -> -99796 | ... AA90: =SUM(AA81:AA88) -> -117580
B92: Fluxos de caixa das atividades de financiamentos | C92: Cash flows from financing activities
B93: Integralização de capital por emissão de ações | C93: Capitalization through issuance of shares | E93: 0 | F93: 33426 | G93: 0 | H93: 0 | I93: =SUM(E93:H93) -> 33426 | J93: 30891 | K93: 0 | L93: 0 | M93: 0 | N93: =SUM(J93:M93) -> 30891 | O93: 48642 | P93: 0 | Q93: 0 | R93: 0 | S93: =SUM(O93:R93) -> 48642 | T93: 32775 | U93: 0 | V93: 0 | W93: 0 | X93: =SUM(T93:W93) -> 32775 | Y93: 39390 | Z93: 0 | AA93: =SUM(Y93:Z93) -> 39390
B94: Pagamento de parcelamento | C94: Payment of tax installments | E94: 0 | F94: 0 | G94: 0 | H94: -15887 | I94: =SUM(E94:H94) -> -15887 | J94: -4285 | K94: -6128 | L94: -4986 | M94: -6911 | N94: =SUM(J94:M94) -> -22310 | O94: -4823 | P94: -4109 | Q94: -7156 | R94: -5196 | S94: =SUM(O94:R94) -> -21284 | T94: -6707 | U94: -6202 | V94: -7516 | W94: -14086 | X94: =SUM(T94:W94) -> -34511 | Y94: -7031 | Z94: -3957 | AA94: =SUM(Y94:Z94) -> -10988
B95: Pagamento de arrendamentos | C95: Payment of leases | E95: -5220 | F95: -5617 | G95: -7817 | H95: -7724 | I95: =SUM(E95:H95) -> -26378 | J95: -6186 | K95: -6875 | L95: -6218 | M95: -7564 | N95: =SUM(J95:M95) -> -26843 | O95: -19544 | P95: -20426 | Q95: -20495 | R95: -21289 | S95: =SUM(O95:R95) -> -81754 | T95: -20916 | U95: -20884 | V95: -14118 | W95: -9770 | X95: =SUM(T95:W95) -> -65688 | Y95: -11819 | Z95: -10163 | AA95: =SUM(Y95:Z95) -> -21982
B96: Dividendos pagos (controladores e vendedores de adquiridas) | C96: Dividends paid (controlling and selling parties of acquired companies) | E96: 0 | F96: 0 | G96: -1400 | H96: 0 | I96: =SUM(E96:H96) -> -1400 | J96: 0 | K96: -175118 | L96: -794 | M96: -228 | N96: =SUM(J96:M96) -> -176140 | O96: -402 | P96: -224185 | Q96: -455 | R96: -3365 | S96: =SUM(O96:R96) -> -228407 | T96: -3970 | U96: -223287 | V96: -441 | W96: -497 | X96: =SUM(T96:W96) -> -228195 | Y96: -219241 | Z96: -3198 | AA96: =SUM(Y96:Z96) -> -222439
B97: Instrumentos financeiros derivativos | C97: Derivative financial instruments | E97: 1468 | F97: -1 | G97: 0 | H97: 0 | I97: =SUM(E97:H97) -> 1467 | J97: -2262 | K97: -1813 | L97: -2484 | M97: 0 | N97: =SUM(J97:M97) -> -6559 | O97: -3465 | P97: 49136 | Q97: 14950 | R97: -60621 | S97: =SUM(O97:R97) -> 0 | T97: -11965 | U97: -15910 | V97: -19270 | W97: -20258 | X97: =SUM(T97:W97) -> -67403 | Y97: -18916 | Z97: -19250 | AA97: =SUM(Y97:Z97) -> -38166
B98: Recursos provenientes da liquidação de derivativos | C98: Resources from the settlement of derivatives | E98: 0 | F98: 0 | G98: -1437 | H98: -2283 | I98: =SUM(E98:H98) -> -3720 | J98: 0 | K98: 0 | L98: 0 | M98: -1571 | N98: =SUM(J98:M98) -> -1571 | O98: 0 | P98: 0 | Q98: 0 | R98: 50528 | S98: =SUM(O98:R98) -> 50528 | T98: 0 | U98: 0 | V98: 0 | W98: 0 | X98: =SUM(T98:W98) -> 0 | Y98: 0 | Z98: 0 | AA98: =SUM(Y98:Z98) -> 0
B99: Captação de empréstimos | C99: Loans acquisition | E99: 0 | F99: 0 | G99: 0 | H99: 0 | I99: =SUM(E99:H99) -> 0 | J99: 0 | K99: 0 | L99: 0 | M99: 0 | N99: =SUM(J99:M99) -> 0 | O99: 0 | P99: 1400000 | Q99: 500000 | R99: 81950 | S99: =SUM(O99:R99) -> 1981950 | T99: 0 | U99: 0 | V99: 0 | W99: 0 | X99: =SUM(T99:W99) -> 0 | Y99: 0 | Z99: 0 | AA99: =SUM(Y99:Z99) -> 0
B100: Captação de debentures | C100: Debentures acquisition | E100: 0 | F100: 0 | G100: 0 | H100: 1500000 | I100: =SUM(E100:H100) -> 1500000 | J100: 0 | K100: 0 | L100: 0 | M100: 0 | N100: =SUM(J100:M100) -> 0 | O100: 0 | P100: 1750000 | Q100: 0 | R100: 0 | S100: =SUM(O100:R100) -> 1750000 | T100: 0 | U100: 0 | V100: 0 | W100: 3550000 | X100: =SUM(T100:W100) -> 3550000 | Y100: 0 | Z100: 0 | AA100: =SUM(Y100:Z100) -> 0
B101: Amortização de debentures | C101: Debentures amortization | E101: -24911 | F101: -25089 | G101: -25000 | H101: -25000 | I101: =SUM(E101:H101) -> -100000 | J101: -25000 | K101: -25000 | L101: -25000 | M101: -25000 | N101: =SUM(J101:M101) -> -100000 | O101: -62500 | P101: -62500 | Q101: -62339 | R101: -62501 | S101: =SUM(O101:R101) -> -249840 | T101: -62500 | U101: -62500 | V101: -62500 | W101: -2112499 | X101: =SUM(T101:W101) -> -2299999 | Y101: 0 | Z101: 0 | AA101: =SUM(Y101:Z101) -> 0
B102: Custos incorridos com a emissão de empréstimos | C102: Costs incurred with issuance of loans | E102: 0 | F102: 0 | G102: 0 | H102: 0 | I102: =SUM(E102:H102) -> 0 | J102: 0 | K102: 0 | L102: 0 | M102: 0 | N102: =SUM(J102:M102) -> 0 | O102: 0 | P102: 0 | Q102: -5194 | R102: 0 | S102: =SUM(O102:R102) -> -5194 | T102: 0 | U102: 0 | V102: 0 | W102: 0 | X102: =SUM(T102:W102) -> 0 | Y102: 0 | Z102: 0 | AA102: =SUM(Y102:Z102) -> 0
B103: Custos incorridos com a emissão de debentures | C103: Costs incurred with issuance of debentures | E103: 0 | F103: 0 | G103: 0 | H103: -16864 | I103: =SUM(E103:H103) -> -16864 | J103: 0 | K103: 0 | L103: 0 | M103: 0 | N103: =SUM(J103:M103) -> 0 | O103: 0 | P103: -19437 | Q103: 0 | R103: 0 | S103: =SUM(O103:R103) -> -19437 | T103: 0 | U103: 0 | V103: 0 | W103: -40875 | X103: =SUM(T103:W103) -> -40875 | Y103: 0 | Z103: 0 | AA103: =SUM(Y103:Z103) -> 0
B104: Amortização de empréstimos | C104: Loans amortization | E104: -58471 | F104: -70125 | G104: -44242 | H104: -33989 | I104: =SUM(E104:H104) -> -206827 | J104: -52461 | K104: -52385 | L104: -45076 | M104: -47740 | N104: =SUM(J104:M104) -> -197662 | O104: -182709 | P104: -1233387 | Q104: -30942 | R104: -134849 | S104: =SUM(O104:R104) -> -1581887 | T104: -23480 | U104: -24268 | V104: -20460 | W104: -150322 | X104: =SUM(T104:W104) -> -218530 | Y104: -2959 | Z104: -10000 | AA104: =SUM(Y104:Z104) -> -12959
B105: Exercício de opção de compra e parcela adicional de aquisição | C105: Exercise of call option and additional acquisition installment | E105: 0 | F105: -41297 | G105: -47180 | H105: -21325 | I105: =SUM(E105:H105) -> -109802 | J105: 0 | K105: -33064 | L105: 0 | M105: -1538 | N105: =SUM(J105:M105) -> -34602 | O105: -200 | P105: -91443 | Q105: 0 | R105: -1108 | S105: =SUM(O105:R105) -> -92751 | T105: 0 | U105: -196863 | V105: 0 | W105: -16440 | X105: =SUM(T105:W105) -> -213303 | Y105: 0 | Z105: -15250 | AA105: =SUM(Y105:Z105) -> -15250
B107: Caixa líquido (utilizado nas) gerado pelas atividades de financiamento | C107: Net cash provided by (used in) financing activities | E107: =SUM(E93:E105) -> -87134 | F107: =SUM(F93:F105) -> -108703 | G107: =SUM(G93:G105) -> -127076 | H107: =SUM(H93:H105) -> 1376928 | I107: =SUM(I93:I105) -> 1054015 | J107: =SUM(J93:J105) -> -59303 | K107: =SUM(K93:K105) -> -300383 | L107: =SUM(L93:L105) -> -84558 | ... AA107: =SUM(AA93:AA105) -> -282394
B109: (Diminuição) e aumento líquido de caixa e equivalentes de caixa | C109: Net increase in cash and cash equivalents | E109: =E107+E90+E78 -> 41967 | F109: =F107+F90+F78 -> 65374.168 | G109: =G107+G90+G78 -> 49540.832 | H109: =H107+H90+H78 -> 79843 | I109: =I107+I90+I78 -> 236725 | J109: =J107+J90+J78 -> 10392 | K109: =K107+K90+K78 -> 23004 | L109: =L107+L90+L78 -> -39291 | ... AA109: =AA107+AA90+AA78 -> 185061
B111: Caixa BoP | C111: Cash BoP | E111: 652434 | F111: =E112 -> 694401 | G111: =F112 -> 759775.17 | H111: =G112 -> 809316 | I111: =E111 -> 652434 | J111: =H112 -> 889159 | K111: =J112 -> 899551 | L111: =K112 -> 922555 | M111: =L112 -> 883264 | N111: =J111 -> 889159 | O111: =M112 -> 989728 | P111: =O112 -> 1072674 | Q111: =P112 -> 1182084 | R111: =Q112 -> 1364345 | S111: =O111 -> 989728 | T111: =R112 -> 1468264 | U111: =T112 -> 1473387 | V111: =U112 -> 2699315 | W111: =V112 -> 2777146 | X111: =T111 -> 1468264 | Y111: =X112 -> 3892614 | Z111: =Y112 -> 3766022.4 | AA111: =Y111 -> 3892614
B112: Caixa EoP | C112: Cash EoP | E112: =E111+E109 -> 694401 | F112: =F111+F109 -> 759775.17 | G112: =G111+G109 -> 809316 | H112: =H111+H109 -> 889159 | I112: =I111+I109 -> 889159 | J112: =J111+J109 -> 899551 | K112: =K111+K109 -> 922555 | L112: =L111+L109 -> 883264 | ... V112: =V111+V109 -> 2777146 | W112: =BP_BS!AA5 -> 3892614 | X112: =BP_BS!AA5 -> 3892614 | Y112: =Y111+Y109 -> 3766022.4 | Z112: =Z111+Z109 -> 4077675 | AA112: =AA111+AA109 -> 4077675

Sheet Prazo de receb-pgto_Pay&Rec
D1: 1Q22 | E1: 2Q22 | F1: 3Q22 | G1: 4Q22 | H1: 1Q23 | I1: 2Q23 | J1: 3Q23 | K1: 4Q23 | L1: 1Q24 | M1: 2Q24 | N1: 3Q24 | O1: 4Q24 | P1: 1Q25 | Q1: 2Q25 | R1: 3Q25 | S1: 4Q25 | T1: 1Q26 | U1: 1Q26
B2: Prazo de receb-pgto | C2: Payment Terms | D2: 1T22 | E2: 2T22 | F2: 3T22 | G2: 4T22 | H2: 1T23 | I2: 2T23 | J2: 3T23 | K2: 4T23 | L2: 1T24 | M2: 2T24 | N2: 3T24 | O2: 4T24 | P2: 1T25 | Q2: 2T25 | R2: 3T25 | S2: 4T25 | T2: 1T26 | U2: 2T26
B4: Receita Líquida | C4: Net Revenue | D4: ='DRE ABERTO old (DF)_Income St'!E5 -> 2081601.6 | E4: ='DRE ABERTO old (DF)_Income St'!F5 -> 2224923.6 | F4: ='DRE ABERTO old (DF)_Income St'!G5 -> 2426556.4 | G4: ='DRE ABERTO old (DF)_Income St'!H5 -> 2485602.2 | H4: ='DRE ABERTO old (DF)_Income St'!J5 -> 2527625.4 | I4: ='DRE ABERTO old (DF)_Income St'!K5 -> 2610026.4 | J4: ='DRE ABERTO old (DF)_Income St'!L5 -> 2628718.9 | K4: ='DRE ABERTO old (DF)_Income St'!M5 -> 2864783.1 | L4: ='DRE ABERTO old (DF)_Income St'!O5 -> 3072029.9 | M4: ='DRE ABERTO old (DF)_Income St'!P5 -> 3492907.9 | N4: ='DRE ABERTO old (DF)_Income St'!Q5 -> 4112743.3 | O4: ='DRE ABERTO old (DF)_Income St'!R5 -> 4096687.9 | P4: ='DRE ABERTO old (DF)_Income St'!T5 -> 4104086.6 | Q4: ='DRE ABERTO old (DF)_Income St'!U5 -> 4298372.4 | R4: ='DRE ABERTO old (DF)_Income St'!V5 -> 4462323.8 | S4: ='DRE ABERTO old (DF)_Income St'!W5 -> 4418376.4 | T4: ='DRE ABERTO old (DF)_Income St'!Y5 -> 4483884.1 | U4: ='DRE ABERTO old (DF)_Income St'!Z5 -> 4597835.9
B6: Prazo de Recebimento | C6: Payment Terms
B7: Contas a Receber | C7: Trade Receivables | D7: =(BP_BS!L8+BP_BS!L19)*360/'Prazo de receb-pgto_Pay&Rec'!D$4/4 -> 69.742255 | E7: =(BP_BS!M8+BP_BS!M19)*360/'Prazo de receb-pgto_Pay&Rec'!E$4/4 -> 73.52674 | F7: =(BP_BS!N8+BP_BS!N19)*360/'Prazo de receb-pgto_Pay&Rec'!F$4/4 -> 72.446406 | G7: =(BP_BS!O8+BP_BS!O19)*360/'Prazo de receb-pgto_Pay&Rec'!G$4/4 -> 73.218209 | H7: =(BP_BS!P8+BP_BS!P19)*360/'Prazo de receb-pgto_Pay&Rec'!H$4/4 -> 71.43566 | I7: =(BP_BS!Q8+BP_BS!Q19)*360/'Prazo de receb-pgto_Pay&Rec'!I$4/4 -> 74.27311 | J7: =(BP_BS!R8+BP_BS!R19)*360/'Prazo de receb-pgto_Pay&Rec'!J$4/4 -> 76.627565 | K7: =(BP_BS!S8+BP_BS!S19)*360/'Prazo de receb-pgto_Pay&Rec'!K$4/4 -> 80.411743 | ... U7: =(BP_BS!AC8+BP_BS!AC19)*360/'Prazo de receb-pgto_Pay&Rec'!U$4/4 -> 81.232969
B8: Tributos a Recuperar | C8: Recoverable taxes | D8: =BP_BS!L9*360/'Prazo de receb-pgto_Pay&Rec'!D$4/4 -> 10.367455 | E8: =BP_BS!M9*360/'Prazo de receb-pgto_Pay&Rec'!E$4/4 -> 9.6688802 | F8: =BP_BS!N9*360/'Prazo de receb-pgto_Pay&Rec'!F$4/4 -> 10.531962 | G8: =BP_BS!O9*360/'Prazo de receb-pgto_Pay&Rec'!G$4/4 -> 10.934034 | H8: =BP_BS!P9*360/'Prazo de receb-pgto_Pay&Rec'!H$4/4 -> 11.400253 | I8: =BP_BS!Q9*360/'Prazo de receb-pgto_Pay&Rec'!I$4/4 -> 11.867776 | J8: =BP_BS!R9*360/'Prazo de receb-pgto_Pay&Rec'!J$4/4 -> 12.207825 | K8: =BP_BS!S9*360/'Prazo de receb-pgto_Pay&Rec'!K$4/4 -> 10.787969 | ... U8: =BP_BS!AC9*360/'Prazo de receb-pgto_Pay&Rec'!U$4/4 -> 8.0427011
B9: IR/CS a Recuperar | C9: Recoverable income tax and social contribution | D9: =BP_BS!L10*360/'Prazo de receb-pgto_Pay&Rec'!D$4/4 -> 6.5447009 | E9: =BP_BS!M10*360/'Prazo de receb-pgto_Pay&Rec'!E$4/4 -> 7.6381273 | F9: =BP_BS!N10*360/'Prazo de receb-pgto_Pay&Rec'!F$4/4 -> 7.3424422 | G9: =BP_BS!O10*360/'Prazo de receb-pgto_Pay&Rec'!G$4/4 -> 7.1074085 | H9: =BP_BS!P10*360/'Prazo de receb-pgto_Pay&Rec'!H$4/4 -> 7.2466077 | I9: =BP_BS!Q10*360/'Prazo de receb-pgto_Pay&Rec'!I$4/4 -> 8.3453983 | J9: =BP_BS!R10*360/'Prazo de receb-pgto_Pay&Rec'!J$4/4 -> 7.5446484 | K9: =BP_BS!S10*360/'Prazo de receb-pgto_Pay&Rec'!K$4/4 -> 7.3967695 | ... U9: =BP_BS!AC10*360/'Prazo de receb-pgto_Pay&Rec'!U$4/4 -> 5.0117187
B10: Outros Créditos | C10: Other Receivables | D10: =BP_BS!L11*360/'Prazo de receb-pgto_Pay&Rec'!D$4/4 -> 0.51880888 | E10: =BP_BS!M11*360/'Prazo de receb-pgto_Pay&Rec'!E$4/4 -> 0.4206886 | F10: =BP_BS!N11*360/'Prazo de receb-pgto_Pay&Rec'!F$4/4 -> 0.21293138 | G10: =BP_BS!O11*360/'Prazo de receb-pgto_Pay&Rec'!G$4/4 -> 0.15432075 | H10: =BP_BS!P11*360/'Prazo de receb-pgto_Pay&Rec'!H$4/4 -> 0.17116065 | I10: =BP_BS!Q11*360/'Prazo de receb-pgto_Pay&Rec'!I$4/4 -> 0.16389489 | J10: =BP_BS!R11*360/'Prazo de receb-pgto_Pay&Rec'!J$4/4 -> 0.163962 | K10: =BP_BS!S11*360/'Prazo de receb-pgto_Pay&Rec'!K$4/4 -> 5.3319535 | ... U10: =BP_BS!AC11*360/'Prazo de receb-pgto_Pay&Rec'!U$4/4 -> 2.8667139
B11: Adiantamentos | C11: Advanced payments | D11: =BP_BS!L12*360/'Prazo de receb-pgto_Pay&Rec'!D$4/4 -> 0.75014365 | E11: =BP_BS!M12*360/'Prazo de receb-pgto_Pay&Rec'!E$4/4 -> 0.74927066 | F11: =BP_BS!N12*360/'Prazo de receb-pgto_Pay&Rec'!F$4/4 -> 0.72206029 | G11: =BP_BS!O12*360/'Prazo de receb-pgto_Pay&Rec'!G$4/4 -> 0.45843619 | H11: =BP_BS!P12*360/'Prazo de receb-pgto_Pay&Rec'!H$4/4 -> 0.57995935 | I11: =BP_BS!Q12*360/'Prazo de receb-pgto_Pay&Rec'!I$4/4 -> 2.4337685 | J11: =BP_BS!R12*360/'Prazo de receb-pgto_Pay&Rec'!J$4/4 -> 4.5960372 | K11: =BP_BS!S12*360/'Prazo de receb-pgto_Pay&Rec'!K$4/4 -> 0 | ... U11: =BP_BS!AC12*360/'Prazo de receb-pgto_Pay&Rec'!U$4/4 -> 0
B12: Despesas antecipadas | C12: Prepaid Expenses | D12: =BP_BS!L13*360/'Prazo de receb-pgto_Pay&Rec'!D$4/4 -> 0.70084588 | E12: =BP_BS!M13*360/'Prazo de receb-pgto_Pay&Rec'!E$4/4 -> 0.8194124 | F12: =BP_BS!N13*360/'Prazo de receb-pgto_Pay&Rec'!F$4/4 -> 0.65273983 | G12: =BP_BS!O13*360/'Prazo de receb-pgto_Pay&Rec'!G$4/4 -> 0.56441856 | H12: =BP_BS!P13*360/'Prazo de receb-pgto_Pay&Rec'!H$4/4 -> 0.47727008 | I12: =BP_BS!Q13*360/'Prazo de receb-pgto_Pay&Rec'!I$4/4 -> 0.51237412 | J12: =BP_BS!R13*360/'Prazo de receb-pgto_Pay&Rec'!J$4/4 -> 0.45008235 | K12: =BP_BS!S13*360/'Prazo de receb-pgto_Pay&Rec'!K$4/4 -> 0 | ... U12: =BP_BS!AC13*360/'Prazo de receb-pgto_Pay&Rec'!U$4/4 -> 0
B13: Estoques | C13: Inventory | D13: =BP_BS!L14*360/'Prazo de receb-pgto_Pay&Rec'!D$4/4 -> 0.29479146 | E13: =BP_BS!M14*360/'Prazo de receb-pgto_Pay&Rec'!E$4/4 -> 0.28885935 | F13: =BP_BS!N14*360/'Prazo de receb-pgto_Pay&Rec'!F$4/4 -> 0.4531607 | G13: =BP_BS!O14*360/'Prazo de receb-pgto_Pay&Rec'!G$4/4 -> 0.43620415 | H13: =BP_BS!P14*360/'Prazo de receb-pgto_Pay&Rec'!H$4/4 -> 0.41364119 | I13: =BP_BS!Q14*360/'Prazo de receb-pgto_Pay&Rec'!I$4/4 -> 0.41078894 | J13: =BP_BS!R14*360/'Prazo de receb-pgto_Pay&Rec'!J$4/4 -> 0.37654083 | K13: =BP_BS!S14*360/'Prazo de receb-pgto_Pay&Rec'!K$4/4 -> 0.38494014 | ... U13: =BP_BS!AC14*360/'Prazo de receb-pgto_Pay&Rec'!U$4/4 -> 3.5582588
B14: Empréstimos a Receber | C14: Loans Receivable | D14: =BP_BS!L15*360/'Prazo de receb-pgto_Pay&Rec'!D$4/4 -> 0 | E14: =BP_BS!M15*360/'Prazo de receb-pgto_Pay&Rec'!E$4/4 -> 0 | F14: =BP_BS!N15*360/'Prazo de receb-pgto_Pay&Rec'!F$4/4 -> 0 | G14: =BP_BS!O15*360/'Prazo de receb-pgto_Pay&Rec'!G$4/4 -> 0 | H14: =BP_BS!P15*360/'Prazo de receb-pgto_Pay&Rec'!H$4/4 -> 0 | I14: =BP_BS!Q15*360/'Prazo de receb-pgto_Pay&Rec'!I$4/4 -> 0 | J14: =BP_BS!R15*360/'Prazo de receb-pgto_Pay&Rec'!J$4/4 -> 0 | K14: =BP_BS!S15*360/'Prazo de receb-pgto_Pay&Rec'!K$4/4 -> 0 | ... U14: =BP_BS!AC15*360/'Prazo de receb-pgto_Pay&Rec'!U$4/4 -> 0.10462531
B16: Prazo de Pagamento | C16: Payment Terms
B17: Arrendamento Mercantil - IFRS 16 | C17: Leases - IFRS 16 | D17: =BP_BS!L34*360/'Prazo de receb-pgto_Pay&Rec'!D$4/4 -> 0.77144729 | E17: =BP_BS!M34*360/'Prazo de receb-pgto_Pay&Rec'!E$4/4 -> 0.97276148 | F17: =BP_BS!N34*360/'Prazo de receb-pgto_Pay&Rec'!F$4/4 -> 1.148331 | G17: =BP_BS!O34*360/'Prazo de receb-pgto_Pay&Rec'!G$4/4 -> 1.0167717 | H17: =BP_BS!P34*360/'Prazo de receb-pgto_Pay&Rec'!H$4/4 -> 0.96689563 | I17: =BP_BS!Q34*360/'Prazo de receb-pgto_Pay&Rec'!I$4/4 -> 0.85209482 | J17: =BP_BS!R34*360/'Prazo de receb-pgto_Pay&Rec'!J$4/4 -> 1.4080395 | K17: =BP_BS!S34*360/'Prazo de receb-pgto_Pay&Rec'!K$4/4 -> 1.9891349 | ... U17: =BP_BS!AC34*360/'Prazo de receb-pgto_Pay&Rec'!U$4/4 -> 0.56074859
B18: Derivativos CP | C18: Short-Term Derivatives | D18: =BP_BS!L35*360/'Prazo de receb-pgto_Pay&Rec'!D$4/4 -> 0.4310162 | E18: =BP_BS!M35*360/'Prazo de receb-pgto_Pay&Rec'!E$4/4 -> 0.22777861 | F18: =BP_BS!N35*360/'Prazo de receb-pgto_Pay&Rec'!F$4/4 -> 0.4161082 | G18: =BP_BS!O35*360/'Prazo de receb-pgto_Pay&Rec'!G$4/4 -> 0.37454103 | H18: =BP_BS!P35*360/'Prazo de receb-pgto_Pay&Rec'!H$4/4 -> 0.37646796 | I18: =BP_BS!Q35*360/'Prazo de receb-pgto_Pay&Rec'!I$4/4 -> 0.4106855 | J18: =BP_BS!R35*360/'Prazo de receb-pgto_Pay&Rec'!J$4/4 -> 0.31614639 | K18: =BP_BS!S35*360/'Prazo de receb-pgto_Pay&Rec'!K$4/4 -> 0.33816173 | ... U18: =BP_BS!AC35*360/'Prazo de receb-pgto_Pay&Rec'!U$4/4 -> 1.2205242
B19: Fornecedores | C19: Trade payables | D19: =BP_BS!L36*360/'Prazo de receb-pgto_Pay&Rec'!D$4/4 -> 4.066635 | E19: =BP_BS!M36*360/'Prazo de receb-pgto_Pay&Rec'!E$4/4 -> 4.0693532 | F19: =BP_BS!N36*360/'Prazo de receb-pgto_Pay&Rec'!F$4/4 -> 3.8176694 | G19: =BP_BS!O36*360/'Prazo de receb-pgto_Pay&Rec'!G$4/4 -> 4.5163623 | H19: =BP_BS!P36*360/'Prazo de receb-pgto_Pay&Rec'!H$4/4 -> 3.943282 | I19: =BP_BS!Q36*360/'Prazo de receb-pgto_Pay&Rec'!I$4/4 -> 2.7309723 | J19: =BP_BS!R36*360/'Prazo de receb-pgto_Pay&Rec'!J$4/4 -> 4.5936406 | K19: =BP_BS!S36*360/'Prazo de receb-pgto_Pay&Rec'!K$4/4 -> 5.4411554 | ... U19: =BP_BS!AC36*360/'Prazo de receb-pgto_Pay&Rec'!U$4/4 -> 8.6900274
B20: Salários e Encargos sociais | C20: Payroll and social charges | D20: =BP_BS!L37*360/'Prazo de receb-pgto_Pay&Rec'!D$4/4 -> 38.500032 | E20: =BP_BS!M37*360/'Prazo de receb-pgto_Pay&Rec'!E$4/4 -> 41.548096 | F20: =BP_BS!N37*360/'Prazo de receb-pgto_Pay&Rec'!F$4/4 -> 42.837892 | G20: =BP_BS!O37*360/'Prazo de receb-pgto_Pay&Rec'!G$4/4 -> 35.033201 | H20: =BP_BS!P37*360/'Prazo de receb-pgto_Pay&Rec'!H$4/4 -> 36.197183 | I20: =BP_BS!Q37*360/'Prazo de receb-pgto_Pay&Rec'!I$4/4 -> 38.423611 | J20: =BP_BS!R37*360/'Prazo de receb-pgto_Pay&Rec'!J$4/4 -> 41.654564 | K20: =BP_BS!S37*360/'Prazo de receb-pgto_Pay&Rec'!K$4/4 -> 35.320214 | ... U20: =BP_BS!AC37*360/'Prazo de receb-pgto_Pay&Rec'!U$4/4 -> 38.254321
B21: IR e CSLL a Recolher | C21: Income Tax and Social Contribution Payable | D21: =BP_BS!L38*360/'Prazo de receb-pgto_Pay&Rec'!D$4/4 -> 1.296619 | E21: =BP_BS!M38*360/'Prazo de receb-pgto_Pay&Rec'!E$4/4 -> 1.824939 | F21: =BP_BS!N38*360/'Prazo de receb-pgto_Pay&Rec'!F$4/4 -> 1.5090645 | G21: =BP_BS!O38*360/'Prazo de receb-pgto_Pay&Rec'!G$4/4 -> 2.3859973 | H21: =BP_BS!P38*360/'Prazo de receb-pgto_Pay&Rec'!H$4/4 -> 1.5991966 | I21: =BP_BS!Q38*360/'Prazo de receb-pgto_Pay&Rec'!I$4/4 -> 3.6190668 | J21: =BP_BS!R38*360/'Prazo de receb-pgto_Pay&Rec'!J$4/4 -> 1.9554924 | K21: =BP_BS!S38*360/'Prazo de receb-pgto_Pay&Rec'!K$4/4 -> 1.0303189 | ... U21: =BP_BS!AC38*360/'Prazo de receb-pgto_Pay&Rec'!U$4/4 -> 0.23244631
B22: Obrigações Tributárias | C22: Tax Liabilities | D22: =BP_BS!L39*360/'Prazo de receb-pgto_Pay&Rec'!D$4/4 -> 4.3822243 | E22: =BP_BS!M39*360/'Prazo de receb-pgto_Pay&Rec'!E$4/4 -> 5.5060856 | F22: =BP_BS!N39*360/'Prazo de receb-pgto_Pay&Rec'!F$4/4 -> 5.9296252 | G22: =BP_BS!O39*360/'Prazo de receb-pgto_Pay&Rec'!G$4/4 -> 5.6015319 | H22: =BP_BS!P39*360/'Prazo de receb-pgto_Pay&Rec'!H$4/4 -> 5.474577 | I22: =BP_BS!Q39*360/'Prazo de receb-pgto_Pay&Rec'!I$4/4 -> 3.6974453 | J22: =BP_BS!R39*360/'Prazo de receb-pgto_Pay&Rec'!J$4/4 -> 3.7808835 | K22: =BP_BS!S39*360/'Prazo de receb-pgto_Pay&Rec'!K$4/4 -> 3.8229806 | ... U22: =BP_BS!AC39*360/'Prazo de receb-pgto_Pay&Rec'!U$4/4 -> 3.9018683
B23: Parcelamento de Tributos | C23: Tax Installment Plans | D23: =BP_BS!L40*360/'Prazo de receb-pgto_Pay&Rec'!D$4/4 -> 0.8315119 | E23: =BP_BS!M40*360/'Prazo de receb-pgto_Pay&Rec'!E$4/4 -> 0.75521693 | F23: =BP_BS!N40*360/'Prazo de receb-pgto_Pay&Rec'!F$4/4 -> 0.77454207 | G23: =BP_BS!O40*360/'Prazo de receb-pgto_Pay&Rec'!G$4/4 -> 0.79159087 | H23: =BP_BS!P40*360/'Prazo de receb-pgto_Pay&Rec'!H$4/4 -> 0.79943807 | I23: =BP_BS!Q40*360/'Prazo de receb-pgto_Pay&Rec'!I$4/4 -> 0.75899232 | J23: =BP_BS!R40*360/'Prazo de receb-pgto_Pay&Rec'!J$4/4 -> 0.7481515 | K23: =BP_BS!S40*360/'Prazo de receb-pgto_Pay&Rec'!K$4/4 -> 0.68744472 | ... U23: =BP_BS!AC40*360/'Prazo de receb-pgto_Pay&Rec'!U$4/4 -> 0.52964483
B24: Aquisição de controladas | C24: Acquisition of Subsidiaries | D24: =BP_BS!L41*360/'Prazo de receb-pgto_Pay&Rec'!D$4/4 -> 3.8958834 | E24: =BP_BS!M41*360/'Prazo de receb-pgto_Pay&Rec'!E$4/4 -> 4.205632 | F24: =BP_BS!N41*360/'Prazo de receb-pgto_Pay&Rec'!F$4/4 -> 3.3771933 | G24: =BP_BS!O41*360/'Prazo de receb-pgto_Pay&Rec'!G$4/4 -> 3.503139 | H24: =BP_BS!P41*360/'Prazo de receb-pgto_Pay&Rec'!H$4/4 -> 4.6422385 | I24: =BP_BS!Q41*360/'Prazo de receb-pgto_Pay&Rec'!I$4/4 -> 3.9276499 | J24: =BP_BS!R41*360/'Prazo de receb-pgto_Pay&Rec'!J$4/4 -> 5.1245228 | K24: =BP_BS!S41*360/'Prazo de receb-pgto_Pay&Rec'!K$4/4 -> 4.7547789 | ... U24: =BP_BS!AC41*360/'Prazo de receb-pgto_Pay&Rec'!U$4/4 -> 2.6897611
B25: Dividendos a Pagar | C25: Dividends Payable | D25: =BP_BS!L42*360/'Prazo de receb-pgto_Pay&Rec'!D$4/4 -> 0 | E25: =BP_BS!M42*360/'Prazo de receb-pgto_Pay&Rec'!E$4/4 -> 0 | F25: =BP_BS!N42*360/'Prazo de receb-pgto_Pay&Rec'!F$4/4 -> 0 | G25: =BP_BS!O42*360/'Prazo de receb-pgto_Pay&Rec'!G$4/4 -> 4.4432211 | H25: =BP_BS!P42*360/'Prazo de receb-pgto_Pay&Rec'!H$4/4 -> 4.3693499 | I25: =BP_BS!Q42*360/'Prazo de receb-pgto_Pay&Rec'!I$4/4 -> 0.0050344318 | J25: =BP_BS!R42*360/'Prazo de receb-pgto_Pay&Rec'!J$4/4 -> 0.053683944 | K25: =BP_BS!S42*360/'Prazo de receb-pgto_Pay&Rec'!K$4/4 -> 6.7573912 | ... U25: =BP_BS!AC42*360/'Prazo de receb-pgto_Pay&Rec'!U$4/4 -> 0.044199055
B26: Outras Contas a Pagar | C26: Other Accounts Payable | D26: =BP_BS!L43*360/'Prazo de receb-pgto_Pay&Rec'!D$4/4 -> 1.3213129 | E26: =BP_BS!M43*360/'Prazo de receb-pgto_Pay&Rec'!E$4/4 -> 0.92689024 | F26: =BP_BS!N43*360/'Prazo de receb-pgto_Pay&Rec'!F$4/4 -> 0.99344487 | G26: =BP_BS!O43*360/'Prazo de receb-pgto_Pay&Rec'!G$4/4 -> 1.4325543 | H26: =BP_BS!P43*360/'Prazo de receb-pgto_Pay&Rec'!H$4/4 -> 1.2213756 | I26: =BP_BS!Q43*360/'Prazo de receb-pgto_Pay&Rec'!I$4/4 -> 1.4144684 | J26: =BP_BS!R43*360/'Prazo de receb-pgto_Pay&Rec'!J$4/4 -> 1.3158044 | K26: =BP_BS!S43*360/'Prazo de receb-pgto_Pay&Rec'!K$4/4 -> 1.8206824 | ... U26: =BP_BS!AC43*360/'Prazo de receb-pgto_Pay&Rec'!U$4/4 -> 2.4323378
B29: Obs.: Sem ajustes de aquisições | C29: Obs.: No adjustments for acquisitions
